Workbook
Name ACTION_FRACTION: #REF!
Name Cost_Scenario: #REF!
Name County: #REF!
Name Countylookup: #REF!
Name Discount_Rate: #REF!
Name Elec_EndUse: #REF!
Name Elec_GWh: #REF!
Name Elec_GWh_17: #REF!
Name Elec_GWh_28: #REF!
Name Elec_GWh_46: #REF!
Name ELEC_Par_17: #REF!
Name ELEC_Par_28: #REF!
Name ELEC_Par_46: #REF!
Name ELEC_Par_EI_17: #REF!
Name ELEC_Par_EI_28: #REF!
Name ELEC_Par_EI_46: #REF!
Name Electric: #REF!
Name Electric: #REF!
Name Electric_only: #REF!
Name Electric_only: #REF!
Name Electricity_Escalation_Rate: #REF!
Name Gas_EndUse: #REF!
Name Gas_MMTherm: #REF!
Name Gas_MMTherm_17: #REF!
Name Gas_MMTherm_28: #REF!
Name Gas_MMTherm_46: #REF!
Name GAS_Par_17: #REF!
Name GAS_Par_28: #REF!
Name GAS_Par_46: #REF!
Name GAS_Par_EI_17: #REF!
Name GAS_Par_EI_28: #REF!
Name GAS_Par_EI_46: #REF!
Name Global_IEPR: #REF!
Name Indy_GSP: #REF!
Name Interest_Rate: #REF!
Name Leverage: #REF!
Name Loan_Term: #REF!
Name Match_Elec_EndUse: #REF!
Name Match_Elec_GWh: #REF!
Name Match_Gas_EndUse: #REF!
Name Match_Gas_MMTherm: #REF!
Name Match_Indy_GSP: #REF!
Name MDATable1: #REF!
Name MDATable2: #REF!
Name Net_Project_Cost: #REF!
Name Nominal_Payback_Period: #REF!
Name NResSavTable: #REF!
Name P5_: #REF!
Name PA_NAME: #REF!
Name PA_NAME: #REF!
Name ResSavTable1: #REF!
Name ResSavTable2: #REF!
Name RPT_YEAR: #REF!
Name RPT_YEAR: #REF!
Name Savings_Degredation_Rate: #REF!
Name SCGAggEnd: #REF!
Name SCGAggEnd: #REF!
Name SCGMktSector: #REF!
Name SCGMktSector: #REF!
Name SCGPgmSum: #REF!

Sheet Read Me
B2: California Public Utilities Commission
B3: Business Plan Application Template
B7: Updated: | C7: July, 2025 | F7: WORKBOOK DROPDOWN MENU CONTROL
B9: General Instructions for Completing the Tables: | F9: Target Exempt | G9: PA | H9: Program Implementer | I9: Sector | J9: Program Category | K9: Program Segment | L9: Program Changes Reason
B10: SDG&E | C10: Input your PA name here. This will appear on all tabs. | F10: Yes | G10: PG&E | H10: IOU Core | I10: Residential | J10: Emerging Tech | K10: Resource Acquisition | L10: Programs to be closed with the disposition of 2028-2035 EE Application
B11: 2028-2035 | C11: Input your reference years here. This will appear on all tabs | F11: No | G11: SCE | H11: Third Party | I11: Commercial | J11: WE&T | K11: Market Support | L11: Programs to be closed upon completion of commitments
C12: All currency will be reported to the dollar, i.e., $0. | G12: SoCalGas | H12: REN/CCA | I12: Industrial | J12: Financing | K12: Equity | L12: Programs with reduced budgets (>40% budget decrease)
C13: Follow the legend to guide the input of various data requirements. | G13: SDG&E | I13: Agricultural | J13: Market Transformation | K13: Codes & Standards | L13: Programs with enhanced budgets (>40% budget increase)
C14: When adding rows, ensure all formulas are copied. | G14: BayRen | I14: Public | J14: Other | K14: EM&V | L14: Programs that are new in 2028 or beyond
C15: All tables totals should be recalculated to ensure footing/cross footing accuracy. | I15: Cross Cutting | J15: New Construction | L15: Programs with Third-Party Contracts that Sunset in 2028-2031
C16: Be mindful of print area to ensure footnotes are included when added. | I16: Portfolio Support | J16: Marketing Education & Outreach
C17: Review the legend at the bottom of the the Read Me. | J17: Energy Savings Assistance
J18: Codes & Standards
B19: Description | J19: EM&V
B20: This workbook supports the development and submission of CPUC Business Plan Application by providing a standardized template for organizing key programmatic, budgetary, and analytical information. Each Tab plans a specific role in collecting, processing, and summarizing relevant data to meet submission and regulatory requirements.
B22: Workbook Tab Definitions
B23: Function Definitions | C23: This tab provides a detailed breakdown of functional categories and definitions used to allocate and report energy efficiency program costs across planning, implementation, compliance, engineering, analytics, marketing, IT, and incentive functions.
B24: 0 Validations | C24: Provides a summary of key budget, revenue requirement, and cost category comparisons across the workbook, highlighting differences to ensure consistency between spending requests, cost recovery, and functional allocations.
B25: 1 Participant Bill Impacts | C25: Calculates estimated average annual and lifecycle bill savings for participating customers by applying electric and gas rates to forecasted program energy savings.
B26: 2 Rate Impacts | C26: Presents the projected changes in electric and gas revenues, rates, and the energy efficiency portion of rates by customer class, illustrating the impact of proposed energy efficiency investments on utility bills.
B27: 3.1 Funding Category | C27: Summarizes funding sources and budget allocations for electric and gas programs, including procurement and revenue requirements, across various program administrators and utilities.
B28: 3.2 Funding - CCA_REN only | C28: Tracks annual electric and gas energy efficiency funds allocated by IOUs to RENs and CCAs from 2028–2035.
B29: 4.1 Program Budget 2028-2031 | C29: Outlines portfolio budget requests, spending, unspent and carryover balances, and cost components for your utility energy efficiency portfolio, including EM&V, ME&O, ESA, and financing pilots.
B30: 4.2 Sector Seg Budget 2032-2035 | C30: Details annual budget requests, energy savings, and emissions impacts by sector and program segment to support portfolio planning from 2028–2035.
B31: 4.3 TSB and C&S Budget 2032-2035 | C31: Compares business plan forecasts to CPUC goals for 2028–2035, including Total System Benefit and energy savings metrics for incentive programs and codes & standards.
B32: Budget Filing Data | C32: Contains raw budget filing data from CEDARS and CET grouped by Year, PA, Program ID, Program Name, Program Group, Primary Sector, Statewide Program, Program Category, Program Implementer, Filing Year Quarter, Program Segment and Program Status. Also includes calculations of interim steps related to cost-effectiveness metrics.
B33: 6 Statewide Programs | C33: Outlines statewide energy efficiency programs, including total contract budgets, proportional funding contributions, and administrative costs allocated across IOUs based on electric and gas load shares.
B34: 7 PA PY Budget | C34: Summarizes annual cost recovery requests (2028–2031) for IOUs, RENs, and CCAs, including EM&V, oversight, and offsets from unspent funds.
... B38: 11 Program Cards | C38: Flat file version of the program card tables in the narrative. Pas can use this template to populate the narrative.
B40: Legend
B41: Solid Gray, black font | C41: This cell style indicates a formula that should not be edited by the user.
B42: Solid Blue, blue font | C42: This cell style indicates a data input cell that should be edited by the user.
B43: Solid Gold, black font | C43: This cell style indicates the cell is a header/footer, no data input cell.
B44: Solid Green, black font | C44: This cell style indicates the aggregated data could come from record level budget filing (posted in CEDARS) or from the aggregated data described in the "Raw Budget Filing Data" tab.

Sheet Function Definitions
B2: Description | C2: This tab provides a detailed breakdown of functional categories and definitions used to allocate and report energy efficiency program costs across planning, implementation, compliance, engineering, analytics, marketing, IT, and incentive functions.
B4: Instructions | C4: Review table to familiarize yourself with functions definitions.
B6: PA Name: | C6: ='Read Me'!B10 -> SDG&E
B7: Budget Year: | C7: ='Read Me'!B11 -> 2028-2035
B9: FUNCTION DEFINITIONS
B10: Aggregated Category | C10: Definition | D10: Functional Category | E10: Detailed Definition
B11: Policy, Strategy, and Regulatory Reporting Compliance | C11: Includes policy, strategy, compliance, audits and regulatory support | D11: Planning & Compliance | E11: DSM Goal Planning; lead legislative review/positioning; policy support on reg proceedings; portfolio optimization; end use-market strategy; DSM lead for PRP, DRP, ES; locational targeting; audit support; SOX certifications; developing control plans; developing action plans; continuous monitoring; inspections; program/product QA/QC; decision compliance oversight/tracking; data requests; policies & procedures
D12: Company Regulatory Support | E12: Case management for EE proceedings
B13: Program management | C13: Includes labor, contracts, admin costs for program design, program implementation, product and channel management for all sectors | D13: Program Management & Delivery | E13: Market Segment & Locational Resource programs; Business Core & Finance Programs; Large Power DR Programs; Non-Res HVAC & Technical Services; Program Integration & Optimization; Residential EE & DR Programs (incl. Res HVAC QI); IQP & Economic Assistance Programs; Mass Market DR Programs; Education & Information Products & Services; Energy Leader Partnerships; Institutional & Federal Partnerships; REN Coordination; Strategic Plan Support; Energy/Water Program Mgt; Service Level Agreement Tracking
D14: Product Management | E14: Manage end-to-end new products and services (P&S) intake, evaluation, and launch process; develop and facilitate P&S governance teams, coordination of all sub-process owners, stakeholders, and technical resources required to evaluate and launch new products; evaluate and launch new services and OOR opportunities; develop external partnerships & strategic alliances; work with various companies and associations to help advance standards, products, and tech.; work with external experts to help reduce SCE costs to deliver new prog. and products; develop and launch new customer technologies, products, services for residential and business customers; conduct customer pilots of new technologies and programs; lead customer field demonstrations of new technologies and products; align new P&S to savings programs/incentives; develop new programs/incentives in support of savings goals
D15: Channel Management
D16: Contract Management | E16: Budget forecasting, spend tracking, invoice processing, and contract management with vendors and suppliers; Regulatory support for ME&O activities
B17: Engineering Services | C17: Includes engineering, project management, and contracts associated with workpaper development and pre/post sales project technical reviews and design assistance | D17: Custom project support | E17: Management of Emerging Products projects; Customized reviews; LCR/RFO support; Ex-ante review management; Technical policy support; Technical assessments; Workpapers; Tool development; End use subject matter expertise
D18: Deemed workpapers
D19: Project management
B20: Customer Application/Rebate and Incentive Processing | C20: Costs associated with application management and rebate and incentive processing (deemed and custom) | D20: Rebate & Application Processing
B21: Inspections | C21: Costs associated with project inspections | D21: Inspections
B22: Portfolio Analytics | C22: Includes analytics support, including internal performance reporting and external reporting | D22: Data analytics | E22: Data development for programs, products and services; Standard and ad hoc data extracts for internal and external clients ; Database management; CPUC, CAISO reporting; Data reconciliation; E3 support ; Compliance filing support; Funding Oversight; ESPI support; Program Results Data & Performance
B24: EM&V | C24: EM&V expenditures | D24: EM&V Studies | E24: Program and product review; manage evaluation studies
D25: EM&V Forecasting | E25: EE lead for LTPP and IEPR; market potential study; integration w/ procurement planning; CPUC Demand Analysis Working Group
B26: ME&O | C26: Costs associated with utility EE marketing; no statewide; focus on outsourced portion | D26: Marketing | E26: Customer Programs, Products, and Services Marketing; Digital Product Development; Digital Content & Optimization
D27: Customer insights | E27: Voice of the Customer; Customer satisfaction study measurement and analysis (JD Power, SDS); Customer testing/research
B28: Account Management / Sales | C28: Costs associated with account rep energy efficiency sales functions | D28: Account Management
B29: IT | C29: IT project specific costs and regular O&M | D29: IT - project specific | E29: Projects and minor enhancements. Includes project management/business integration ("PMO/BID"). Excluded: maintenance (which SCE defines as when something goes down, normal batch processing, verifying interfaces, etc.).
D30: IT - regular O&M
B31: Call Center | C31: Costs associated with call center staff fielding EE program questions | D31: Call Center
B32: Incentives | C32: Costs of rebate and incentive payments to customers | D32: Incentives

Sheet 0 Validations
B2: Description | C2: Provides a summary of key budget, revenue requirement, and cost category comparisons across the workbook, highlighting differences to ensure consistency between spending requests, cost recovery, and functional allocations.
B4: Instructions | C4: No entry required. Review summary tables after completing workbook.
B6: PA Name: | C6: ='Read Me'!B10 -> SDG&E
B7: Budget Year: | C7: ='Read Me'!B11 -> 2028-2035
C9: Spending Budget Comparison [1] | D9: 2028 | E9: =+D9+1 -> 2029 | F9: =+E9+1 -> 2030 | G9: =+F9+1 -> 2031 | H9: =+G9+1 -> 2032 | I9: =+H9+1 -> 2033 | J9: =+I9+1 -> 2034 | K9: =+J9+1 -> 2035
C10: Tab 3.1 - PA Spending Budget Request (PA Program and EM&V) | D10: =SUMIFS('3.1 Funding Category'!$D$10:$D$97, '3.1 Funding Category'!$C$10:$C$97, '3.1 Funding Category'!$C$10, '3.1 Funding Category'!$B$10:$B$97, '0 Validations'!D9)+ SUMIFS('3.1 Funding Category'!$D$10:$D$97, '3.1 Funding Category'!$C$10:$C$97, '3.1 Funding Category'!$C$18, '3.1 Funding Category'!$B$10:$B$97, '0 Validations'!D9) -> 68428098 | E10: =SUMIFS('3.1 Funding Category'!$D$10:$D$97, '3.1 Funding Category'!$C$10:$C$97, '3.1 Funding Category'!$C$10, '3.1 Funding Category'!$B$10:$B$97, '0 Validations'!E9)+ SUMIFS('3.1 Funding Category'!$D$10:$D$97, '3.1 Funding Category'!$C$10:$C$97, '3.1 Funding Category'!$C$18, '3.1 Funding Category'!$B$10:$B$97, '0 Validations'!E9) -> 67760602 | F10: =SUMIFS('3.1 Funding Category'!$D$10:$D$97, '3.1 Funding Category'!$C$10:$C$97, '3.1 Funding Category'!$C$10, '3.1 Funding Category'!$B$10:$B$97, '0 Validations'!F9)+ SUMIFS('3.1 Funding Category'!$D$10:$D$97, '3.1 Funding Category'!$C$10:$C$97, '3.1 Funding Category'!$C$18, '3.1 Funding Category'!$B$10:$B$97, '0 Validations'!F9) -> 68776560 | G10: =SUMIFS('3.1 Funding Category'!$D$10:$D$97, '3.1 Funding Category'!$C$10:$C$97, '3.1 Funding Category'!$C$10, '3.1 Funding Category'!$B$10:$B$97, '0 Validations'!G9)+ SUMIFS('3.1 Funding Category'!$D$10:$D$97, '3.1 Funding Category'!$C$10:$C$97, '3.1 Funding Category'!$C$18, '3.1 Funding Category'!$B$10:$B$97, '0 Validations'!G9) -> 71832337 | H10: =SUMIFS('3.1 Funding Category'!$D$10:$D$97, '3.1 Funding Category'!$C$10:$C$97, '3.1 Funding Category'!$C$10, '3.1 Funding Category'!$B$10:$B$97, '0 Validations'!H9)+ SUMIFS('3.1 Funding Category'!$D$10:$D$97, '3.1 Funding Category'!$C$10:$C$97, '3.1 Funding Category'!$C$18, '3.1 Funding Category'!$B$10:$B$97, '0 Validations'!H9) -> 71832337 | I10: =SUMIFS('3.1 Funding Category'!$D$10:$D$97, '3.1 Funding Category'!$C$10:$C$97, '3.1 Funding Category'!$C$10, '3.1 Funding Category'!$B$10:$B$97, '0 Validations'!I9)+ SUMIFS('3.1 Funding Category'!$D$10:$D$97, '3.1 Funding Category'!$C$10:$C$97, '3.1 Funding Category'!$C$18, '3.1 Funding Category'!$B$10:$B$97, '0 Validations'!I9) -> 71832337 | J10: =SUMIFS('3.1 Funding Category'!$D$10:$D$97, '3.1 Funding Category'!$C$10:$C$97, '3.1 Funding Category'!$C$10, '3.1 Funding Category'!$B$10:$B$97, '0 Validations'!J9)+ SUMIFS('3.1 Funding Category'!$D$10:$D$97, '3.1 Funding Category'!$C$10:$C$97, '3.1 Funding Category'!$C$18, '3.1 Funding Category'!$B$10:$B$97, '0 Validations'!J9) -> 71832337 | K10: =SUMIFS('3.1 Funding Category'!$D$10:$D$97, '3.1 Funding Category'!$C$10:$C$97, '3.1 Funding Category'!$C$10, '3.1 Funding Category'!$B$10:$B$97, '0 Validations'!K9)+ SUMIFS('3.1 Funding Category'!$D$10:$D$97, '3.1 Funding Category'!$C$10:$C$97, '3.1 Funding Category'!$C$18, '3.1 Funding Category'!$B$10:$B$97, '0 Validations'!K9) -> 71832337
C11: Tab 4.1 & 4.2 - PA Spending Budget Request (PA Program and EM&V) | D11: =SUMIFS('4.1 Program Budget 2028-2031'!$N$16:$N$303, '4.1 Program Budget 2028-2031'!$M$16:$M$303, '0 Validations'!D9) -> 68428098 | E11: =SUMIFS('4.1 Program Budget 2028-2031'!$N$16:$N$303, '4.1 Program Budget 2028-2031'!$M$16:$M$303, '0 Validations'!E9) -> 67760602 | F11: =SUMIFS('4.1 Program Budget 2028-2031'!$N$16:$N$303, '4.1 Program Budget 2028-2031'!$M$16:$M$303, '0 Validations'!F9) -> 68776560 | G11: =SUMIFS('4.1 Program Budget 2028-2031'!$N$16:$N$303, '4.1 Program Budget 2028-2031'!$M$16:$M$303, '0 Validations'!G9) -> 71832337 | H11: =SUMIFS('4.2 Sector Seg Budget 2032-2035'!$F$13:$F$108, '4.2 Sector Seg Budget 2032-2035'!$E$13:$E$108, '0 Validations'!H9) -> 71832337 | I11: =SUMIFS('4.2 Sector Seg Budget 2032-2035'!$F$13:$F$108, '4.2 Sector Seg Budget 2032-2035'!$E$13:$E$108, '0 Validations'!I9) -> 71832337 | J11: =SUMIFS('4.2 Sector Seg Budget 2032-2035'!$F$13:$F$108, '4.2 Sector Seg Budget 2032-2035'!$E$13:$E$108, '0 Validations'!J9) -> 71832337 | K11: =SUMIFS('4.2 Sector Seg Budget 2032-2035'!$F$13:$F$108, '4.2 Sector Seg Budget 2032-2035'!$E$13:$E$108, '0 Validations'!K9) -> 71832337
C12: Tab 7 - PA Spending Budget Request (PA Program and EM&V) | D12: =SUMIFS('7 PA PY Budget'!$J$9:$J$60, '7 PA PY Budget'!$D$9:$D$60, '0 Validations'!$C$6, '7 PA PY Budget'!$C$9:$C$60, '0 Validations'!D9)-'7 PA PY Budget'!F9 -> 68428098 | E12: =SUMIFS('7 PA PY Budget'!$J$9:$J$60, '7 PA PY Budget'!$D$9:$D$60, '0 Validations'!$C$6, '7 PA PY Budget'!$C$9:$C$60, '0 Validations'!E9)-'7 PA PY Budget'!F22 -> 67760602 | F12: =SUMIFS('7 PA PY Budget'!$J$9:$J$60, '7 PA PY Budget'!$D$9:$D$60, '0 Validations'!$C$6, '7 PA PY Budget'!$C$9:$C$60, '0 Validations'!F9)-'7 PA PY Budget'!F35 -> 68776560 | G12: =SUMIFS('7 PA PY Budget'!$J$9:$J$60, '7 PA PY Budget'!$D$9:$D$60, '0 Validations'!$C$6, '7 PA PY Budget'!$C$9:$C$60, '0 Validations'!G9)-'7 PA PY Budget'!F48 -> 71832337
C13: Tab 8 - PA Spending Budget Request (PA Program and EM&V) | D13: =SUMIFS('8 Cap & Target '!$G$32:$G$111, '8 Cap & Target '!$D$32:$D$111, '8 Cap & Target '!$D$47, '8 Cap & Target '!$B$32:$B$111, D9) -> 68428098 | E13: =SUMIFS('8 Cap & Target '!$G$32:$G$111, '8 Cap & Target '!$D$32:$D$111, '8 Cap & Target '!$D$47, '8 Cap & Target '!$B$32:$B$111, E9) -> 67760602 | F13: =SUMIFS('8 Cap & Target '!$G$32:$G$111, '8 Cap & Target '!$D$32:$D$111, '8 Cap & Target '!$D$47, '8 Cap & Target '!$B$32:$B$111, F9) -> 68776560 | G13: =SUMIFS('8 Cap & Target '!$G$32:$G$111, '8 Cap & Target '!$D$32:$D$111, '8 Cap & Target '!$D$47, '8 Cap & Target '!$B$32:$B$111, G9) -> 71832337
C14: Tab 9 - PA Spending Budget Request (PA Program and EM&V) | D14: ='9 Portfolio FTE and Budget'!E52 -> 68428098 | E14: ='9 Portfolio FTE and Budget'!F52 -> 67760602 | F14: ='9 Portfolio FTE and Budget'!G52 -> 68776560 | G14: ='9 Portfolio FTE and Budget'!H52 -> 71832337
C15: Difference | D15: =IF(AND(D10=D11,D12=D13,D14=D13,D12=D11,D10=D14,D11=D13)=TRUE,0,"ERROR") -> 0 | E15: =IF(AND(E10=E11,E12=E13,E14=E13,E12=E11,E10=E14,E11=E13)=TRUE,0,"ERROR") -> 0 | F15: =IF(AND(F10=F11,F12=F13,F14=F13,F12=F11,F10=F14,F11=F13)=TRUE,0,"ERROR") -> 0 | G15: =IF(AND(G10=G11,G12=G13,G14=G13,G12=G11,G10=G14,G11=G13)=TRUE,0,"ERROR") -> 0 | H15: =IF(AND(H10=H11)=TRUE,0,"ERROR") -> 0 | I15: =IF(AND(I10=I11)=TRUE,0,"ERROR") -> 0 | J15: =IF(AND(J10=J11)=TRUE,0,"ERROR") -> 0 | K15: =IF(AND(K10=K11)=TRUE,0,"ERROR") -> 0
C17: Revenue Requirement or Cost Recovery Comparison | D17: =LEFT($C$7,4) -> 2028 | E17: =+D17+1 -> 2029 | F17: =+E17+1 -> 2030 | G17: =+F17+1 -> 2031 | H17: =+G17+1 -> 2032 | I17: =+H17+1 -> 2033 | J17: =+I17+1 -> 2034 | K17: =+J17+1 -> 2035
C18: Tab 3.1 - PA Revenue Requirement Request (Cost Recovery) | D18: ='3.1 Funding Category'!$D90 -> 1.0974712e+08 | E18: ='3.1 Funding Category'!$D91 -> 1.1072842e+08 | F18: ='3.1 Funding Category'!$D92 -> 1.1345911e+08 | G18: ='3.1 Funding Category'!$D93 -> 1.1829823e+08 | H18: ='3.1 Funding Category'!$D94 -> 1.1968923e+08 | I18: ='3.1 Funding Category'!$D95 -> 1.2112196e+08 | J18: ='3.1 Funding Category'!$D96 -> 1.2259767e+08 | K18: ='3.1 Funding Category'!$D97 -> 1.2411766e+08
D20: 2028 | H20: =+D20+1 -> 2029 | L20: =+H20+1 -> 2030 | P20: =+L20+1 -> 2031 | T20: =+P20+1 -> 2032 | X20: =+T20+1 -> 2033 | AB20: =+X20+1 -> 2034 | AF20: =+AB20+1 -> 2035
C21: Program Budget by Cost Category [1] | D21: Admin | E21: Mktg | F21: DINI | G21: DI Incentive | H21: Admin | I21: Mktg | J21: DINI | K21: DI Incentive | L21: Admin | M21: Mktg | N21: DINI | O21: DI Incentive | P21: Admin | Q21: Mktg | R21: DINI | S21: DI Incentive | T21: Admin | U21: Mktg | V21: DINI | W21: DI Incentive | X21: Admin | Y21: Mktg | Z21: DINI | AA21: DI Incentive | AB21: Admin | AC21: Mktg | AD21: DINI | AE21: DI Incentive | AF21: Admin | AG21: Mktg | AH21: DINI | AI21: DI Incentive
C22: Tab 4.1 - Program Budgets | D22: =SUMIFS('4.1 Program Budget 2028-2031'!O$16:O$303, '4.1 Program Budget 2028-2031'!$M$16:$M$303, $D$20) -> 11531866 | E22: =SUMIFS('4.1 Program Budget 2028-2031'!P$16:P$303, '4.1 Program Budget 2028-2031'!$M$16:$M$303, $D$20) -> 2157335 | F22: =SUMIFS('4.1 Program Budget 2028-2031'!Q$16:Q$303, '4.1 Program Budget 2028-2031'!$M$16:$M$303, $D$20) -> 26743138 | G22: =SUMIFS('4.1 Program Budget 2028-2031'!R$16:R$303, '4.1 Program Budget 2028-2031'!$M$16:$M$303, $D$20) -> 27995759 | H22: =SUMIFS('4.1 Program Budget 2028-2031'!O$16:O$303, '4.1 Program Budget 2028-2031'!$M$16:$M$303, $H$20) -> 10787901 | I22: =SUMIFS('4.1 Program Budget 2028-2031'!P$16:P$303, '4.1 Program Budget 2028-2031'!$M$16:$M$303, $H$20) -> 2206680.9 | J22: =SUMIFS('4.1 Program Budget 2028-2031'!Q$16:Q$303, '4.1 Program Budget 2028-2031'!$M$16:$M$303, $H$20) -> 27246347 | K22: =SUMIFS('4.1 Program Budget 2028-2031'!R$16:R$303, '4.1 Program Budget 2028-2031'!$M$16:$M$303, $H$20) -> 27519673 | L22: =SUMIFS('4.1 Program Budget 2028-2031'!O$16:O$303, '4.1 Program Budget 2028-2031'!$M$16:$M$303, $L$20) -> 11047131 | M22: =SUMIFS('4.1 Program Budget 2028-2031'!P$16:P$303, '4.1 Program Budget 2028-2031'!$M$16:$M$303, $L$20) -> 2200556.1 | N22: =SUMIFS('4.1 Program Budget 2028-2031'!Q$16:Q$303, '4.1 Program Budget 2028-2031'!$M$16:$M$303, $L$20) -> 28027410 | O22: =SUMIFS('4.1 Program Budget 2028-2031'!R$16:R$303, '4.1 Program Budget 2028-2031'!$M$16:$M$303, $L$20) -> 27501462 | P22: =SUMIFS('4.1 Program Budget 2028-2031'!O$16:O$303, '4.1 Program Budget 2028-2031'!$M$16:$M$303, $P$20) -> 11420888 | Q22: =SUMIFS('4.1 Program Budget 2028-2031'!P$16:P$303, '4.1 Program Budget 2028-2031'!$M$16:$M$303, $P$20) -> 2172279.5 | R22: =SUMIFS('4.1 Program Budget 2028-2031'!Q$16:Q$303, '4.1 Program Budget 2028-2031'!$M$16:$M$303, $P$20) -> 28369293 | S22: =SUMIFS('4.1 Program Budget 2028-2031'!R$16:R$303, '4.1 Program Budget 2028-2031'!$M$16:$M$303, $P$20) -> 29869877
C23: Tab 8 - Caps & Targets | D23: =SUMIFS('8 Cap & Target '!$G$12:$G$111,'8 Cap & Target '!$D$12:$D$111,'8 Cap & Target '!$D$13,'8 Cap & Target '!$B$12:$B$111,D20)+ SUMIFS('8 Cap & Target '!$G$12:$G$111,'8 Cap & Target '!$D$12:$D$111,'8 Cap & Target '!$D$14,'8 Cap & Target '!$B$12:$B$111,D20)+ SUMIFS('8 Cap & Target '!$G$12:$G$111,'8 Cap & Target '!$D$12:$D$111,'8 Cap & Target '!$D$15,'8 Cap & Target '!$B$12:$B$111,D20)+ SUMIFS('8 Cap & Target '!$G$12:$G$111,'8 Cap & Target '!$D$12:$D$111,'8 Cap & Target '!$D$21,'8 Cap & Target '!$B$12:$B$111,D20) -> 11531866 | E23: =SUMIFS('8 Cap & Target '!$G$12:$G$111,'8 Cap & Target '!$D$12:$D$111, '8 Cap & Target '!$D$16,'8 Cap & Target '!$B$12:$B$111, D20) -> 2157335 | F23: =SUMIFS('8 Cap & Target '!$G$12:$G$111,'8 Cap & Target '!$D$12:$D$111,'8 Cap & Target '!$D$19,'8 Cap & Target '!$B$12:$B$111,D20)+ SUMIFS('8 Cap & Target '!$G$12:$G$111,'8 Cap & Target '!$D$12:$D$111,'8 Cap & Target '!$D$20,'8 Cap & Target '!$B$12:$B$111,D20) -> 26743138 | G23: =SUMIFS('8 Cap & Target '!$G$12:$G$111,'8 Cap & Target '!$D$12:$D$111, '8 Cap & Target '!$D$18,'8 Cap & Target '!$B$12:$B$111, D20) -> 27995759 | H23: =SUMIFS('8 Cap & Target '!$G$12:$G$111,'8 Cap & Target '!$D$12:$D$111,'8 Cap & Target '!$D$13,'8 Cap & Target '!$B$12:$B$111, H20)+ SUMIFS('8 Cap & Target '!$G$12:$G$111,'8 Cap & Target '!$D$12:$D$111,'8 Cap & Target '!$D$14,'8 Cap & Target '!$B$12:$B$111, H20)+ SUMIFS('8 Cap & Target '!$G$12:$G$111,'8 Cap & Target '!$D$12:$D$111,'8 Cap & Target '!$D$15,'8 Cap & Target '!$B$12:$B$111, H20)+ SUMIFS('8 Cap & Target '!$G$12:$G$111,'8 Cap & Target '!$D$12:$D$111,'8 Cap & Target '!$D$21,'8 Cap & Target '!$B$12:$B$111,H20) -> 10787901 | I23: =SUMIFS('8 Cap & Target '!$G$12:$G$111,'8 Cap & Target '!$D$12:$D$111, '8 Cap & Target '!$D$16,'8 Cap & Target '!$B$12:$B$111, H20) -> 2206680.9 | J23: =SUMIFS('8 Cap & Target '!$G$12:$G$111,'8 Cap & Target '!$D$12:$D$111, '8 Cap & Target '!$D$19,'8 Cap & Target '!$B$12:$B$111, H20)+ SUMIFS('8 Cap & Target '!$G$12:$G$111,'8 Cap & Target '!$D$12:$D$111,'8 Cap & Target '!$D$20,'8 Cap & Target '!$B$12:$B$111,H20) -> 27246347 | K23: =SUMIFS('8 Cap & Target '!$G$12:$G$111,'8 Cap & Target '!$D$12:$D$111, '8 Cap & Target '!$D$18,'8 Cap & Target '!$B$12:$B$111, H20) -> 27519673 | L23: =SUMIFS('8 Cap & Target '!$G$12:$G$111,'8 Cap & Target '!$D$12:$D$111,'8 Cap & Target '!$D$13,'8 Cap & Target '!$B$12:$B$111, L20)+ SUMIFS('8 Cap & Target '!$G$12:$G$111,'8 Cap & Target '!$D$12:$D$111,'8 Cap & Target '!$D$14,'8 Cap & Target '!$B$12:$B$111, L20)+ SUMIFS('8 Cap & Target '!$G$12:$G$111,'8 Cap & Target '!$D$12:$D$111,'8 Cap & Target '!$D$15,'8 Cap & Target '!$B$12:$B$111, L20)+ SUMIFS('8 Cap & Target '!$G$12:$G$111,'8 Cap & Target '!$D$12:$D$111,'8 Cap & Target '!$D$21,'8 Cap & Target '!$B$12:$B$111,L20) -> 11047131 | M23: =SUMIFS('8 Cap & Target '!$G$12:$G$111,'8 Cap & Target '!$D$12:$D$111, '8 Cap & Target '!$D$16,'8 Cap & Target '!$B$12:$B$111, L20) -> 2200556.1 | N23: =SUMIFS('8 Cap & Target '!$G$12:$G$111,'8 Cap & Target '!$D$12:$D$111, '8 Cap & Target '!$D$19,'8 Cap & Target '!$B$12:$B$111, L20)+ SUMIFS('8 Cap & Target '!$G$12:$G$111,'8 Cap & Target '!$D$12:$D$111,'8 Cap & Target '!$D$20,'8 Cap & Target '!$B$12:$B$111,L20) -> 28027410 | O23: =SUMIFS('8 Cap & Target '!$G$12:$G$111,'8 Cap & Target '!$D$12:$D$111, '8 Cap & Target '!$D$18,'8 Cap & Target '!$B$12:$B$111, L20) -> 27501462 | P23: =SUMIFS('8 Cap & Target '!$G$12:$G$111,'8 Cap & Target '!$D$12:$D$111,'8 Cap & Target '!$D$13,'8 Cap & Target '!$B$12:$B$111, P20)+ SUMIFS('8 Cap & Target '!$G$12:$G$111,'8 Cap & Target '!$D$12:$D$111,'8 Cap & Target '!$D$14,'8 Cap & Target '!$B$12:$B$111, P20)+ SUMIFS('8 Cap & Target '!$G$12:$G$111,'8 Cap & Target '!$D$12:$D$111,'8 Cap & Target '!$D$15,'8 Cap & Target '!$B$12:$B$111, P20)+ SUMIFS('8 Cap & Target '!$G$12:$G$111,'8 Cap & Target '!$D$12:$D$111,'8 Cap & Target '!$D$21,'8 Cap & Target '!$B$12:$B$111,P20) -> 11420888 | Q23: =SUMIFS('8 Cap & Target '!$G$12:$G$111,'8 Cap & Target '!$D$12:$D$111, '8 Cap & Target '!$D$16,'8 Cap & Target '!$B$12:$B$111, P20) -> 2172279.5 | R23: =SUMIFS('8 Cap & Target '!$G$12:$G$111,'8 Cap & Target '!$D$12:$D$111, '8 Cap & Target '!$D$19,'8 Cap & Target '!$B$12:$B$111, P20)+ SUMIFS('8 Cap & Target '!$G$12:$G$111,'8 Cap & Target '!$D$12:$D$111,'8 Cap & Target '!$D$20,'8 Cap & Target '!$B$12:$B$111,P20) -> 28369293 | S23: =SUMIFS('8 Cap & Target '!$G$12:$G$111,'8 Cap & Target '!$D$12:$D$111, '8 Cap & Target '!$D$18,'8 Cap & Target '!$B$12:$B$111, P20) -> 29869877
C24: Difference | D24: =+D22-D23 -> 0 | E24: =+E22-E23 -> 0 | F24: =+F22-F23 -> 0 | G24: =+G22-G23 -> 0 | H24: =+H22-H23 -> 0 | I24: =+I22-I23 -> 0 | J24: =+J22-J23 -> 0 | K24: =+K22-K23 -> 0 | ... AI24: =+AI22-AI23 -> 0
C25: Tab 9 - Incentives Column, EE Total | G25: =SUM('9 Portfolio FTE and Budget'!E49:E50) -> 27995759 | K25: =SUM('9 Portfolio FTE and Budget'!F49:F50) -> 27519673 | O25: =SUM('9 Portfolio FTE and Budget'!G49:G50) -> 27501462 | S25: =SUM('9 Portfolio FTE and Budget'!H49:H50) -> 29869877
C26: Difference | G26: =+G22-G25 -> 0 | K26: =+K22-K25 -> 0 | O26: =+O22-O25 -> 0 | S26: =+S22-S25 -> 0 | W26: =+W22-W25 -> 0 | AA26: =+AA22-AA25 -> 0 | AE26: =+AE22-AE25 -> 0 | AI26: =+AI22-AI25 -> 0
C28: Portfolio Budget Total by Sector Summary Total [1] | J28: [2] | K28: [2] | L28: [2] | M28: [2] | O28: [3]
C29: Tab 4.1 & 4.2 - PA Portfolio Budget by Function | D29: Year | E29: Residential | F29: Commercial | G29: Industrial | H29: Agricultural | I29: Public | J29: Emerging Tech | K29: Codes & Standards | L29: WE&T | M29: Finance | N29: Cross Cutting | O29: Portfolio Support | P29: OBF Loan Pool
D30: 2028 | E30: =SUMIFS('4.1 Program Budget 2028-2031'!$N$16:$N$303, '4.1 Program Budget 2028-2031'!$J$16:$J$303, '0 Validations'!E$29, '4.1 Program Budget 2028-2031'!$M$16:$M$303, '0 Validations'!$D30) -> 23563520 | F30: =SUMIFS('4.1 Program Budget 2028-2031'!$N$16:$N$303, '4.1 Program Budget 2028-2031'!$J$16:$J$303, '0 Validations'!F$29, '4.1 Program Budget 2028-2031'!$M$16:$M$303, '0 Validations'!$D30) -> 20238030 | G30: =SUMIFS('4.1 Program Budget 2028-2031'!$N$16:$N$303, '4.1 Program Budget 2028-2031'!$J$16:$J$303, '0 Validations'!G$29, '4.1 Program Budget 2028-2031'!$M$16:$M$303, '0 Validations'!$D30) -> 9815553.6 | H30: =SUMIFS('4.1 Program Budget 2028-2031'!$N$16:$N$303, '4.1 Program Budget 2028-2031'!$J$16:$J$303, '0 Validations'!H$29, '4.1 Program Budget 2028-2031'!$M$16:$M$303, '0 Validations'!$D30) -> 106317.38 | I30: =SUMIFS('4.1 Program Budget 2028-2031'!$N$16:$N$303, '4.1 Program Budget 2028-2031'!$J$16:$J$303, '0 Validations'!I$29, '4.1 Program Budget 2028-2031'!$M$16:$M$303, '0 Validations'!$D30) -> 1110310.5 | J30: =SUMIFS('4.1 Program Budget 2028-2031'!$N$16:$N$303, '4.1 Program Budget 2028-2031'!$J$16:$J$303, '0 Validations'!J$29, '4.1 Program Budget 2028-2031'!$M$16:$M$303, '0 Validations'!$D30) -> 0 | K30: =SUMIFS('4.1 Program Budget 2028-2031'!$N$16:$N$303, '4.1 Program Budget 2028-2031'!$J$16:$J$303, '0 Validations'!K$29, '4.1 Program Budget 2028-2031'!$M$16:$M$303, '0 Validations'!$D30) -> 0 | L30: =SUMIFS('4.1 Program Budget 2028-2031'!$N$16:$N$303, '4.1 Program Budget 2028-2031'!$J$16:$J$303, '0 Validations'!L$29, '4.1 Program Budget 2028-2031'!$M$16:$M$303, '0 Validations'!$D30) -> 0 | ... P30: =SUMIFS('4.1 Program Budget 2028-2031'!$N$16:$N$303, '4.1 Program Budget 2028-2031'!$J$16:$J$303, '0 Validations'!P$29, '4.1 Program Budget 2028-2031'!$M$16:$M$303, '0 Validations'!$D30) -> 0 | Q30: =IF(AND(SUM(E30:O30)=D10,SUM(E30:O30)=D11,SUM(E30:O30)=D12,SUM(E30:O30)=D13,SUM(E30:O30)=D14)=TRUE,0,"ERROR") -> 0
D31: 2029 | E31: =SUMIFS('4.1 Program Budget 2028-2031'!$N$16:$N$303, '4.1 Program Budget 2028-2031'!$J$16:$J$303, '0 Validations'!E$29, '4.1 Program Budget 2028-2031'!$M$16:$M$303, '0 Validations'!$D31) -> 23965558 | F31: =SUMIFS('4.1 Program Budget 2028-2031'!$N$16:$N$303, '4.1 Program Budget 2028-2031'!$J$16:$J$303, '0 Validations'!F$29, '4.1 Program Budget 2028-2031'!$M$16:$M$303, '0 Validations'!$D31) -> 20057915 | G31: =SUMIFS('4.1 Program Budget 2028-2031'!$N$16:$N$303, '4.1 Program Budget 2028-2031'!$J$16:$J$303, '0 Validations'!G$29, '4.1 Program Budget 2028-2031'!$M$16:$M$303, '0 Validations'!$D31) -> 9633096.9 | H31: =SUMIFS('4.1 Program Budget 2028-2031'!$N$16:$N$303, '4.1 Program Budget 2028-2031'!$J$16:$J$303, '0 Validations'!H$29, '4.1 Program Budget 2028-2031'!$M$16:$M$303, '0 Validations'!$D31) -> 105989.17 | I31: =SUMIFS('4.1 Program Budget 2028-2031'!$N$16:$N$303, '4.1 Program Budget 2028-2031'!$J$16:$J$303, '0 Validations'!I$29, '4.1 Program Budget 2028-2031'!$M$16:$M$303, '0 Validations'!$D31) -> 1178300.5 | J31: =SUMIFS('4.1 Program Budget 2028-2031'!$N$16:$N$303, '4.1 Program Budget 2028-2031'!$J$16:$J$303, '0 Validations'!J$29, '4.1 Program Budget 2028-2031'!$M$16:$M$303, '0 Validations'!$D31) -> 0 | K31: =SUMIFS('4.1 Program Budget 2028-2031'!$N$16:$N$303, '4.1 Program Budget 2028-2031'!$J$16:$J$303, '0 Validations'!K$29, '4.1 Program Budget 2028-2031'!$M$16:$M$303, '0 Validations'!$D31) -> 0 | L31: =SUMIFS('4.1 Program Budget 2028-2031'!$N$16:$N$303, '4.1 Program Budget 2028-2031'!$J$16:$J$303, '0 Validations'!L$29, '4.1 Program Budget 2028-2031'!$M$16:$M$303, '0 Validations'!$D31) -> 0 | ... P31: =SUMIFS('4.1 Program Budget 2028-2031'!$N$16:$N$303, '4.1 Program Budget 2028-2031'!$J$16:$J$303, '0 Validations'!P$29, '4.1 Program Budget 2028-2031'!$M$16:$M$303, '0 Validations'!$D31) -> 0 | Q31: =IF(AND(SUM(E31:O31)=E10,SUM(E31:O31)=E11,SUM(E31:O31)=E12,SUM(E31:O31)=E13,SUM(E31:O31)=E14)=TRUE,0,"ERROR") -> 0
D32: 2030 | E32: =SUMIFS('4.1 Program Budget 2028-2031'!$N$16:$N$303, '4.1 Program Budget 2028-2031'!$J$16:$J$303, '0 Validations'!E$29, '4.1 Program Budget 2028-2031'!$M$16:$M$303, '0 Validations'!$D32) -> 24986710 | F32: =SUMIFS('4.1 Program Budget 2028-2031'!$N$16:$N$303, '4.1 Program Budget 2028-2031'!$J$16:$J$303, '0 Validations'!F$29, '4.1 Program Budget 2028-2031'!$M$16:$M$303, '0 Validations'!$D32) -> 20079661 | G32: =SUMIFS('4.1 Program Budget 2028-2031'!$N$16:$N$303, '4.1 Program Budget 2028-2031'!$J$16:$J$303, '0 Validations'!G$29, '4.1 Program Budget 2028-2031'!$M$16:$M$303, '0 Validations'!$D32) -> 9398528.5 | H32: =SUMIFS('4.1 Program Budget 2028-2031'!$N$16:$N$303, '4.1 Program Budget 2028-2031'!$J$16:$J$303, '0 Validations'!H$29, '4.1 Program Budget 2028-2031'!$M$16:$M$303, '0 Validations'!$D32) -> 67462.973 | I32: =SUMIFS('4.1 Program Budget 2028-2031'!$N$16:$N$303, '4.1 Program Budget 2028-2031'!$J$16:$J$303, '0 Validations'!I$29, '4.1 Program Budget 2028-2031'!$M$16:$M$303, '0 Validations'!$D32) -> 1209222.9 | J32: =SUMIFS('4.1 Program Budget 2028-2031'!$N$16:$N$303, '4.1 Program Budget 2028-2031'!$J$16:$J$303, '0 Validations'!J$29, '4.1 Program Budget 2028-2031'!$M$16:$M$303, '0 Validations'!$D32) -> 0 | K32: =SUMIFS('4.1 Program Budget 2028-2031'!$N$16:$N$303, '4.1 Program Budget 2028-2031'!$J$16:$J$303, '0 Validations'!K$29, '4.1 Program Budget 2028-2031'!$M$16:$M$303, '0 Validations'!$D32) -> 0 | L32: =SUMIFS('4.1 Program Budget 2028-2031'!$N$16:$N$303, '4.1 Program Budget 2028-2031'!$J$16:$J$303, '0 Validations'!L$29, '4.1 Program Budget 2028-2031'!$M$16:$M$303, '0 Validations'!$D32) -> 0 | ... P32: =SUMIFS('4.1 Program Budget 2028-2031'!$N$16:$N$303, '4.1 Program Budget 2028-2031'!$J$16:$J$303, '0 Validations'!P$29, '4.1 Program Budget 2028-2031'!$M$16:$M$303, '0 Validations'!$D32) -> 0 | Q32: =IF(AND(SUM(E32:O32)=F10,SUM(E32:O32)=F11,SUM(E32:O32)=F12,SUM(E32:O32)=F13,SUM(E32:O32)=F14)=TRUE,0,"ERROR") -> 0
D33: 2031 | E33: =SUMIFS('4.1 Program Budget 2028-2031'!$N$16:$N$303, '4.1 Program Budget 2028-2031'!$J$16:$J$303, '0 Validations'!E$29, '4.1 Program Budget 2028-2031'!$M$16:$M$303, '0 Validations'!$D33) -> 28883027 | F33: =SUMIFS('4.1 Program Budget 2028-2031'!$N$16:$N$303, '4.1 Program Budget 2028-2031'!$J$16:$J$303, '0 Validations'!F$29, '4.1 Program Budget 2028-2031'!$M$16:$M$303, '0 Validations'!$D33) -> 19950649 | G33: =SUMIFS('4.1 Program Budget 2028-2031'!$N$16:$N$303, '4.1 Program Budget 2028-2031'!$J$16:$J$303, '0 Validations'!G$29, '4.1 Program Budget 2028-2031'!$M$16:$M$303, '0 Validations'!$D33) -> 9368052.3 | H33: =SUMIFS('4.1 Program Budget 2028-2031'!$N$16:$N$303, '4.1 Program Budget 2028-2031'!$J$16:$J$303, '0 Validations'!H$29, '4.1 Program Budget 2028-2031'!$M$16:$M$303, '0 Validations'!$D33) -> 69828.337 | I33: =SUMIFS('4.1 Program Budget 2028-2031'!$N$16:$N$303, '4.1 Program Budget 2028-2031'!$J$16:$J$303, '0 Validations'!I$29, '4.1 Program Budget 2028-2031'!$M$16:$M$303, '0 Validations'!$D33) -> 1222318.1 | J33: =SUMIFS('4.1 Program Budget 2028-2031'!$N$16:$N$303, '4.1 Program Budget 2028-2031'!$J$16:$J$303, '0 Validations'!J$29, '4.1 Program Budget 2028-2031'!$M$16:$M$303, '0 Validations'!$D33) -> 0 | K33: =SUMIFS('4.1 Program Budget 2028-2031'!$N$16:$N$303, '4.1 Program Budget 2028-2031'!$J$16:$J$303, '0 Validations'!K$29, '4.1 Program Budget 2028-2031'!$M$16:$M$303, '0 Validations'!$D33) -> 0 | L33: =SUMIFS('4.1 Program Budget 2028-2031'!$N$16:$N$303, '4.1 Program Budget 2028-2031'!$J$16:$J$303, '0 Validations'!L$29, '4.1 Program Budget 2028-2031'!$M$16:$M$303, '0 Validations'!$D33) -> 0 | ... P33: =SUMIFS('4.1 Program Budget 2028-2031'!$N$16:$N$303, '4.1 Program Budget 2028-2031'!$J$16:$J$303, '0 Validations'!P$29, '4.1 Program Budget 2028-2031'!$M$16:$M$303, '0 Validations'!$D33) -> 0 | Q33: =IF(AND(SUM(E33:O33)=G10,SUM(E33:O33)=G11,SUM(E33:O33)=G12,SUM(E33:O33)=G13,SUM(E33:O33)=G14)=TRUE,0,"ERROR") -> 0
D34: 2032 | E34: =SUMIFS('4.2 Sector Seg Budget 2032-2035'!$F$13:$F$107, '4.2 Sector Seg Budget 2032-2035'!$C$13:$C$107, '0 Validations'!E$29, '4.2 Sector Seg Budget 2032-2035'!$E$13:$E$107, '0 Validations'!$D34) -> 28883027 | F34: =SUMIFS('4.2 Sector Seg Budget 2032-2035'!$F$13:$F$107, '4.2 Sector Seg Budget 2032-2035'!$C$13:$C$107, '0 Validations'!F$29, '4.2 Sector Seg Budget 2032-2035'!$E$13:$E$107, '0 Validations'!$D34) -> 19950649 | G34: =SUMIFS('4.2 Sector Seg Budget 2032-2035'!$F$13:$F$107, '4.2 Sector Seg Budget 2032-2035'!$C$13:$C$107, '0 Validations'!G$29, '4.2 Sector Seg Budget 2032-2035'!$E$13:$E$107, '0 Validations'!$D34) -> 9368052.3 | H34: =SUMIFS('4.2 Sector Seg Budget 2032-2035'!$F$13:$F$107, '4.2 Sector Seg Budget 2032-2035'!$C$13:$C$107, '0 Validations'!H$29, '4.2 Sector Seg Budget 2032-2035'!$E$13:$E$107, '0 Validations'!$D34) -> 69828.337 | I34: =SUMIFS('4.2 Sector Seg Budget 2032-2035'!$F$13:$F$107, '4.2 Sector Seg Budget 2032-2035'!$C$13:$C$107, '0 Validations'!I$29, '4.2 Sector Seg Budget 2032-2035'!$E$13:$E$107, '0 Validations'!$D34) -> 1222318.1 | J34: =SUMIFS('4.2 Sector Seg Budget 2032-2035'!$F$13:$F$107, '4.2 Sector Seg Budget 2032-2035'!$C$13:$C$107, '0 Validations'!J$29, '4.2 Sector Seg Budget 2032-2035'!$E$13:$E$107, '0 Validations'!$D34) -> 0 | K34: =SUMIFS('4.2 Sector Seg Budget 2032-2035'!$F$13:$F$107, '4.2 Sector Seg Budget 2032-2035'!$C$13:$C$107, '0 Validations'!K$29, '4.2 Sector Seg Budget 2032-2035'!$E$13:$E$107, '0 Validations'!$D34) -> 0 | L34: =SUMIFS('4.2 Sector Seg Budget 2032-2035'!$F$13:$F$107, '4.2 Sector Seg Budget 2032-2035'!$C$13:$C$107, '0 Validations'!L$29, '4.2 Sector Seg Budget 2032-2035'!$E$13:$E$107, '0 Validations'!$D34) -> 0 | ... N34: =SUMIFS('4.2 Sector Seg Budget 2032-2035'!$F$13:$F$107, '4.2 Sector Seg Budget 2032-2035'!$C$13:$C$107, '0 Validations'!N$29, '4.2 Sector Seg Budget 2032-2035'!$E$13:$E$107, '0 Validations'!$D34) -> 9539964.9 | O34: =SUMIFS('4.2 Sector Seg Budget 2032-2035'!$F$13:$F$108, '4.2 Sector Seg Budget 2032-2035'!$C$13:$C$108, '0 Validations'!O$29, '4.2 Sector Seg Budget 2032-2035'!$E$13:$E$108, '0 Validations'!$D34) -> 2798498 | P34: =SUMIFS('4.2 Sector Seg Budget 2032-2035'!$F$13:$F$107, '4.2 Sector Seg Budget 2032-2035'!$C$13:$C$107, '0 Validations'!P$29, '4.2 Sector Seg Budget 2032-2035'!$E$13:$E$107, '0 Validations'!$D34) -> 0 | Q34: =IF(AND(SUM(E34:O34)=H10,SUM(E34:O34)=H11)=TRUE,0,"ERROR") -> 0
D35: 2033 | E35: =SUMIFS('4.2 Sector Seg Budget 2032-2035'!$F$13:$F$107, '4.2 Sector Seg Budget 2032-2035'!$C$13:$C$107, '0 Validations'!E$29, '4.2 Sector Seg Budget 2032-2035'!$E$13:$E$107, '0 Validations'!$D35) -> 28883027 | F35: =SUMIFS('4.2 Sector Seg Budget 2032-2035'!$F$13:$F$107, '4.2 Sector Seg Budget 2032-2035'!$C$13:$C$107, '0 Validations'!F$29, '4.2 Sector Seg Budget 2032-2035'!$E$13:$E$107, '0 Validations'!$D35) -> 19950649 | G35: =SUMIFS('4.2 Sector Seg Budget 2032-2035'!$F$13:$F$107, '4.2 Sector Seg Budget 2032-2035'!$C$13:$C$107, '0 Validations'!G$29, '4.2 Sector Seg Budget 2032-2035'!$E$13:$E$107, '0 Validations'!$D35) -> 9368052.3 | H35: =SUMIFS('4.2 Sector Seg Budget 2032-2035'!$F$13:$F$107, '4.2 Sector Seg Budget 2032-2035'!$C$13:$C$107, '0 Validations'!H$29, '4.2 Sector Seg Budget 2032-2035'!$E$13:$E$107, '0 Validations'!$D35) -> 69828.337 | I35: =SUMIFS('4.2 Sector Seg Budget 2032-2035'!$F$13:$F$107, '4.2 Sector Seg Budget 2032-2035'!$C$13:$C$107, '0 Validations'!I$29, '4.2 Sector Seg Budget 2032-2035'!$E$13:$E$107, '0 Validations'!$D35) -> 1222318.1 | J35: =SUMIFS('4.2 Sector Seg Budget 2032-2035'!$F$13:$F$107, '4.2 Sector Seg Budget 2032-2035'!$C$13:$C$107, '0 Validations'!J$29, '4.2 Sector Seg Budget 2032-2035'!$E$13:$E$107, '0 Validations'!$D35) -> 0 | K35: =SUMIFS('4.2 Sector Seg Budget 2032-2035'!$F$13:$F$107, '4.2 Sector Seg Budget 2032-2035'!$C$13:$C$107, '0 Validations'!K$29, '4.2 Sector Seg Budget 2032-2035'!$E$13:$E$107, '0 Validations'!$D35) -> 0 | L35: =SUMIFS('4.2 Sector Seg Budget 2032-2035'!$F$13:$F$107, '4.2 Sector Seg Budget 2032-2035'!$C$13:$C$107, '0 Validations'!L$29, '4.2 Sector Seg Budget 2032-2035'!$E$13:$E$107, '0 Validations'!$D35) -> 0 | ... N35: =SUMIFS('4.2 Sector Seg Budget 2032-2035'!$F$13:$F$107, '4.2 Sector Seg Budget 2032-2035'!$C$13:$C$107, '0 Validations'!N$29, '4.2 Sector Seg Budget 2032-2035'!$E$13:$E$107, '0 Validations'!$D35) -> 9539964.9 | O35: =SUMIFS('4.2 Sector Seg Budget 2032-2035'!$F$13:$F$108, '4.2 Sector Seg Budget 2032-2035'!$C$13:$C$108, '0 Validations'!O$29, '4.2 Sector Seg Budget 2032-2035'!$E$13:$E$108, '0 Validations'!$D35) -> 2798498 | P35: =SUMIFS('4.2 Sector Seg Budget 2032-2035'!$F$13:$F$107, '4.2 Sector Seg Budget 2032-2035'!$C$13:$C$107, '0 Validations'!P$29, '4.2 Sector Seg Budget 2032-2035'!$E$13:$E$107, '0 Validations'!$D35) -> 0 | Q35: =IF(AND(SUM(E35:O35)=I10,SUM(E35:O35)=I11)=TRUE,0,"ERROR") -> 0
D36: 2034 | E36: =SUMIFS('4.2 Sector Seg Budget 2032-2035'!$F$13:$F$107, '4.2 Sector Seg Budget 2032-2035'!$C$13:$C$107, '0 Validations'!E$29, '4.2 Sector Seg Budget 2032-2035'!$E$13:$E$107, '0 Validations'!$D36) -> 28883027 | F36: =SUMIFS('4.2 Sector Seg Budget 2032-2035'!$F$13:$F$107, '4.2 Sector Seg Budget 2032-2035'!$C$13:$C$107, '0 Validations'!F$29, '4.2 Sector Seg Budget 2032-2035'!$E$13:$E$107, '0 Validations'!$D36) -> 19950649 | G36: =SUMIFS('4.2 Sector Seg Budget 2032-2035'!$F$13:$F$107, '4.2 Sector Seg Budget 2032-2035'!$C$13:$C$107, '0 Validations'!G$29, '4.2 Sector Seg Budget 2032-2035'!$E$13:$E$107, '0 Validations'!$D36) -> 9368052.3 | H36: =SUMIFS('4.2 Sector Seg Budget 2032-2035'!$F$13:$F$107, '4.2 Sector Seg Budget 2032-2035'!$C$13:$C$107, '0 Validations'!H$29, '4.2 Sector Seg Budget 2032-2035'!$E$13:$E$107, '0 Validations'!$D36) -> 69828.337 | I36: =SUMIFS('4.2 Sector Seg Budget 2032-2035'!$F$13:$F$107, '4.2 Sector Seg Budget 2032-2035'!$C$13:$C$107, '0 Validations'!I$29, '4.2 Sector Seg Budget 2032-2035'!$E$13:$E$107, '0 Validations'!$D36) -> 1222318.1 | J36: =SUMIFS('4.2 Sector Seg Budget 2032-2035'!$F$13:$F$107, '4.2 Sector Seg Budget 2032-2035'!$C$13:$C$107, '0 Validations'!J$29, '4.2 Sector Seg Budget 2032-2035'!$E$13:$E$107, '0 Validations'!$D36) -> 0 | K36: =SUMIFS('4.2 Sector Seg Budget 2032-2035'!$F$13:$F$107, '4.2 Sector Seg Budget 2032-2035'!$C$13:$C$107, '0 Validations'!K$29, '4.2 Sector Seg Budget 2032-2035'!$E$13:$E$107, '0 Validations'!$D36) -> 0 | L36: =SUMIFS('4.2 Sector Seg Budget 2032-2035'!$F$13:$F$107, '4.2 Sector Seg Budget 2032-2035'!$C$13:$C$107, '0 Validations'!L$29, '4.2 Sector Seg Budget 2032-2035'!$E$13:$E$107, '0 Validations'!$D36) -> 0 | ... N36: =SUMIFS('4.2 Sector Seg Budget 2032-2035'!$F$13:$F$107, '4.2 Sector Seg Budget 2032-2035'!$C$13:$C$107, '0 Validations'!N$29, '4.2 Sector Seg Budget 2032-2035'!$E$13:$E$107, '0 Validations'!$D36) -> 9539964.9 | O36: =SUMIFS('4.2 Sector Seg Budget 2032-2035'!$F$13:$F$108, '4.2 Sector Seg Budget 2032-2035'!$C$13:$C$108, '0 Validations'!O$29, '4.2 Sector Seg Budget 2032-2035'!$E$13:$E$108, '0 Validations'!$D36) -> 2798498 | P36: =SUMIFS('4.2 Sector Seg Budget 2032-2035'!$F$13:$F$107, '4.2 Sector Seg Budget 2032-2035'!$C$13:$C$107, '0 Validations'!P$29, '4.2 Sector Seg Budget 2032-2035'!$E$13:$E$107, '0 Validations'!$D36) -> 0 | Q36: =IF(AND(SUM(E36:O36)=J10,SUM(E36:O36)=J11)=TRUE,0,"ERROR") -> 0
D37: 2035 | E37: =SUMIFS('4.2 Sector Seg Budget 2032-2035'!$F$13:$F$107, '4.2 Sector Seg Budget 2032-2035'!$C$13:$C$107, '0 Validations'!E$29, '4.2 Sector Seg Budget 2032-2035'!$E$13:$E$107, '0 Validations'!$D37) -> 28883027 | F37: =SUMIFS('4.2 Sector Seg Budget 2032-2035'!$F$13:$F$107, '4.2 Sector Seg Budget 2032-2035'!$C$13:$C$107, '0 Validations'!F$29, '4.2 Sector Seg Budget 2032-2035'!$E$13:$E$107, '0 Validations'!$D37) -> 19950649 | G37: =SUMIFS('4.2 Sector Seg Budget 2032-2035'!$F$13:$F$107, '4.2 Sector Seg Budget 2032-2035'!$C$13:$C$107, '0 Validations'!G$29, '4.2 Sector Seg Budget 2032-2035'!$E$13:$E$107, '0 Validations'!$D37) -> 9368052.3 | H37: =SUMIFS('4.2 Sector Seg Budget 2032-2035'!$F$13:$F$107, '4.2 Sector Seg Budget 2032-2035'!$C$13:$C$107, '0 Validations'!H$29, '4.2 Sector Seg Budget 2032-2035'!$E$13:$E$107, '0 Validations'!$D37) -> 69828.337 | I37: =SUMIFS('4.2 Sector Seg Budget 2032-2035'!$F$13:$F$107, '4.2 Sector Seg Budget 2032-2035'!$C$13:$C$107, '0 Validations'!I$29, '4.2 Sector Seg Budget 2032-2035'!$E$13:$E$107, '0 Validations'!$D37) -> 1222318.1 | J37: =SUMIFS('4.2 Sector Seg Budget 2032-2035'!$F$13:$F$107, '4.2 Sector Seg Budget 2032-2035'!$C$13:$C$107, '0 Validations'!J$29, '4.2 Sector Seg Budget 2032-2035'!$E$13:$E$107, '0 Validations'!$D37) -> 0 | K37: =SUMIFS('4.2 Sector Seg Budget 2032-2035'!$F$13:$F$107, '4.2 Sector Seg Budget 2032-2035'!$C$13:$C$107, '0 Validations'!K$29, '4.2 Sector Seg Budget 2032-2035'!$E$13:$E$107, '0 Validations'!$D37) -> 0 | L37: =SUMIFS('4.2 Sector Seg Budget 2032-2035'!$F$13:$F$107, '4.2 Sector Seg Budget 2032-2035'!$C$13:$C$107, '0 Validations'!L$29, '4.2 Sector Seg Budget 2032-2035'!$E$13:$E$107, '0 Validations'!$D37) -> 0 | ... N37: =SUMIFS('4.2 Sector Seg Budget 2032-2035'!$F$13:$F$107, '4.2 Sector Seg Budget 2032-2035'!$C$13:$C$107, '0 Validations'!N$29, '4.2 Sector Seg Budget 2032-2035'!$E$13:$E$107, '0 Validations'!$D37) -> 9539964.9 | O37: =SUMIFS('4.2 Sector Seg Budget 2032-2035'!$F$13:$F$108, '4.2 Sector Seg Budget 2032-2035'!$C$13:$C$108, '0 Validations'!O$29, '4.2 Sector Seg Budget 2032-2035'!$E$13:$E$108, '0 Validations'!$D37) -> 2798498 | P37: =SUMIFS('4.2 Sector Seg Budget 2032-2035'!$F$13:$F$107, '4.2 Sector Seg Budget 2032-2035'!$C$13:$C$107, '0 Validations'!P$29, '4.2 Sector Seg Budget 2032-2035'!$E$13:$E$107, '0 Validations'!$D37) -> 0 | Q37: =IF(AND(SUM(E37:O37)=K10,SUM(E37:O37)=K11)=TRUE,0,"ERROR") -> 0
D38: [1] SDG&E has revised the formulas on this tab where needed to improve accuracy.
D39: [2] Emerging Tech, Codes & Standards, WE&T, and Finance are classified as program categories (not sectors) on the "Read Me" tab. Therefore, the budget for these categories is embedded within the various sectors.
D40: [3] SDG&E added a column for the Portfolio Support sector to ensure its total budget request is accurately reflected.

Sheet 1 Participant Bill Impacts
B2: Description | C2: Calculates estimated average first year bill savings for participating customers by calculated the electric and gas savings with the forecasted program energy savings.
B3: Instructions | C3: 2024 data is required for baseline.
B5: PA Name: | C5: ='Read Me'!B10 -> SDG&E
B6: Budget Year: | C6: ='Read Me'!B11 -> 2028-2035
B9: Note: Due to fuel substitution, participant first year savings and associated annual bill savings be negative
B11: Program Year | C11: Sector | D11: Participant First Year Electric Net Savings (kWh)1 | E11: Participant First Year Gas Net Savings (Therms)1 | F11: Total Average Annual Bill Savings Electric ($)2 | G11: Total Average Annual Bill Savings Gas ($)2 | H11: Total Bill Savings3 | I11: Calculated $/kWh | J11: Calculated $/Therms
B12: Reference: 2024 | C12: Total | D12: =D17+D22+D27+D32+D37+D42+D47 -> 2.7858468e+08 | E12: =E17+E22+E27+E32+E37+E42+E47 -> 7055971.4 | F12: =F17+F22+F27+F32+F37+F42+F47 -> 91926612 | G12: =G17+G22+G27+G32+G37+G42+G47 -> 3619332.5 | H12: =H17+H22+H27+H32+H37+H42+H47 -> 95545945 | I12: =F12/D12 -> 0.32997726 | J12: =G12/E12 -> 0.51294603
B13: 2028 | C13: Total | D13: =D18+D23+D28+D33+D38+D43+D48 -> 2.2355587e+08 | E13: =E18+E23+E28+E33+E38+E43+E48 -> 4296382.6 | F13: =F18+F23+F28+F33+F38+F43+F48 -> 51643294 | G13: =G18+G23+G28+G33+G38+G43+G48 -> 8747178.8 | H13: =H18+H23+H28+H33+H38+H43+H48 -> 60390473 | I13: =F13/D13 -> 0.23100844 | J13: =G13/E13 -> 2.0359404
B14: 2029 | C14: Total | D14: =D19+D24+D29+D34+D39+D44+D49 -> 2.0224353e+08 | E14: =E19+E24+E29+E34+E39+E44+E49 -> 4034140.2 | F14: =F19+F24+F29+F34+F39+F44+F49 -> 50877800 | G14: =G19+G24+G29+G34+G39+G44+G49 -> 8110702.5 | H14: =H19+H24+H29+H34+H39+H44+H49 -> 58988503 | I14: =F14/D14 -> 0.25156701 | J14: =G14/E14 -> 2.0105157
B15: 2030 | C15: Total | D15: =D20+D25+D30+D35+D40+D45+D50 -> 2.1167183e+08 | E15: =E20+E25+E30+E35+E40+E45+E50 -> 3911260.1 | F15: =F20+F25+F30+F35+F40+F45+F50 -> 58339959 | G15: =G20+G25+G30+G35+G40+G45+G50 -> 7987586.4 | H15: =H20+H25+H30+H35+H40+H45+H50 -> 66327546 | I15: =F15/D15 -> 0.27561513 | J15: =G15/E15 -> 2.0422028
B16: 2031 | C16: Total | D16: =D21+D26+D31+D36+D41+D46+D51 -> 2.4187368e+08 | E16: =E21+E26+E31+E36+E41+E46+E51 -> 3883165.3 | F16: =F21+F26+F31+F36+F41+F46+F51 -> 74224161 | G16: =G21+G26+G31+G36+G41+G46+G51 -> 8036160.9 | H16: =H21+H26+H31+H36+H41+H46+H51 -> 82260322 | I16: =F16/D16 -> 0.3068716 | J16: =G16/E16 -> 2.0694872
B17: Reference: 2024 | C17: Residential | D17: 27567860 | E17: 2378420 | F17: 9478749.1 | G17: 1340451.3 | H17: =F17+G17 -> 10819200 | I17: =F17/D17 -> 0.34383333 | J17: =G17/E17 -> 0.56358897
B18: 2028 | C18: Residential | D18: =SUMIFS('Budget Filing Data'!$Q$10:$Q$297,'Budget Filing Data'!$G$10:$G$297,'1 Participant Bill Impacts'!$C18,'Budget Filing Data'!$B$10:$B$297,'1 Participant Bill Impacts'!$B18) -> 41471058 | E18: =SUMIFS('Budget Filing Data'!$S$10:$S$297,'Budget Filing Data'!$G$10:$G$297,'1 Participant Bill Impacts'!$C18,'Budget Filing Data'!$B$10:$B$297,'1 Participant Bill Impacts'!$B18) -> 1146201.3 | F18: =SUMIFS('Budget Filing Data'!BA$10:BA$297,'Budget Filing Data'!$G$10:$G$297,'1 Participant Bill Impacts'!$C18,'Budget Filing Data'!$B$10:$B$297,'1 Participant Bill Impacts'!$B18) -> 15751984 | G18: =SUMIFS('Budget Filing Data'!BB$10:BB$297,'Budget Filing Data'!$G$10:$G$297,'1 Participant Bill Impacts'!$C18,'Budget Filing Data'!$B$10:$B$297,'1 Participant Bill Impacts'!$B18) -> 2513466.3 | H18: =F18+G18 -> 18265450 | I18: =F18/D18 -> 0.37983077 | J18: =G18/E18 -> 2.1928663
B19: 2029 | C19: Residential | D19: =SUMIFS('Budget Filing Data'!$Q$10:$Q$297,'Budget Filing Data'!$G$10:$G$297,'1 Participant Bill Impacts'!$C19,'Budget Filing Data'!$B$10:$B$297,'1 Participant Bill Impacts'!$B19) -> 50729762 | E19: =SUMIFS('Budget Filing Data'!$S$10:$S$297,'Budget Filing Data'!$G$10:$G$297,'1 Participant Bill Impacts'!$C19,'Budget Filing Data'!$B$10:$B$297,'1 Participant Bill Impacts'!$B19) -> 1086917.2 | F19: =SUMIFS('Budget Filing Data'!BA$10:BA$297,'Budget Filing Data'!$G$10:$G$297,'1 Participant Bill Impacts'!$C19,'Budget Filing Data'!$B$10:$B$297,'1 Participant Bill Impacts'!$B19) -> 19916113 | G19: =SUMIFS('Budget Filing Data'!BB$10:BB$297,'Budget Filing Data'!$G$10:$G$297,'1 Participant Bill Impacts'!$C19,'Budget Filing Data'!$B$10:$B$297,'1 Participant Bill Impacts'!$B19) -> 2420594.4 | H19: =F19+G19 -> 22336708 | I19: =F19/D19 -> 0.39259229 | J19: =G19/E19 -> 2.2270275
B20: 2030 | C20: Residential | D20: =SUMIFS('Budget Filing Data'!$Q$10:$Q$297,'Budget Filing Data'!$G$10:$G$297,'1 Participant Bill Impacts'!$C20,'Budget Filing Data'!$B$10:$B$297,'1 Participant Bill Impacts'!$B20) -> 69433314 | E20: =SUMIFS('Budget Filing Data'!$S$10:$S$297,'Budget Filing Data'!$G$10:$G$297,'1 Participant Bill Impacts'!$C20,'Budget Filing Data'!$B$10:$B$297,'1 Participant Bill Impacts'!$B20) -> 1007663.5 | F20: =SUMIFS('Budget Filing Data'!BA$10:BA$297,'Budget Filing Data'!$G$10:$G$297,'1 Participant Bill Impacts'!$C20,'Budget Filing Data'!$B$10:$B$297,'1 Participant Bill Impacts'!$B20) -> 28181792 | G20: =SUMIFS('Budget Filing Data'!BB$10:BB$297,'Budget Filing Data'!$G$10:$G$297,'1 Participant Bill Impacts'!$C20,'Budget Filing Data'!$B$10:$B$297,'1 Participant Bill Impacts'!$B20) -> 2292337.1 | H20: =F20+G20 -> 30474129 | I20: =F20/D20 -> 0.40588286 | J20: =G20/E20 -> 2.2749034
B21: 2031 | C21: Residential | D21: =SUMIFS('Budget Filing Data'!$Q$10:$Q$297,'Budget Filing Data'!$G$10:$G$297,'1 Participant Bill Impacts'!$C21,'Budget Filing Data'!$B$10:$B$297,'1 Participant Bill Impacts'!$B21) -> 1.0595197e+08 | E21: =SUMIFS('Budget Filing Data'!$S$10:$S$297,'Budget Filing Data'!$G$10:$G$297,'1 Participant Bill Impacts'!$C21,'Budget Filing Data'!$B$10:$B$297,'1 Participant Bill Impacts'!$B21) -> 1026241.3 | F21: =SUMIFS('Budget Filing Data'!BA$10:BA$297,'Budget Filing Data'!$G$10:$G$297,'1 Participant Bill Impacts'!$C21,'Budget Filing Data'!$B$10:$B$297,'1 Participant Bill Impacts'!$B21) -> 44434569 | G21: =SUMIFS('Budget Filing Data'!BB$10:BB$297,'Budget Filing Data'!$G$10:$G$297,'1 Participant Bill Impacts'!$C21,'Budget Filing Data'!$B$10:$B$297,'1 Participant Bill Impacts'!$B21) -> 2365727.6 | H21: =F21+G21 -> 46800297 | I21: =F21/D21 -> 0.4193841 | J21: =G21/E21 -> 2.3052352
B22: Reference: 2024 | C22: Commercial | D22: -4250448.5 | E22: 1590930.2 | F22: -1466546.4 | G22: 1122502.3 | H22: =F22+G22 -> -344044.06 | I22: =F22/D22 -> 0.34503333 | J22: =G22/E22 -> 0.70556355
B23: 2028 | C23: Commercial | D23: =SUMIFS('Budget Filing Data'!$Q$10:$Q$297,'Budget Filing Data'!$G$10:$G$297,'1 Participant Bill Impacts'!$C23,'Budget Filing Data'!$B$10:$B$297,'1 Participant Bill Impacts'!$B23) -> 20748703 | E23: =SUMIFS('Budget Filing Data'!$S$10:$S$297,'Budget Filing Data'!$G$10:$G$297,'1 Participant Bill Impacts'!$C23,'Budget Filing Data'!$B$10:$B$297,'1 Participant Bill Impacts'!$B23) -> 1241617.3 | F23: =SUMIFS('Budget Filing Data'!BA$10:BA$297,'Budget Filing Data'!$G$10:$G$297,'1 Participant Bill Impacts'!$C23,'Budget Filing Data'!$B$10:$B$297,'1 Participant Bill Impacts'!$B23) -> 6253012.8 | G23: =SUMIFS('Budget Filing Data'!BB$10:BB$297,'Budget Filing Data'!$G$10:$G$297,'1 Participant Bill Impacts'!$C23,'Budget Filing Data'!$B$10:$B$297,'1 Participant Bill Impacts'!$B23) -> 1353887.2 | H23: =F23+G23 -> 7606900 | I23: =F23/D23 -> 0.30136886 | J23: =G23/E23 -> 1.0904223
B24: 2029 | C24: Commercial | D24: =SUMIFS('Budget Filing Data'!$Q$10:$Q$297,'Budget Filing Data'!$G$10:$G$297,'1 Participant Bill Impacts'!$C24,'Budget Filing Data'!$B$10:$B$297,'1 Participant Bill Impacts'!$B24) -> 15824022 | E24: =SUMIFS('Budget Filing Data'!$S$10:$S$297,'Budget Filing Data'!$G$10:$G$297,'1 Participant Bill Impacts'!$C24,'Budget Filing Data'!$B$10:$B$297,'1 Participant Bill Impacts'!$B24) -> 1189255.4 | F24: =SUMIFS('Budget Filing Data'!BA$10:BA$297,'Budget Filing Data'!$G$10:$G$297,'1 Participant Bill Impacts'!$C24,'Budget Filing Data'!$B$10:$B$297,'1 Participant Bill Impacts'!$B24) -> 5103690.9 | G24: =SUMIFS('Budget Filing Data'!BB$10:BB$297,'Budget Filing Data'!$G$10:$G$297,'1 Participant Bill Impacts'!$C24,'Budget Filing Data'!$B$10:$B$297,'1 Participant Bill Impacts'!$B24) -> 1305737.3 | H24: =F24+G24 -> 6409428.2 | I24: =F24/D24 -> 0.32252806 | J24: =G24/E24 -> 1.0979452
B25: 2030 | C25: Commercial | D25: =SUMIFS('Budget Filing Data'!$Q$10:$Q$297,'Budget Filing Data'!$G$10:$G$297,'1 Participant Bill Impacts'!$C25,'Budget Filing Data'!$B$10:$B$297,'1 Participant Bill Impacts'!$B25) -> 15780868 | E25: =SUMIFS('Budget Filing Data'!$S$10:$S$297,'Budget Filing Data'!$G$10:$G$297,'1 Participant Bill Impacts'!$C25,'Budget Filing Data'!$B$10:$B$297,'1 Participant Bill Impacts'!$B25) -> 1186309.2 | F25: =SUMIFS('Budget Filing Data'!BA$10:BA$297,'Budget Filing Data'!$G$10:$G$297,'1 Participant Bill Impacts'!$C25,'Budget Filing Data'!$B$10:$B$297,'1 Participant Bill Impacts'!$B25) -> 5232092.1 | G25: =SUMIFS('Budget Filing Data'!BB$10:BB$297,'Budget Filing Data'!$G$10:$G$297,'1 Participant Bill Impacts'!$C25,'Budget Filing Data'!$B$10:$B$297,'1 Participant Bill Impacts'!$B25) -> 1327006.1 | H25: =F25+G25 -> 6559098.2 | I25: =F25/D25 -> 0.33154653 | J25: =G25/E25 -> 1.1186005
B26: 2031 | C26: Commercial | D26: =SUMIFS('Budget Filing Data'!$Q$10:$Q$297,'Budget Filing Data'!$G$10:$G$297,'1 Participant Bill Impacts'!$C26,'Budget Filing Data'!$B$10:$B$297,'1 Participant Bill Impacts'!$B26) -> 15764668 | E26: =SUMIFS('Budget Filing Data'!$S$10:$S$297,'Budget Filing Data'!$G$10:$G$297,'1 Participant Bill Impacts'!$C26,'Budget Filing Data'!$B$10:$B$297,'1 Participant Bill Impacts'!$B26) -> 1170559.8 | F26: =SUMIFS('Budget Filing Data'!BA$10:BA$297,'Budget Filing Data'!$G$10:$G$297,'1 Participant Bill Impacts'!$C26,'Budget Filing Data'!$B$10:$B$297,'1 Participant Bill Impacts'!$B26) -> 5371986.2 | G26: =SUMIFS('Budget Filing Data'!BB$10:BB$297,'Budget Filing Data'!$G$10:$G$297,'1 Participant Bill Impacts'!$C26,'Budget Filing Data'!$B$10:$B$297,'1 Participant Bill Impacts'!$B26) -> 1335220.3 | H26: =F26+G26 -> 6707206.4 | I26: =F26/D26 -> 0.34076113 | J26: =G26/E26 -> 1.1406682
B27: Reference: 2024 | C27: Industrial | D27: 4173304.7 | E27: 378283.09 | F27: 1336257.4 | G27: 22450.285 | H27: =F27+G27 -> 1358707.7 | I27: =F27/D27 -> 0.32019167 | J27: =G27/E27 -> 0.059347843
B28: 2028 | C28: Industrial | D28: =SUMIFS('Budget Filing Data'!$Q$10:$Q$297,'Budget Filing Data'!$G$10:$G$297,'1 Participant Bill Impacts'!$C28,'Budget Filing Data'!$B$10:$B$297,'1 Participant Bill Impacts'!$B28) -> 19396363 | E28: =SUMIFS('Budget Filing Data'!$S$10:$S$297,'Budget Filing Data'!$G$10:$G$297,'1 Participant Bill Impacts'!$C28,'Budget Filing Data'!$B$10:$B$297,'1 Participant Bill Impacts'!$B28) -> 219159.83 | F28: =SUMIFS('Budget Filing Data'!BA$10:BA$297,'Budget Filing Data'!$G$10:$G$297,'1 Participant Bill Impacts'!$C28,'Budget Filing Data'!$B$10:$B$297,'1 Participant Bill Impacts'!$B28) -> 6608357.5 | G28: =SUMIFS('Budget Filing Data'!BB$10:BB$297,'Budget Filing Data'!$G$10:$G$297,'1 Participant Bill Impacts'!$C28,'Budget Filing Data'!$B$10:$B$297,'1 Participant Bill Impacts'!$B28) -> 272455.52 | H28: =F28+G28 -> 6880813 | I28: =F28/D28 -> 0.34070086 | J28: =G28/E28 -> 1.2431818
B29: 2029 | C29: Industrial | D29: =SUMIFS('Budget Filing Data'!$Q$10:$Q$297,'Budget Filing Data'!$G$10:$G$297,'1 Participant Bill Impacts'!$C29,'Budget Filing Data'!$B$10:$B$297,'1 Participant Bill Impacts'!$B29) -> 18676363 | E29: =SUMIFS('Budget Filing Data'!$S$10:$S$297,'Budget Filing Data'!$G$10:$G$297,'1 Participant Bill Impacts'!$C29,'Budget Filing Data'!$B$10:$B$297,'1 Participant Bill Impacts'!$B29) -> 196659.83 | F29: =SUMIFS('Budget Filing Data'!BA$10:BA$297,'Budget Filing Data'!$G$10:$G$297,'1 Participant Bill Impacts'!$C29,'Budget Filing Data'!$B$10:$B$297,'1 Participant Bill Impacts'!$B29) -> 6565018 | G29: =SUMIFS('Budget Filing Data'!BB$10:BB$297,'Budget Filing Data'!$G$10:$G$297,'1 Participant Bill Impacts'!$C29,'Budget Filing Data'!$B$10:$B$297,'1 Participant Bill Impacts'!$B29) -> 251777.37 | H29: =F29+G29 -> 6816795.3 | I29: =F29/D29 -> 0.3515148 | J29: =G29/E29 -> 1.2802684
B30: 2030 | C30: Industrial | D30: =SUMIFS('Budget Filing Data'!$Q$10:$Q$297,'Budget Filing Data'!$G$10:$G$297,'1 Participant Bill Impacts'!$C30,'Budget Filing Data'!$B$10:$B$297,'1 Participant Bill Impacts'!$B30) -> 18001363 | E30: =SUMIFS('Budget Filing Data'!$S$10:$S$297,'Budget Filing Data'!$G$10:$G$297,'1 Participant Bill Impacts'!$C30,'Budget Filing Data'!$B$10:$B$297,'1 Participant Bill Impacts'!$B30) -> 174159.83 | F30: =SUMIFS('Budget Filing Data'!BA$10:BA$297,'Budget Filing Data'!$G$10:$G$297,'1 Participant Bill Impacts'!$C30,'Budget Filing Data'!$B$10:$B$297,'1 Participant Bill Impacts'!$B30) -> 6530123.8 | G30: =SUMIFS('Budget Filing Data'!BB$10:BB$297,'Budget Filing Data'!$G$10:$G$297,'1 Participant Bill Impacts'!$C30,'Budget Filing Data'!$B$10:$B$297,'1 Participant Bill Impacts'!$B30) -> 229615.03 | H30: =F30+G30 -> 6759738.8 | I30: =F30/D30 -> 0.36275719 | J30: =G30/E30 -> 1.3184155
B31: 2031 | C31: Industrial | D31: =SUMIFS('Budget Filing Data'!$Q$10:$Q$297,'Budget Filing Data'!$G$10:$G$297,'1 Participant Bill Impacts'!$C31,'Budget Filing Data'!$B$10:$B$297,'1 Participant Bill Impacts'!$B31) -> 17326363 | E31: =SUMIFS('Budget Filing Data'!$S$10:$S$297,'Budget Filing Data'!$G$10:$G$297,'1 Participant Bill Impacts'!$C31,'Budget Filing Data'!$B$10:$B$297,'1 Participant Bill Impacts'!$B31) -> 174159.83 | F31: =SUMIFS('Budget Filing Data'!BA$10:BA$297,'Budget Filing Data'!$G$10:$G$297,'1 Participant Bill Impacts'!$C31,'Budget Filing Data'!$B$10:$B$297,'1 Participant Bill Impacts'!$B31) -> 6487285.7 | G31: =SUMIFS('Budget Filing Data'!BB$10:BB$297,'Budget Filing Data'!$G$10:$G$297,'1 Participant Bill Impacts'!$C31,'Budget Filing Data'!$B$10:$B$297,'1 Participant Bill Impacts'!$B31) -> 236502.32 | H31: =F31+G31 -> 6723788.1 | I31: =F31/D31 -> 0.37441705 | J31: =G31/E31 -> 1.3579614
B32: Reference: 2024 | C32: Agricultural | D32: 1977.3 | E32: 94108.796 | F32: 493.39896 | G32: 5585.154 | H32: =F32+G32 -> 6078.553 | I32: =F32/D32 -> 0.24953167 | J32: =G32/E32 -> 0.059347843
B33: 2028 | C33: Agricultural | D33: =SUMIFS('Budget Filing Data'!$Q$10:$Q$297,'Budget Filing Data'!$G$10:$G$297,'1 Participant Bill Impacts'!$C33,'Budget Filing Data'!$B$10:$B$297,'1 Participant Bill Impacts'!$B33) -> 17445.24 | E33: =SUMIFS('Budget Filing Data'!$S$10:$S$297,'Budget Filing Data'!$G$10:$G$297,'1 Participant Bill Impacts'!$C33,'Budget Filing Data'!$B$10:$B$297,'1 Participant Bill Impacts'!$B33) -> 0 | F33: =SUMIFS('Budget Filing Data'!BA$10:BA$297,'Budget Filing Data'!$G$10:$G$297,'1 Participant Bill Impacts'!$C33,'Budget Filing Data'!$B$10:$B$297,'1 Participant Bill Impacts'!$B33) -> 4217.6487 | G33: =SUMIFS('Budget Filing Data'!BB$10:BB$297,'Budget Filing Data'!$G$10:$G$297,'1 Participant Bill Impacts'!$C33,'Budget Filing Data'!$B$10:$B$297,'1 Participant Bill Impacts'!$B33) -> 0 | H33: =F33+G33 -> 4217.6487 | I33: =F33/D33 -> 0.24176501 | J33: =IFERROR(G33/E33,("0")) -> 0
B34: 2029 | C34: Agricultural | D34: =SUMIFS('Budget Filing Data'!$Q$10:$Q$297,'Budget Filing Data'!$G$10:$G$297,'1 Participant Bill Impacts'!$C34,'Budget Filing Data'!$B$10:$B$297,'1 Participant Bill Impacts'!$B34) -> 17445.24 | E34: =SUMIFS('Budget Filing Data'!$S$10:$S$297,'Budget Filing Data'!$G$10:$G$297,'1 Participant Bill Impacts'!$C34,'Budget Filing Data'!$B$10:$B$297,'1 Participant Bill Impacts'!$B34) -> 0 | F34: =SUMIFS('Budget Filing Data'!BA$10:BA$297,'Budget Filing Data'!$G$10:$G$297,'1 Participant Bill Impacts'!$C34,'Budget Filing Data'!$B$10:$B$297,'1 Participant Bill Impacts'!$B34) -> 4333.2168 | G34: =SUMIFS('Budget Filing Data'!BB$10:BB$297,'Budget Filing Data'!$G$10:$G$297,'1 Participant Bill Impacts'!$C34,'Budget Filing Data'!$B$10:$B$297,'1 Participant Bill Impacts'!$B34) -> 0 | H34: =F34+G34 -> 4333.2168 | I34: =F34/D34 -> 0.24838963 | J34: =IFERROR(G34/E34,("0")) -> 0
B35: 2030 | C35: Agricultural | D35: =SUMIFS('Budget Filing Data'!$Q$10:$Q$297,'Budget Filing Data'!$G$10:$G$297,'1 Participant Bill Impacts'!$C35,'Budget Filing Data'!$B$10:$B$297,'1 Participant Bill Impacts'!$B35) -> 17445.24 | E35: =SUMIFS('Budget Filing Data'!$S$10:$S$297,'Budget Filing Data'!$G$10:$G$297,'1 Participant Bill Impacts'!$C35,'Budget Filing Data'!$B$10:$B$297,'1 Participant Bill Impacts'!$B35) -> 0 | F35: =SUMIFS('Budget Filing Data'!BA$10:BA$297,'Budget Filing Data'!$G$10:$G$297,'1 Participant Bill Impacts'!$C35,'Budget Filing Data'!$B$10:$B$297,'1 Participant Bill Impacts'!$B35) -> 4451.9669 | G35: =SUMIFS('Budget Filing Data'!BB$10:BB$297,'Budget Filing Data'!$G$10:$G$297,'1 Participant Bill Impacts'!$C35,'Budget Filing Data'!$B$10:$B$297,'1 Participant Bill Impacts'!$B35) -> 0 | H35: =F35+G35 -> 4451.9669 | I35: =F35/D35 -> 0.25519665 | J35: =IFERROR(G35/E35,("0")) -> 0
B36: 2031 | C36: Agricultural | D36: =SUMIFS('Budget Filing Data'!$Q$10:$Q$297,'Budget Filing Data'!$G$10:$G$297,'1 Participant Bill Impacts'!$C36,'Budget Filing Data'!$B$10:$B$297,'1 Participant Bill Impacts'!$B36) -> 17445.24 | E36: =SUMIFS('Budget Filing Data'!$S$10:$S$297,'Budget Filing Data'!$G$10:$G$297,'1 Participant Bill Impacts'!$C36,'Budget Filing Data'!$B$10:$B$297,'1 Participant Bill Impacts'!$B36) -> 0 | F36: =SUMIFS('Budget Filing Data'!BA$10:BA$297,'Budget Filing Data'!$G$10:$G$297,'1 Participant Bill Impacts'!$C36,'Budget Filing Data'!$B$10:$B$297,'1 Participant Bill Impacts'!$B36) -> 4573.9872 | G36: =SUMIFS('Budget Filing Data'!BB$10:BB$297,'Budget Filing Data'!$G$10:$G$297,'1 Participant Bill Impacts'!$C36,'Budget Filing Data'!$B$10:$B$297,'1 Participant Bill Impacts'!$B36) -> 0 | H36: =F36+G36 -> 4573.9872 | I36: =F36/D36 -> 0.26219113 | J36: =IFERROR(G36/E36,("0")) -> 0
B37: Reference: 2024 | C37: Public | D37: 458282.46 | E37: 76468.981 | F37: 146738.23 | G37: 4538.2691 | H37: =F37+G37 -> 151276.49 | I37: =F37/D37 -> 0.32019167 | J37: =G37/E37 -> 0.059347843
B38: 2028 | C38: Public | D38: =SUMIFS('Budget Filing Data'!$Q$10:$Q$297,'Budget Filing Data'!$G$10:$G$297,'1 Participant Bill Impacts'!$C38,'Budget Filing Data'!$B$10:$B$297,'1 Participant Bill Impacts'!$B38) -> 998676.39 | E38: =SUMIFS('Budget Filing Data'!$S$10:$S$297,'Budget Filing Data'!$G$10:$G$297,'1 Participant Bill Impacts'!$C38,'Budget Filing Data'!$B$10:$B$297,'1 Participant Bill Impacts'!$B38) -> 6020.7315 | F38: =SUMIFS('Budget Filing Data'!BA$10:BA$297,'Budget Filing Data'!$G$10:$G$297,'1 Participant Bill Impacts'!$C38,'Budget Filing Data'!$B$10:$B$297,'1 Participant Bill Impacts'!$B38) -> 213078.36 | G38: =SUMIFS('Budget Filing Data'!BB$10:BB$297,'Budget Filing Data'!$G$10:$G$297,'1 Participant Bill Impacts'!$C38,'Budget Filing Data'!$B$10:$B$297,'1 Participant Bill Impacts'!$B38) -> 8346.2724 | H38: =F38+G38 -> 221424.63 | I38: =F38/D38 -> 0.21336076 | J38: =G38/E38 -> 1.3862555
B39: 2029 | C39: Public | D39: =SUMIFS('Budget Filing Data'!$Q$10:$Q$297,'Budget Filing Data'!$G$10:$G$297,'1 Participant Bill Impacts'!$C39,'Budget Filing Data'!$B$10:$B$297,'1 Participant Bill Impacts'!$B39) -> 1152914.8 | E39: =SUMIFS('Budget Filing Data'!$S$10:$S$297,'Budget Filing Data'!$G$10:$G$297,'1 Participant Bill Impacts'!$C39,'Budget Filing Data'!$B$10:$B$297,'1 Participant Bill Impacts'!$B39) -> 11524.287 | F39: =SUMIFS('Budget Filing Data'!BA$10:BA$297,'Budget Filing Data'!$G$10:$G$297,'1 Participant Bill Impacts'!$C39,'Budget Filing Data'!$B$10:$B$297,'1 Participant Bill Impacts'!$B39) -> 260552.92 | G39: =SUMIFS('Budget Filing Data'!BB$10:BB$297,'Budget Filing Data'!$G$10:$G$297,'1 Participant Bill Impacts'!$C39,'Budget Filing Data'!$B$10:$B$297,'1 Participant Bill Impacts'!$B39) -> 13013.55 | H39: =F39+G39 -> 273566.47 | I39: =F39/D39 -> 0.22599494 | J39: =G39/E39 -> 1.1292283
B40: 2030 | C40: Public | D40: =SUMIFS('Budget Filing Data'!$Q$10:$Q$297,'Budget Filing Data'!$G$10:$G$297,'1 Participant Bill Impacts'!$C40,'Budget Filing Data'!$B$10:$B$297,'1 Participant Bill Impacts'!$B40) -> 1376906.8 | E40: =SUMIFS('Budget Filing Data'!$S$10:$S$297,'Budget Filing Data'!$G$10:$G$297,'1 Participant Bill Impacts'!$C40,'Budget Filing Data'!$B$10:$B$297,'1 Participant Bill Impacts'!$B40) -> 8677.2777 | F40: =SUMIFS('Budget Filing Data'!BA$10:BA$297,'Budget Filing Data'!$G$10:$G$297,'1 Participant Bill Impacts'!$C40,'Budget Filing Data'!$B$10:$B$297,'1 Participant Bill Impacts'!$B40) -> 298866.13 | G40: =SUMIFS('Budget Filing Data'!BB$10:BB$297,'Budget Filing Data'!$G$10:$G$297,'1 Participant Bill Impacts'!$C40,'Budget Filing Data'!$B$10:$B$297,'1 Participant Bill Impacts'!$B40) -> 12080.298 | H40: =F40+G40 -> 310946.43 | I40: =F40/D40 -> 0.21705618 | J40: =G40/E40 -> 1.3921761
B41: 2031 | C41: Public | D41: =SUMIFS('Budget Filing Data'!$Q$10:$Q$297,'Budget Filing Data'!$G$10:$G$297,'1 Participant Bill Impacts'!$C41,'Budget Filing Data'!$B$10:$B$297,'1 Participant Bill Impacts'!$B41) -> 1218532.4 | E41: =SUMIFS('Budget Filing Data'!$S$10:$S$297,'Budget Filing Data'!$G$10:$G$297,'1 Participant Bill Impacts'!$C41,'Budget Filing Data'!$B$10:$B$297,'1 Participant Bill Impacts'!$B41) -> 5546.7909 | F41: =SUMIFS('Budget Filing Data'!BA$10:BA$297,'Budget Filing Data'!$G$10:$G$297,'1 Participant Bill Impacts'!$C41,'Budget Filing Data'!$B$10:$B$297,'1 Participant Bill Impacts'!$B41) -> 286643.57 | G41: =SUMIFS('Budget Filing Data'!BB$10:BB$297,'Budget Filing Data'!$G$10:$G$297,'1 Participant Bill Impacts'!$C41,'Budget Filing Data'!$B$10:$B$297,'1 Participant Bill Impacts'!$B41) -> 8004.847 | H41: =F41+G41 -> 294648.41 | I41: =F41/D41 -> 0.23523671 | J41: =G41/E41 -> 1.4431492
B42: Reference: 2024 | C42: Cross Cutting | D42: 2.5063371e+08 | E42: 2537760.3 | F42: 82430920 | G42: 1123805.1 | H42: =F42+G42 -> 83554726 | I42: =F42/D42 -> 0.32889 | J42: =G42/E42 -> 0.44283345
B43: 2028 | C43: Cross Cutting | D43: =SUMIFS('Budget Filing Data'!$Q$10:$Q$297,'Budget Filing Data'!$G$10:$G$297,'1 Participant Bill Impacts'!$C43,'Budget Filing Data'!$B$10:$B$297,'1 Participant Bill Impacts'!$B43) -> 1.4092363e+08 | E43: =SUMIFS('Budget Filing Data'!$S$10:$S$297,'Budget Filing Data'!$G$10:$G$297,'1 Participant Bill Impacts'!$C43,'Budget Filing Data'!$B$10:$B$297,'1 Participant Bill Impacts'!$B43) -> 1683383.4 | F43: =SUMIFS('Budget Filing Data'!BA$10:BA$297,'Budget Filing Data'!$G$10:$G$297,'1 Participant Bill Impacts'!$C43,'Budget Filing Data'!$B$10:$B$297,'1 Participant Bill Impacts'!$B43) -> 22812644 | G43: =SUMIFS('Budget Filing Data'!BB$10:BB$297,'Budget Filing Data'!$G$10:$G$297,'1 Participant Bill Impacts'!$C43,'Budget Filing Data'!$B$10:$B$297,'1 Participant Bill Impacts'!$B43) -> 4599023.4 | H43: =F43+G43 -> 27411668 | I43: =F43/D43 -> 0.16187948 | J43: =G43/E43 -> 2.7320119
B44: 2029 | C44: Cross Cutting | D44: =SUMIFS('Budget Filing Data'!$Q$10:$Q$297,'Budget Filing Data'!$G$10:$G$297,'1 Participant Bill Impacts'!$C44,'Budget Filing Data'!$B$10:$B$297,'1 Participant Bill Impacts'!$B44) -> 1.1584303e+08 | E44: =SUMIFS('Budget Filing Data'!$S$10:$S$297,'Budget Filing Data'!$G$10:$G$297,'1 Participant Bill Impacts'!$C44,'Budget Filing Data'!$B$10:$B$297,'1 Participant Bill Impacts'!$B44) -> 1549783.6 | F44: =SUMIFS('Budget Filing Data'!BA$10:BA$297,'Budget Filing Data'!$G$10:$G$297,'1 Participant Bill Impacts'!$C44,'Budget Filing Data'!$B$10:$B$297,'1 Participant Bill Impacts'!$B44) -> 19028092 | G44: =SUMIFS('Budget Filing Data'!BB$10:BB$297,'Budget Filing Data'!$G$10:$G$297,'1 Participant Bill Impacts'!$C44,'Budget Filing Data'!$B$10:$B$297,'1 Participant Bill Impacts'!$B44) -> 4119579.9 | H44: =F44+G44 -> 23147672 | I44: =F44/D44 -> 0.16425755 | J44: =G44/E44 -> 2.6581647
B45: 2030 | C45: Cross Cutting | D45: =SUMIFS('Budget Filing Data'!$Q$10:$Q$297,'Budget Filing Data'!$G$10:$G$297,'1 Participant Bill Impacts'!$C45,'Budget Filing Data'!$B$10:$B$297,'1 Participant Bill Impacts'!$B45) -> 1.0706193e+08 | E45: =SUMIFS('Budget Filing Data'!$S$10:$S$297,'Budget Filing Data'!$G$10:$G$297,'1 Participant Bill Impacts'!$C45,'Budget Filing Data'!$B$10:$B$297,'1 Participant Bill Impacts'!$B45) -> 1534450.3 | F45: =SUMIFS('Budget Filing Data'!BA$10:BA$297,'Budget Filing Data'!$G$10:$G$297,'1 Participant Bill Impacts'!$C45,'Budget Filing Data'!$B$10:$B$297,'1 Participant Bill Impacts'!$B45) -> 18092633 | G45: =SUMIFS('Budget Filing Data'!BB$10:BB$297,'Budget Filing Data'!$G$10:$G$297,'1 Participant Bill Impacts'!$C45,'Budget Filing Data'!$B$10:$B$297,'1 Participant Bill Impacts'!$B45) -> 4126547.9 | H45: =F45+G45 -> 22219181 | I45: =F45/D45 -> 0.16899221 | J45: =G45/E45 -> 2.6892679
B46: 2031 | C46: Cross Cutting | D46: =SUMIFS('Budget Filing Data'!$Q$10:$Q$297,'Budget Filing Data'!$G$10:$G$297,'1 Participant Bill Impacts'!$C46,'Budget Filing Data'!$B$10:$B$297,'1 Participant Bill Impacts'!$B46) -> 1.015947e+08 | E46: =SUMIFS('Budget Filing Data'!$S$10:$S$297,'Budget Filing Data'!$G$10:$G$297,'1 Participant Bill Impacts'!$C46,'Budget Filing Data'!$B$10:$B$297,'1 Participant Bill Impacts'!$B46) -> 1506657.6 | F46: =SUMIFS('Budget Filing Data'!BA$10:BA$297,'Budget Filing Data'!$G$10:$G$297,'1 Participant Bill Impacts'!$C46,'Budget Filing Data'!$B$10:$B$297,'1 Participant Bill Impacts'!$B46) -> 17639103 | G46: =SUMIFS('Budget Filing Data'!BB$10:BB$297,'Budget Filing Data'!$G$10:$G$297,'1 Participant Bill Impacts'!$C46,'Budget Filing Data'!$B$10:$B$297,'1 Participant Bill Impacts'!$B46) -> 4090705.9 | H46: =F46+G46 -> 21729808 | I46: =F46/D46 -> 0.17362227 | J46: =G46/E46 -> 2.7150867
B47: Reference: 2024 | C47: Portfolio Support | D47: 0 | E47: 0 | F47: 0 | G47: 0 | H47: =F47+G47 -> 0 | I47: =IFERROR(F47/D47,"N/A") -> N/A | J47: =IFERROR(G47/E47,("N/A")) -> N/A
B48: 2028 | C48: Portfolio Support | D48: =SUMIFS('Budget Filing Data'!$Q$10:$Q$297,'Budget Filing Data'!$G$10:$G$297,'1 Participant Bill Impacts'!$C48,'Budget Filing Data'!$B$10:$B$297,'1 Participant Bill Impacts'!$B48) -> 0 | E48: =SUMIFS('Budget Filing Data'!$S$10:$S$297,'Budget Filing Data'!$G$10:$G$297,'1 Participant Bill Impacts'!$C48,'Budget Filing Data'!$B$10:$B$297,'1 Participant Bill Impacts'!$B48) -> 0 | F48: =SUMIFS('Budget Filing Data'!BA$10:BA$297,'Budget Filing Data'!$G$10:$G$297,'1 Participant Bill Impacts'!$C48,'Budget Filing Data'!$B$10:$B$297,'1 Participant Bill Impacts'!$B48) -> 0 | G48: =SUMIFS('Budget Filing Data'!BB$10:BB$297,'Budget Filing Data'!$G$10:$G$297,'1 Participant Bill Impacts'!$C48,'Budget Filing Data'!$B$10:$B$297,'1 Participant Bill Impacts'!$B48) -> 0 | H48: =F48+G48 -> 0 | I48: =IFERROR(F48/D48,"0") -> 0 | J48: =IFERROR(G48/E48,("0")) -> 0
B49: 2029 | C49: Portfolio Support | D49: =SUMIFS('Budget Filing Data'!$Q$10:$Q$297,'Budget Filing Data'!$G$10:$G$297,'1 Participant Bill Impacts'!$C49,'Budget Filing Data'!$B$10:$B$297,'1 Participant Bill Impacts'!$B49) -> 0 | E49: =SUMIFS('Budget Filing Data'!$S$10:$S$297,'Budget Filing Data'!$G$10:$G$297,'1 Participant Bill Impacts'!$C49,'Budget Filing Data'!$B$10:$B$297,'1 Participant Bill Impacts'!$B49) -> 0 | F49: =SUMIFS('Budget Filing Data'!BA$10:BA$297,'Budget Filing Data'!$G$10:$G$297,'1 Participant Bill Impacts'!$C49,'Budget Filing Data'!$B$10:$B$297,'1 Participant Bill Impacts'!$B49) -> 0 | G49: =SUMIFS('Budget Filing Data'!BB$10:BB$297,'Budget Filing Data'!$G$10:$G$297,'1 Participant Bill Impacts'!$C49,'Budget Filing Data'!$B$10:$B$297,'1 Participant Bill Impacts'!$B49) -> 0 | H49: =F49+G49 -> 0 | I49: =IFERROR(F49/D49,"0") -> 0 | J49: =IFERROR(G49/E49,("0")) -> 0
B50: 2030 | C50: Portfolio Support | D50: =SUMIFS('Budget Filing Data'!$Q$10:$Q$297,'Budget Filing Data'!$G$10:$G$297,'1 Participant Bill Impacts'!$C50,'Budget Filing Data'!$B$10:$B$297,'1 Participant Bill Impacts'!$B50) -> 0 | E50: =SUMIFS('Budget Filing Data'!$S$10:$S$297,'Budget Filing Data'!$G$10:$G$297,'1 Participant Bill Impacts'!$C50,'Budget Filing Data'!$B$10:$B$297,'1 Participant Bill Impacts'!$B50) -> 0 | F50: =SUMIFS('Budget Filing Data'!BA$10:BA$297,'Budget Filing Data'!$G$10:$G$297,'1 Participant Bill Impacts'!$C50,'Budget Filing Data'!$B$10:$B$297,'1 Participant Bill Impacts'!$B50) -> 0 | G50: =SUMIFS('Budget Filing Data'!BB$10:BB$297,'Budget Filing Data'!$G$10:$G$297,'1 Participant Bill Impacts'!$C50,'Budget Filing Data'!$B$10:$B$297,'1 Participant Bill Impacts'!$B50) -> 0 | H50: =F50+G50 -> 0 | I50: =IFERROR(F50/D50,"0") -> 0 | J50: =IFERROR(G50/E50,("0")) -> 0
B51: 2031 | C51: Portfolio Support | D51: =SUMIFS('Budget Filing Data'!$Q$10:$Q$297,'Budget Filing Data'!$G$10:$G$297,'1 Participant Bill Impacts'!$C51,'Budget Filing Data'!$B$10:$B$297,'1 Participant Bill Impacts'!$B51) -> 0 | E51: =SUMIFS('Budget Filing Data'!$S$10:$S$297,'Budget Filing Data'!$G$10:$G$297,'1 Participant Bill Impacts'!$C51,'Budget Filing Data'!$B$10:$B$297,'1 Participant Bill Impacts'!$B51) -> 0 | F51: =SUMIFS('Budget Filing Data'!BA$10:BA$297,'Budget Filing Data'!$G$10:$G$297,'1 Participant Bill Impacts'!$C51,'Budget Filing Data'!$B$10:$B$297,'1 Participant Bill Impacts'!$B51) -> 0 | G51: =SUMIFS('Budget Filing Data'!BB$10:BB$297,'Budget Filing Data'!$G$10:$G$297,'1 Participant Bill Impacts'!$C51,'Budget Filing Data'!$B$10:$B$297,'1 Participant Bill Impacts'!$B51) -> 0 | H51: =F51+G51 -> 0 | I51: =IFERROR(F51/D51,"0") -> 0 | J51: =IFERROR(G51/E51,("0")) -> 0
B52: 1 For Reference Year 2024, Participant First year Electric and Gas Net Savings are based on CEDARs claim data reported from SDG&E's 2024 Annual Report
B53: 2 For Reference Year 2024, the Total Average Bill Savings for Electric and Gas customers are sourced from SDG&E’s 2024 Annual Report Appendix A Data Tables, specifically Table T‑5: Bill Impacts. The Total Average Annual Bill Savings for Electric and Gas were derived from the Estimated First Year Bill Savings for each applicable commodity and customer sector. This approach was implemented because the 2024 CEDARS claim data did not include the necessary fields to calculate the total average annual bill savings.
B55: 3 For Reference Year 2024, Bill Savings values reflect undiscounted annual bill savings and do not apply net present value (NPV) treatment to future years. By contrast, the CET values (2028–2031) discount savings over each measure’s effective useful life (EUL). Accordingly, programs with short EULs track more closely to the actual bill savings, while programs with longer EULs exhibit larger differences.

Sheet 2 Rates Rev- IOU Only
B2: Description | C2: Presents the projected changes in electric and gas revenues, rates, and the energy efficiency portion of rates by customer class, illustrating the impact of proposed energy efficiency investments on utility bills. (This Table applies only to the IOU PAs.)
B3: Instructions | C3: Populate only the blue highlighted cells. Review and complete the table accordingly.
B5: PA Name: | C5: ='Read Me'!B10 -> SDG&E
B6: Budget Year: | C6: ='Read Me'!B11 -> 2028-2035
D10: Net Present Value of Lifecycle RIM Electric Benefits / Weighted EUL | E10: Net Present Value of Lifecycle RIM Gas Benefits / Weighted EUL | F10: Net Present Value of Lifecycle RIM Electric Costs / Weighted EUL | G10: Net Present Value of Lifecycle RIM Gas Costs / Weighted EUL | H10: RIM Electric Benefits - RIM Electric Costs | I10: RIM Electric Benefits - RIM Electric Costs | J10: Use either IEPR reported or GRC forecasted sales (sector-specific). Provide link to the referenced source. | L10: Net Electric RIM Benefits/2024 Baseline Energy Electric Sales | M10: Net Gas RIM Benefits/2024 Baseline Energy Gas Sales
B11: Program Year | C11: Sector3,5 | D11: Annualized RIM Electric Benefits | E11: Annualized RIM Gas Benefits | F11: Annualized RIM Electric Costs | G11: AnnualizedRIM Gas Costs | H11: Net Annualized Electric RIM Benefits | I11: Net Annualized Gas RIM Benefits | J11: Forecast 2024 Electric Sales (kWh)2 | K11: Forecast 2024 Gas Sales (Therms)4,6 | L11: $/kWh Impacts | M11: $/Therm Impacts
B12: Reference: 20241 | C12: Total | D12: =D17+D22+D27+D32+D37+D42+D47 -> 19242052 | E12: =E17+E22+E27+E32+E37+E42+E47 -> 12934022 | F12: =F17+F22+F27+F32+F37+F42+F47 -> 93322404 | G12: =G17+G22+G27+G32+G37+G42+G47 -> 2986531.8 | H12: =D12-F12 -> -74080352 | I12: =E12-G12 -> 9947490.5 | J12: =J17+J22+J27+J32+J37+J42+J47 -> 1.6902546e+10 | K12: =K17+K22+K27+K32+K37+K42+K47 -> 8.8717664e+08 | L12: =H12/$J$12 -> -0.0043827925 | M12: =I12/$K$12 -> 0.011212525
B13: 2028 | C13: Total | D13: =D18+D23+D28+D33+D38+D43+D48 -> 15340108 | E13: =E18+E23+E28+E33+E38+E43+E48 -> 10741911 | F13: =F18+F23+F28+F33+F38+F43+F48 -> 56761000 | G13: =G18+G23+G28+G33+G38+G43+G48 -> 12481052 | H13: =D13-F13 -> -41420893 | I13: =E13-G13 -> -1739141.2 | L13: =H13/$J$12 -> -0.0024505712 | M13: =I13/$K$12 -> -0.00196031
B14: 2029 | C14: Total | D14: =D19+D24+D29+D34+D39+D44+D49 -> 15427302 | E14: =E19+E24+E29+E34+E39+E44+E49 -> 10479404 | F14: =F19+F24+F29+F34+F39+F44+F49 -> 55894959 | G14: =G19+G24+G29+G34+G39+G44+G49 -> 11911399 | H14: =D14-F14 -> -40467657 | I14: =E14-G14 -> -1431995.3 | L14: =H14/$J$12 -> -0.0023941752 | M14: =I14/$K$12 -> -0.0016141039
B15: 2030 | C15: Total | D15: =D20+D25+D30+D35+D40+D45+D50 -> 18054278 | E15: =E20+E25+E30+E35+E40+E45+E50 -> 10690452 | F15: =F20+F25+F30+F35+F40+F45+F50 -> 63798358 | G15: =G20+G25+G30+G35+G40+G45+G50 -> 12127536 | H15: =D15-F15 -> -45744080 | I15: =E15-G15 -> -1437083.7 | L15: =H15/$J$12 -> -0.0027063426 | M15: =I15/$K$12 -> -0.0016198394
B16: 2031 | C16: Total | D16: =D21+D26+D31+D36+D41+D46+D51 -> 22836699 | E16: =E21+E26+E31+E36+E41+E46+E51 -> 11087691 | F16: =F21+F26+F31+F36+F41+F46+F51 -> 80718107 | G16: =G21+G26+G31+G36+G41+G46+G51 -> 12994545 | H16: =D16-F16 -> -57881408 | I16: =E16-G16 -> -1906854 | L16: =H16/$J$12 -> -0.0034244195 | M16: =I16/$K$12 -> -0.002149351
B17: Reference: 20241 | C17: Residential | D17: =SUMIFS('Rates Rev - 2024'!$AG$8:$AG$102,'Rates Rev - 2024'!$E$8:$E$102,'2 Rates Rev- IOU Only'!$C17) -> 5176044.9 | E17: =SUMIFS('Rates Rev - 2024'!$AH$8:$AH102,'Rates Rev - 2024'!$E$8:$E$102,'2 Rates Rev- IOU Only'!$C17) -> 3771893.9 | F17: =SUMIFS('Rates Rev - 2024'!$AI$8:$AI102,'Rates Rev - 2024'!$E$8:$E$102,'2 Rates Rev- IOU Only'!$C17) -> 9763566.5 | G17: =SUMIFS('Rates Rev - 2024'!$AJ$8:$AJ102,'Rates Rev - 2024'!$E$8:$E$102,'2 Rates Rev- IOU Only'!$C17) -> 1232066.4 | H17: =D17-F17 -> -4587521.7 | I17: =E17-G17 -> 2539827.5 | J17: 4.9896212e+09 | K17: 2.5853308e+08 | L17: =H17/$J$17 -> -0.0009194128 | M17: =I17/$K$17 -> 0.0098239943
B18: 2028 | C18: Residential | D18: =SUMIFS('Budget Filing Data'!BH$10:BH$997057,'Budget Filing Data'!$B$10:$B$997057,'2 Rates Rev- IOU Only'!B18,'Budget Filing Data'!$G$10:$G$997057,'2 Rates Rev- IOU Only'!C18) -> 4444251.1 | E18: =SUMIFS('Budget Filing Data'!BI$10:BI$997057,'Budget Filing Data'!$B$10:$B$997057,'2 Rates Rev- IOU Only'!B18,'Budget Filing Data'!$G$10:$G$997057,C18) -> 2636648.5 | F18: =SUMIFS('Budget Filing Data'!BJ$10:BJ$997057,'Budget Filing Data'!$B$10:$B$997057,B18,'Budget Filing Data'!$G$10:$G$997057,'2 Rates Rev- IOU Only'!C18) -> 18306441 | G18: =SUMIFS('Budget Filing Data'!BK$10:BK$997057,'Budget Filing Data'!$B$10:$B$997057,B18,'Budget Filing Data'!$G$10:$G$997057,C18) -> 4502000.9 | H18: =D18-F18 -> -13862190 | I18: =E18-G18 -> -1865352.4 | L18: =H18/$J$17 -> -0.0027782048 | M18: =I18/$K$17 -> -0.0072151402
B19: 2029 | C19: Residential | D19: =SUMIFS('Budget Filing Data'!BH$10:BH$997057,'Budget Filing Data'!$B$10:$B$997057,'2 Rates Rev- IOU Only'!B19,'Budget Filing Data'!$G$10:$G$997057,'2 Rates Rev- IOU Only'!C19) -> 6075892.2 | E19: =SUMIFS('Budget Filing Data'!BI$10:BI$997057,'Budget Filing Data'!$B$10:$B$997057,'2 Rates Rev- IOU Only'!B19,'Budget Filing Data'!$G$10:$G$997057,C19) -> 2586936.9 | F19: =SUMIFS('Budget Filing Data'!BJ$10:BJ$997057,'Budget Filing Data'!$B$10:$B$997057,B19,'Budget Filing Data'!$G$10:$G$997057,'2 Rates Rev- IOU Only'!C19) -> 22659329 | G19: =SUMIFS('Budget Filing Data'!BK$10:BK$997057,'Budget Filing Data'!$B$10:$B$997057,B19,'Budget Filing Data'!$G$10:$G$997057,C19) -> 4564040.9 | H19: =D19-F19 -> -16583437 | I19: =E19-G19 -> -1977104 | L19: =H19/$J$17 -> -0.0033235864 | M19: =I19/$K$17 -> -0.0076473928
B20: 2030 | C20: Residential | D20: =SUMIFS('Budget Filing Data'!BH$10:BH$997057,'Budget Filing Data'!$B$10:$B$997057,'2 Rates Rev- IOU Only'!B20,'Budget Filing Data'!$G$10:$G$997057,'2 Rates Rev- IOU Only'!C20) -> 8876040.5 | E20: =SUMIFS('Budget Filing Data'!BI$10:BI$997057,'Budget Filing Data'!$B$10:$B$997057,'2 Rates Rev- IOU Only'!B20,'Budget Filing Data'!$G$10:$G$997057,C20) -> 2514306.7 | F20: =SUMIFS('Budget Filing Data'!BJ$10:BJ$997057,'Budget Filing Data'!$B$10:$B$997057,B20,'Budget Filing Data'!$G$10:$G$997057,'2 Rates Rev- IOU Only'!C20) -> 31381965 | G20: =SUMIFS('Budget Filing Data'!BK$10:BK$997057,'Budget Filing Data'!$B$10:$B$997057,B20,'Budget Filing Data'!$G$10:$G$997057,C20) -> 4792877.5 | H20: =D20-F20 -> -22505925 | I20: =E20-G20 -> -2278570.7 | L20: =H20/$J$17 -> -0.0045105477 | M20: =I20/$K$17 -> -0.0088134592
B21: 2031 | C21: Residential | D21: =SUMIFS('Budget Filing Data'!BH$10:BH$997057,'Budget Filing Data'!$B$10:$B$997057,'2 Rates Rev- IOU Only'!B21,'Budget Filing Data'!$G$10:$G$997057,'2 Rates Rev- IOU Only'!C21) -> 13806234 | E21: =SUMIFS('Budget Filing Data'!BI$10:BI$997057,'Budget Filing Data'!$B$10:$B$997057,'2 Rates Rev- IOU Only'!B21,'Budget Filing Data'!$G$10:$G$997057,C21) -> 2689181.5 | F21: =SUMIFS('Budget Filing Data'!BJ$10:BJ$997057,'Budget Filing Data'!$B$10:$B$997057,B21,'Budget Filing Data'!$G$10:$G$997057,'2 Rates Rev- IOU Only'!C21) -> 48677841 | G21: =SUMIFS('Budget Filing Data'!BK$10:BK$997057,'Budget Filing Data'!$B$10:$B$997057,B21,'Budget Filing Data'!$G$10:$G$997057,C21) -> 5688332 | H21: =D21-F21 -> -34871607 | I21: =E21-G21 -> -2999150.5 | L21: =H21/$J$17 -> -0.0069888284 | M21: =I21/$K$17 -> -0.011600645
B22: Reference: 20241 | C22: Commercial | D22: =SUMIFS('Rates Rev - 2024'!$AG$8:$AG$102,'Rates Rev - 2024'!$E$8:$E$102,'2 Rates Rev- IOU Only'!$C22) -> 2281966.8 | E22: =SUMIFS('Rates Rev - 2024'!$AH$8:$AH$102,'Rates Rev - 2024'!$E$8:$E$102,'2 Rates Rev- IOU Only'!$C22) -> 2011525.1 | F22: =SUMIFS('Rates Rev - 2024'!$AI$8:$AI$102,'Rates Rev - 2024'!$E$8:$E$102,'2 Rates Rev- IOU Only'!$C22) -> 645957.45 | G22: =SUMIFS('Rates Rev - 2024'!$AJ$8:$AJ$102,'Rates Rev - 2024'!$E$8:$E$102,'2 Rates Rev- IOU Only'!$C22) -> 548237.19 | H22: =D22-F22 -> 1636009.4 | I22: =E22-G22 -> 1463287.9 | J22: 7.856944e+09 | K22: 2.0520963e+08 | L22: =H22/$J$22 -> 0.00020822464 | M22: =I22/$K$22 -> 0.007130698
B23: 2028 | C23: Commercial | D23: =SUMIFS('Budget Filing Data'!BH$10:BH$997057,'Budget Filing Data'!$B$10:$B$997057,'2 Rates Rev- IOU Only'!B23,'Budget Filing Data'!$G$10:$G$997057,'2 Rates Rev- IOU Only'!C23) -> 1661337.5 | E23: =SUMIFS('Budget Filing Data'!BI$10:BI$997057,'Budget Filing Data'!$B$10:$B$997057,'2 Rates Rev- IOU Only'!B23,'Budget Filing Data'!$G$10:$G$997057,C23) -> 2044285.8 | F23: =SUMIFS('Budget Filing Data'!BJ$10:BJ$997057,'Budget Filing Data'!$B$10:$B$997057,B23,'Budget Filing Data'!$G$10:$G$997057,'2 Rates Rev- IOU Only'!C23) -> 7599312.9 | G23: =SUMIFS('Budget Filing Data'!BK$10:BK$997057,'Budget Filing Data'!$B$10:$B$997057,B23,'Budget Filing Data'!$G$10:$G$997057,C23) -> 2151245.6 | H23: =D23-F23 -> -5937975.4 | I23: =E23-G23 -> -106959.77 | L23: =H23/$J$22 -> -0.00075576145 | M23: =I23/$K$22 -> -0.00052122196
B24: 2029 | C24: Commercial | D24: =SUMIFS('Budget Filing Data'!BH$10:BH$997057,'Budget Filing Data'!$B$10:$B$997057,'2 Rates Rev- IOU Only'!B24,'Budget Filing Data'!$G$10:$G$997057,'2 Rates Rev- IOU Only'!C24) -> 1270342.7 | E24: =SUMIFS('Budget Filing Data'!BI$10:BI$997057,'Budget Filing Data'!$B$10:$B$997057,'2 Rates Rev- IOU Only'!B24,'Budget Filing Data'!$G$10:$G$997057,C24) -> 2023128.3 | F24: =SUMIFS('Budget Filing Data'!BJ$10:BJ$997057,'Budget Filing Data'!$B$10:$B$997057,B24,'Budget Filing Data'!$G$10:$G$997057,'2 Rates Rev- IOU Only'!C24) -> 6180842 | G24: =SUMIFS('Budget Filing Data'!BK$10:BK$997057,'Budget Filing Data'!$B$10:$B$997057,B24,'Budget Filing Data'!$G$10:$G$997057,C24) -> 2029841.7 | H24: =D24-F24 -> -4910499.2 | I24: =E24-G24 -> -6713.4227 | L24: =H24/$J$22 -> -0.00062498844 | M24: =I24/$K$22 -> -3.271495e-05
B25: 2030 | C25: Commercial | D25: =SUMIFS('Budget Filing Data'!BH$10:BH$997057,'Budget Filing Data'!$B$10:$B$997057,'2 Rates Rev- IOU Only'!B25,'Budget Filing Data'!$G$10:$G$997057,'2 Rates Rev- IOU Only'!C25) -> 1314622.9 | E25: =SUMIFS('Budget Filing Data'!BI$10:BI$997057,'Budget Filing Data'!$B$10:$B$997057,'2 Rates Rev- IOU Only'!B25,'Budget Filing Data'!$G$10:$G$997057,C25) -> 2124637.6 | F25: =SUMIFS('Budget Filing Data'!BJ$10:BJ$997057,'Budget Filing Data'!$B$10:$B$997057,B25,'Budget Filing Data'!$G$10:$G$997057,'2 Rates Rev- IOU Only'!C25) -> 6317197.8 | G25: =SUMIFS('Budget Filing Data'!BK$10:BK$997057,'Budget Filing Data'!$B$10:$B$997057,B25,'Budget Filing Data'!$G$10:$G$997057,C25) -> 2052301.8 | H25: =D25-F25 -> -5002574.8 | I25: =E25-G25 -> 72335.811 | L25: =H25/$J$22 -> -0.00063670745 | M25: =I25/$K$22 -> 0.00035249716
B26: 2031 | C26: Commercial | D26: =SUMIFS('Budget Filing Data'!BH$10:BH$997057,'Budget Filing Data'!$B$10:$B$997057,'2 Rates Rev- IOU Only'!B26,'Budget Filing Data'!$G$10:$G$997057,'2 Rates Rev- IOU Only'!C26) -> 1332366.7 | E26: =SUMIFS('Budget Filing Data'!BI$10:BI$997057,'Budget Filing Data'!$B$10:$B$997057,'2 Rates Rev- IOU Only'!B26,'Budget Filing Data'!$G$10:$G$997057,C26) -> 2208778.1 | F26: =SUMIFS('Budget Filing Data'!BJ$10:BJ$997057,'Budget Filing Data'!$B$10:$B$997057,B26,'Budget Filing Data'!$G$10:$G$997057,'2 Rates Rev- IOU Only'!C26) -> 6449089.6 | G26: =SUMIFS('Budget Filing Data'!BK$10:BK$997057,'Budget Filing Data'!$B$10:$B$997057,B26,'Budget Filing Data'!$G$10:$G$997057,C26) -> 2057825.9 | H26: =D26-F26 -> -5116723 | I26: =E26-G26 -> 150952.29 | L26: =H26/$J$22 -> -0.00065123577 | M26: =I26/$K$22 -> 0.00073560044
B27: Reference: 20241 | C27: Industrial | D27: =SUMIFS('Rates Rev - 2024'!$AG$8:$AG$102,'Rates Rev - 2024'!$E$8:$E$102,'2 Rates Rev- IOU Only'!$C27) -> 453456.86 | E27: =SUMIFS('Rates Rev - 2024'!$AH$8:$AH$102,'Rates Rev - 2024'!$E$8:$E$102,'2 Rates Rev- IOU Only'!$C27) -> 548909.18 | F27: =SUMIFS('Rates Rev - 2024'!$AI$8:$AI$102,'Rates Rev - 2024'!$E$8:$E$102,'2 Rates Rev- IOU Only'!$C27) -> 1261393.2 | G27: =SUMIFS('Rates Rev - 2024'!$AJ$8:$AJ$102,'Rates Rev - 2024'!$E$8:$E$102,'2 Rates Rev- IOU Only'!$C27) -> 22925.746 | H27: =D27-F27 -> -807936.31 | I27: =E27-G27 -> 525983.43 | J27: 1.805592e+09 | K27: 41362293 | L27: =H27/$J$27 -> -0.00044746338 | M27: =I27/$K$27 -> 0.012716496
B28: 2028 | C28: Industrial | D28: =SUMIFS('Budget Filing Data'!BH$10:BH$997057,'Budget Filing Data'!$B$10:$B$997057,'2 Rates Rev- IOU Only'!B28,'Budget Filing Data'!$G$10:$G$997057,'2 Rates Rev- IOU Only'!C28) -> 1524298.5 | E28: =SUMIFS('Budget Filing Data'!BI$10:BI$997057,'Budget Filing Data'!$B$10:$B$997057,'2 Rates Rev- IOU Only'!B28,'Budget Filing Data'!$G$10:$G$997057,C28) -> 427144.01 | F28: =SUMIFS('Budget Filing Data'!BJ$10:BJ$997057,'Budget Filing Data'!$B$10:$B$997057,B28,'Budget Filing Data'!$G$10:$G$997057,'2 Rates Rev- IOU Only'!C28) -> 7689029.5 | G28: =SUMIFS('Budget Filing Data'!BK$10:BK$997057,'Budget Filing Data'!$B$10:$B$997057,B28,'Budget Filing Data'!$G$10:$G$997057,C28) -> 1121554.9 | H28: =D28-F28 -> -6164731 | I28: =E28-G28 -> -694410.93 | L28: =H28/$J$27 -> -0.0034142436 | M28: =I28/$K$27 -> -0.016788502
B29: 2029 | C29: Industrial | D29: =SUMIFS('Budget Filing Data'!BH$10:BH$997057,'Budget Filing Data'!$B$10:$B$997057,'2 Rates Rev- IOU Only'!B29,'Budget Filing Data'!$G$10:$G$997057,'2 Rates Rev- IOU Only'!C29) -> 1564813.9 | E29: =SUMIFS('Budget Filing Data'!BI$10:BI$997057,'Budget Filing Data'!$B$10:$B$997057,'2 Rates Rev- IOU Only'!B29,'Budget Filing Data'!$G$10:$G$997057,C29) -> 403081.92 | F29: =SUMIFS('Budget Filing Data'!BJ$10:BJ$997057,'Budget Filing Data'!$B$10:$B$997057,B29,'Budget Filing Data'!$G$10:$G$997057,'2 Rates Rev- IOU Only'!C29) -> 7625974.6 | G29: =SUMIFS('Budget Filing Data'!BK$10:BK$997057,'Budget Filing Data'!$B$10:$B$997057,B29,'Budget Filing Data'!$G$10:$G$997057,C29) -> 1085386.2 | H29: =D29-F29 -> -6061160.8 | I29: =E29-G29 -> -682304.27 | L29: =H29/$J$27 -> -0.0033568828 | M29: =I29/$K$27 -> -0.016495804
B30: 2030 | C30: Industrial | D30: =SUMIFS('Budget Filing Data'!BH$10:BH$997057,'Budget Filing Data'!$B$10:$B$997057,'2 Rates Rev- IOU Only'!B30,'Budget Filing Data'!$G$10:$G$997057,'2 Rates Rev- IOU Only'!C30) -> 1564120.4 | E30: =SUMIFS('Budget Filing Data'!BI$10:BI$997057,'Budget Filing Data'!$B$10:$B$997057,'2 Rates Rev- IOU Only'!B30,'Budget Filing Data'!$G$10:$G$997057,C30) -> 375484.71 | F30: =SUMIFS('Budget Filing Data'!BJ$10:BJ$997057,'Budget Filing Data'!$B$10:$B$997057,B30,'Budget Filing Data'!$G$10:$G$997057,'2 Rates Rev- IOU Only'!C30) -> 7567416.8 | G30: =SUMIFS('Budget Filing Data'!BK$10:BK$997057,'Budget Filing Data'!$B$10:$B$997057,B30,'Budget Filing Data'!$G$10:$G$997057,C30) -> 1044631 | H30: =D30-F30 -> -6003296.4 | I30: =E30-G30 -> -669146.28 | L30: =H30/$J$27 -> -0.0033248354 | M30: =I30/$K$27 -> -0.016177688
B31: 2031 | C31: Industrial | D31: =SUMIFS('Budget Filing Data'!BH$10:BH$997057,'Budget Filing Data'!$B$10:$B$997057,'2 Rates Rev- IOU Only'!B31,'Budget Filing Data'!$G$10:$G$997057,'2 Rates Rev- IOU Only'!C31) -> 1552823.2 | E31: =SUMIFS('Budget Filing Data'!BI$10:BI$997057,'Budget Filing Data'!$B$10:$B$997057,'2 Rates Rev- IOU Only'!B31,'Budget Filing Data'!$G$10:$G$997057,C31) -> 395181.77 | F31: =SUMIFS('Budget Filing Data'!BJ$10:BJ$997057,'Budget Filing Data'!$B$10:$B$997057,B31,'Budget Filing Data'!$G$10:$G$997057,'2 Rates Rev- IOU Only'!C31) -> 7521266.8 | G31: =SUMIFS('Budget Filing Data'!BK$10:BK$997057,'Budget Filing Data'!$B$10:$B$997057,B31,'Budget Filing Data'!$G$10:$G$997057,C31) -> 1048916 | H31: =D31-F31 -> -5968443.6 | I31: =E31-G31 -> -653734.22 | L31: =H31/$J$27 -> -0.0033055328 | M31: =I31/$K$27 -> -0.015805077
B32: Reference: 20241 | C32: Agricultural | D32: =SUMIFS('Rates Rev - 2024'!$AG$8:$AG$102,'Rates Rev - 2024'!$E$8:$E$102,'2 Rates Rev- IOU Only'!$C32) -> 403.30337 | E32: =SUMIFS('Rates Rev - 2024'!$AH$8:$AH$102,'Rates Rev - 2024'!$E$8:$E$102,'2 Rates Rev- IOU Only'!$C32) -> 134324.36 | F32: =SUMIFS('Rates Rev - 2024'!$AI$8:$AI$102,'Rates Rev - 2024'!$E$8:$E$102,'2 Rates Rev- IOU Only'!$C32) -> 1479.3835 | G32: =SUMIFS('Rates Rev - 2024'!$AJ$8:$AJ$102,'Rates Rev - 2024'!$E$8:$E$102,'2 Rates Rev- IOU Only'!$C32) -> 5577.8403 | H32: =D32-F32 -> -1076.0801 | I32: =E32-G32 -> 128746.52 | J32: 3.8640244e+08 | K32: 0 | L32: =H32/$J$32 -> -2.7848687e-06 | M32: =I32/$K$32 -> #DIV/0!
B33: 2028 | C33: Agricultural | D33: =SUMIFS('Budget Filing Data'!BH$10:BH$997057,'Budget Filing Data'!$B$10:$B$997057,'2 Rates Rev- IOU Only'!B33,'Budget Filing Data'!$G$10:$G$997057,'2 Rates Rev- IOU Only'!C33) -> 1437.0899 | E33: =SUMIFS('Budget Filing Data'!BI$10:BI$997057,'Budget Filing Data'!$B$10:$B$997057,'2 Rates Rev- IOU Only'!B33,'Budget Filing Data'!$G$10:$G$997057,C33) -> 60.236176 | F33: =SUMIFS('Budget Filing Data'!BJ$10:BJ$997057,'Budget Filing Data'!$B$10:$B$997057,B33,'Budget Filing Data'!$G$10:$G$997057,'2 Rates Rev- IOU Only'!C33) -> 9428.6669 | G33: =SUMIFS('Budget Filing Data'!BK$10:BK$997057,'Budget Filing Data'!$B$10:$B$997057,B33,'Budget Filing Data'!$G$10:$G$997057,C33) -> 4094.3715 | H33: =D33-F33 -> -7991.577 | I33: =E33-G33 -> -4034.1353 | L33: =H33/$J$32 -> -2.0682004e-05 | M33: =I33/$K$32 -> #DIV/0!
B34: 2029 | C34: Agricultural | D34: =SUMIFS('Budget Filing Data'!BH$10:BH$997057,'Budget Filing Data'!$B$10:$B$997057,'2 Rates Rev- IOU Only'!B34,'Budget Filing Data'!$G$10:$G$997057,'2 Rates Rev- IOU Only'!C34) -> 1498.4715 | E34: =SUMIFS('Budget Filing Data'!BI$10:BI$997057,'Budget Filing Data'!$B$10:$B$997057,'2 Rates Rev- IOU Only'!B34,'Budget Filing Data'!$G$10:$G$997057,C34) -> 60.236176 | F34: =SUMIFS('Budget Filing Data'!BJ$10:BJ$997057,'Budget Filing Data'!$B$10:$B$997057,B34,'Budget Filing Data'!$G$10:$G$997057,'2 Rates Rev- IOU Only'!C34) -> 9576.5412 | G34: =SUMIFS('Budget Filing Data'!BK$10:BK$997057,'Budget Filing Data'!$B$10:$B$997057,B34,'Budget Filing Data'!$G$10:$G$997057,C34) -> 4119.7549 | H34: =D34-F34 -> -8078.0697 | I34: =E34-G34 -> -4059.5188 | L34: =H34/$J$32 -> -2.0905845e-05 | M34: =I34/$K$32 -> #DIV/0!
B35: 2030 | C35: Agricultural | D35: =SUMIFS('Budget Filing Data'!BH$10:BH$997057,'Budget Filing Data'!$B$10:$B$997057,'2 Rates Rev- IOU Only'!B35,'Budget Filing Data'!$G$10:$G$997057,'2 Rates Rev- IOU Only'!C35) -> 1551.3417 | E35: =SUMIFS('Budget Filing Data'!BI$10:BI$997057,'Budget Filing Data'!$B$10:$B$997057,'2 Rates Rev- IOU Only'!B35,'Budget Filing Data'!$G$10:$G$997057,C35) -> 60.236176 | F35: =SUMIFS('Budget Filing Data'!BJ$10:BJ$997057,'Budget Filing Data'!$B$10:$B$997057,B35,'Budget Filing Data'!$G$10:$G$997057,'2 Rates Rev- IOU Only'!C35) -> 7464.2878 | G35: =SUMIFS('Budget Filing Data'!BK$10:BK$997057,'Budget Filing Data'!$B$10:$B$997057,B35,'Budget Filing Data'!$G$10:$G$997057,C35) -> 2366.8235 | H35: =D35-F35 -> -5912.9461 | I35: =E35-G35 -> -2306.5873 | L35: =H35/$J$32 -> -1.5302559e-05 | M35: =I35/$K$32 -> #DIV/0!
B36: 2031 | C36: Agricultural | D36: =SUMIFS('Budget Filing Data'!BH$10:BH$997057,'Budget Filing Data'!$B$10:$B$997057,'2 Rates Rev- IOU Only'!B36,'Budget Filing Data'!$G$10:$G$997057,'2 Rates Rev- IOU Only'!C36) -> 1591.2675 | E36: =SUMIFS('Budget Filing Data'!BI$10:BI$997057,'Budget Filing Data'!$B$10:$B$997057,'2 Rates Rev- IOU Only'!B36,'Budget Filing Data'!$G$10:$G$997057,C36) -> 60.236176 | F36: =SUMIFS('Budget Filing Data'!BJ$10:BJ$997057,'Budget Filing Data'!$B$10:$B$997057,B36,'Budget Filing Data'!$G$10:$G$997057,'2 Rates Rev- IOU Only'!C36) -> 7654.2785 | G36: =SUMIFS('Budget Filing Data'!BK$10:BK$997057,'Budget Filing Data'!$B$10:$B$997057,B36,'Budget Filing Data'!$G$10:$G$997057,C36) -> 2420.2289 | H36: =D36-F36 -> -6063.011 | I36: =E36-G36 -> -2359.9927 | L36: =H36/$J$32 -> -1.5690923e-05 | M36: =I36/$K$32 -> #DIV/0!
B37: Reference: 20241 | C37: Public | D37: =SUMIFS('Rates Rev - 2024'!$AG$8:$AG$102,'Rates Rev - 2024'!$E$8:$E$102,'2 Rates Rev- IOU Only'!$C37) -> 29738.396 | E37: =SUMIFS('Rates Rev - 2024'!$AH$8:$AH$102,'Rates Rev - 2024'!$E$8:$E$102,'2 Rates Rev- IOU Only'!$C37) -> 80952.016 | F37: =SUMIFS('Rates Rev - 2024'!$AI$8:$AI$102,'Rates Rev - 2024'!$E$8:$E$102,'2 Rates Rev- IOU Only'!$C37) -> 167286.29 | G37: =SUMIFS('Rates Rev - 2024'!$AJ$8:$AJ$102,'Rates Rev - 2024'!$E$8:$E$102,'2 Rates Rev- IOU Only'!$C37) -> 4412.2893 | H37: =D37-F37 -> -137547.89 | I37: =E37-G37 -> 76539.727 | J37: 1.8639862e+09 | K37: 3.8207164e+08 | L37: =H37/$J$37 -> -7.3792331e-05 | M37: =I37/$K$37 -> 0.00020032821
B38: 2028 | C38: Public | D38: =SUMIFS('Budget Filing Data'!BH$10:BH$997057,'Budget Filing Data'!$B$10:$B$997057,'2 Rates Rev- IOU Only'!B38,'Budget Filing Data'!$G$10:$G$997057,'2 Rates Rev- IOU Only'!C38) -> 106016.16 | E38: =SUMIFS('Budget Filing Data'!BI$10:BI$997057,'Budget Filing Data'!$B$10:$B$997057,'2 Rates Rev- IOU Only'!B38,'Budget Filing Data'!$G$10:$G$997057,C38) -> 13038.821 | F38: =SUMIFS('Budget Filing Data'!BJ$10:BJ$997057,'Budget Filing Data'!$B$10:$B$997057,B38,'Budget Filing Data'!$G$10:$G$997057,'2 Rates Rev- IOU Only'!C38) -> 286458.49 | G38: =SUMIFS('Budget Filing Data'!BK$10:BK$997057,'Budget Filing Data'!$B$10:$B$997057,B38,'Budget Filing Data'!$G$10:$G$997057,C38) -> 57808.454 | H38: =D38-F38 -> -180442.33 | I38: =E38-G38 -> -44769.632 | L38: =H38/$J$37 -> -9.6804542e-05 | M38: =I38/$K$37 -> -0.00011717602
B39: 2029 | C39: Public | D39: =SUMIFS('Budget Filing Data'!BH$10:BH$997057,'Budget Filing Data'!$B$10:$B$997057,'2 Rates Rev- IOU Only'!B39,'Budget Filing Data'!$G$10:$G$997057,'2 Rates Rev- IOU Only'!C39) -> 126797.46 | E39: =SUMIFS('Budget Filing Data'!BI$10:BI$997057,'Budget Filing Data'!$B$10:$B$997057,'2 Rates Rev- IOU Only'!B39,'Budget Filing Data'!$G$10:$G$997057,C39) -> 21513.05 | F39: =SUMIFS('Budget Filing Data'!BJ$10:BJ$997057,'Budget Filing Data'!$B$10:$B$997057,B39,'Budget Filing Data'!$G$10:$G$997057,'2 Rates Rev- IOU Only'!C39) -> 335145.92 | G39: =SUMIFS('Budget Filing Data'!BK$10:BK$997057,'Budget Filing Data'!$B$10:$B$997057,B39,'Budget Filing Data'!$G$10:$G$997057,C39) -> 64432.606 | H39: =D39-F39 -> -208348.46 | I39: =E39-G39 -> -42919.555 | L39: =H39/$J$37 -> -0.00011177575 | M39: =I39/$K$37 -> -0.00011233379
B40: 2030 | C40: Public | D40: =SUMIFS('Budget Filing Data'!BH$10:BH$997057,'Budget Filing Data'!$B$10:$B$997057,'2 Rates Rev- IOU Only'!B40,'Budget Filing Data'!$G$10:$G$997057,'2 Rates Rev- IOU Only'!C40) -> 154323.82 | E40: =SUMIFS('Budget Filing Data'!BI$10:BI$997057,'Budget Filing Data'!$B$10:$B$997057,'2 Rates Rev- IOU Only'!B40,'Budget Filing Data'!$G$10:$G$997057,C40) -> 20528.556 | F40: =SUMIFS('Budget Filing Data'!BJ$10:BJ$997057,'Budget Filing Data'!$B$10:$B$997057,B40,'Budget Filing Data'!$G$10:$G$997057,'2 Rates Rev- IOU Only'!C40) -> 376248.5 | G40: =SUMIFS('Budget Filing Data'!BK$10:BK$997057,'Budget Filing Data'!$B$10:$B$997057,B40,'Budget Filing Data'!$G$10:$G$997057,C40) -> 65257.424 | H40: =D40-F40 -> -221924.69 | I40: =E40-G40 -> -44728.868 | L40: =H40/$J$37 -> -0.00011905919 | M40: =I40/$K$37 -> -0.00011706932
B41: 2031 | C41: Public | D41: =SUMIFS('Budget Filing Data'!BH$10:BH$997057,'Budget Filing Data'!$B$10:$B$997057,'2 Rates Rev- IOU Only'!B41,'Budget Filing Data'!$G$10:$G$997057,'2 Rates Rev- IOU Only'!C41) -> 150274.62 | E41: =SUMIFS('Budget Filing Data'!BI$10:BI$997057,'Budget Filing Data'!$B$10:$B$997057,'2 Rates Rev- IOU Only'!B41,'Budget Filing Data'!$G$10:$G$997057,C41) -> 13914.308 | F41: =SUMIFS('Budget Filing Data'!BJ$10:BJ$997057,'Budget Filing Data'!$B$10:$B$997057,B41,'Budget Filing Data'!$G$10:$G$997057,'2 Rates Rev- IOU Only'!C41) -> 368238.85 | G41: =SUMIFS('Budget Filing Data'!BK$10:BK$997057,'Budget Filing Data'!$B$10:$B$997057,B41,'Budget Filing Data'!$G$10:$G$997057,C41) -> 63198.412 | H41: =D41-F41 -> -217964.23 | I41: =E41-G41 -> -49284.105 | L41: =H41/$J$37 -> -0.00011693447 | M41: =I41/$K$37 -> -0.00012899179
B42: Reference: 20241 | C42: Cross-Cutting | D42: =SUMIFS('Rates Rev - 2024'!$AG$8:$AG$102,'Rates Rev - 2024'!$E$8:$E$102,'2 Rates Rev- IOU Only'!$C42) -> 11300442 | E42: =SUMIFS('Rates Rev - 2024'!$AH$8:$AH$102,'Rates Rev - 2024'!$E$8:$E$102,'2 Rates Rev- IOU Only'!$C42) -> 6386417.8 | F42: =SUMIFS('Rates Rev - 2024'!$AI$8:$AI$102,'Rates Rev - 2024'!$E$8:$E$102,'2 Rates Rev- IOU Only'!$C42) -> 81482721 | G42: =SUMIFS('Rates Rev - 2024'!$AJ$8:$AJ$102,'Rates Rev - 2024'!$E$8:$E$102,'2 Rates Rev- IOU Only'!$C42) -> 1173312.4 | H42: =D42-F42 -> -70182280 | I42: =E42-G42 -> 5213105.4 | J42: 0 | K42: 0 | L42: =H42/J42 -> #DIV/0! | M42: =I42/K42 -> #DIV/0!
B43: 2028 | C43: Cross Cutting | D43: =SUMIFS('Budget Filing Data'!BH$10:BH$997057,'Budget Filing Data'!$B$10:$B$997057,'2 Rates Rev- IOU Only'!B43,'Budget Filing Data'!$G$10:$G$997057,'2 Rates Rev- IOU Only'!C43) -> 7602767.4 | E43: =SUMIFS('Budget Filing Data'!BI$10:BI$997057,'Budget Filing Data'!$B$10:$B$997057,'2 Rates Rev- IOU Only'!B43,'Budget Filing Data'!$G$10:$G$997057,C43) -> 5620733.6 | F43: =SUMIFS('Budget Filing Data'!BJ$10:BJ$997057,'Budget Filing Data'!$B$10:$B$997057,B43,'Budget Filing Data'!$G$10:$G$997057,'2 Rates Rev- IOU Only'!C43) -> 22870330 | G43: =SUMIFS('Budget Filing Data'!BK$10:BK$997057,'Budget Filing Data'!$B$10:$B$997057,B43,'Budget Filing Data'!$G$10:$G$997057,C43) -> 4644347.9 | H43: =D43-F43 -> -15267563 | I43: =E43-G43 -> 976385.66 | L43: =H43/J42 -> #DIV/0! | M43: =I43/K42 -> #DIV/0!
B44: 2029 | C44: Cross Cutting | D44: =SUMIFS('Budget Filing Data'!BH$10:BH$997057,'Budget Filing Data'!$B$10:$B$997057,'2 Rates Rev- IOU Only'!B44,'Budget Filing Data'!$G$10:$G$997057,'2 Rates Rev- IOU Only'!C44) -> 6387957.3 | E44: =SUMIFS('Budget Filing Data'!BI$10:BI$997057,'Budget Filing Data'!$B$10:$B$997057,'2 Rates Rev- IOU Only'!B44,'Budget Filing Data'!$G$10:$G$997057,C44) -> 5444683.9 | F44: =SUMIFS('Budget Filing Data'!BJ$10:BJ$997057,'Budget Filing Data'!$B$10:$B$997057,B44,'Budget Filing Data'!$G$10:$G$997057,'2 Rates Rev- IOU Only'!C44) -> 19084090 | G44: =SUMIFS('Budget Filing Data'!BK$10:BK$997057,'Budget Filing Data'!$B$10:$B$997057,B44,'Budget Filing Data'!$G$10:$G$997057,C44) -> 4163578.4 | H44: =D44-F44 -> -12696133 | I44: =E44-G44 -> 1281105.5 | L44: =H44/J42 -> #DIV/0! | M44: =I44/K42 -> #DIV/0!
B45: 2030 | C45: Cross Cutting | D45: =SUMIFS('Budget Filing Data'!BH$10:BH$997057,'Budget Filing Data'!$B$10:$B$997057,'2 Rates Rev- IOU Only'!B45,'Budget Filing Data'!$G$10:$G$997057,'2 Rates Rev- IOU Only'!C45) -> 6143618.5 | E45: =SUMIFS('Budget Filing Data'!BI$10:BI$997057,'Budget Filing Data'!$B$10:$B$997057,'2 Rates Rev- IOU Only'!B45,'Budget Filing Data'!$G$10:$G$997057,C45) -> 5655434.6 | F45: =SUMIFS('Budget Filing Data'!BJ$10:BJ$997057,'Budget Filing Data'!$B$10:$B$997057,B45,'Budget Filing Data'!$G$10:$G$997057,'2 Rates Rev- IOU Only'!C45) -> 18148065 | G45: =SUMIFS('Budget Filing Data'!BK$10:BK$997057,'Budget Filing Data'!$B$10:$B$997057,B45,'Budget Filing Data'!$G$10:$G$997057,C45) -> 4170101.6 | H45: =D45-F45 -> -12004447 | I45: =E45-G45 -> 1485333 | L45: =H45/J42 -> #DIV/0! | M45: =I45/K42 -> #DIV/0!
B46: 2031 | C46: Cross Cutting | D46: =SUMIFS('Budget Filing Data'!BH$10:BH$997057,'Budget Filing Data'!$B$10:$B$997057,'2 Rates Rev- IOU Only'!B46,'Budget Filing Data'!$G$10:$G$997057,'2 Rates Rev- IOU Only'!C46) -> 5993409.2 | E46: =SUMIFS('Budget Filing Data'!BI$10:BI$997057,'Budget Filing Data'!$B$10:$B$997057,'2 Rates Rev- IOU Only'!B46,'Budget Filing Data'!$G$10:$G$997057,C46) -> 5780575.4 | F46: =SUMIFS('Budget Filing Data'!BJ$10:BJ$997057,'Budget Filing Data'!$B$10:$B$997057,B46,'Budget Filing Data'!$G$10:$G$997057,'2 Rates Rev- IOU Only'!C46) -> 17694017 | G46: =SUMIFS('Budget Filing Data'!BK$10:BK$997057,'Budget Filing Data'!$B$10:$B$997057,B46,'Budget Filing Data'!$G$10:$G$997057,C46) -> 4133852.9 | H46: =D46-F46 -> -11700608 | I46: =E46-G46 -> 1646722.5 | L46: =H46/J42 -> #DIV/0! | M46: =I46/K42 -> #DIV/0!
B47: Reference: 20241 | C47: Portfolio Support | D47: =SUMIFS('Rates Rev - 2024'!$AG$8:$AG$102,'Rates Rev - 2024'!$E$8:$E$102,'2 Rates Rev- IOU Only'!$C47) -> 0 | E47: =SUMIFS('Rates Rev - 2024'!$AH$8:$AH$102,'Rates Rev - 2024'!$E$8:$E$102,'2 Rates Rev- IOU Only'!$C47) -> 0 | F47: =SUMIFS('Rates Rev - 2024'!$AI$8:$AI$102,'Rates Rev - 2024'!$E$8:$E$102,'2 Rates Rev- IOU Only'!$C47) -> 0 | G47: =SUMIFS('Rates Rev - 2024'!$AJ$8:$AJ$102,'Rates Rev - 2024'!$E$8:$E$102,'2 Rates Rev- IOU Only'!$C47) -> 0 | H47: =D47-F47 -> 0 | I47: =E47-G47 -> 0 | J47: 0 | K47: 0 | L47: =H47/J47 -> #DIV/0! | M47: =I47/K47 -> #DIV/0!
B48: 2028 | C48: Portfolio Support | D48: =SUMIFS('Budget Filing Data'!BH$10:BH$997057,'Budget Filing Data'!$B$10:$B$997057,'2 Rates Rev- IOU Only'!B48,'Budget Filing Data'!$G$10:$G$997057,'2 Rates Rev- IOU Only'!C48) -> 0 | E48: =SUMIFS('Budget Filing Data'!BI$10:BI$997057,'Budget Filing Data'!$B$10:$B$997057,'2 Rates Rev- IOU Only'!B48,'Budget Filing Data'!$G$10:$G$997057,C48) -> 0 | F48: =SUMIFS('Budget Filing Data'!BJ$10:BJ$997057,'Budget Filing Data'!$B$10:$B$997057,B48,'Budget Filing Data'!$G$10:$G$997057,'2 Rates Rev- IOU Only'!C48) -> 0 | G48: =SUMIFS('Budget Filing Data'!BK$10:BK$997057,'Budget Filing Data'!$B$10:$B$997057,B48,'Budget Filing Data'!$G$10:$G$997057,C48) -> 0 | H48: =D48-F48 -> 0 | I48: =E48-G48 -> 0 | L48: =H48/J47 -> #DIV/0! | M48: =I48/K47 -> #DIV/0!
B49: 2029 | C49: Portfolio Support | D49: =SUMIFS('Budget Filing Data'!BH$10:BH$997057,'Budget Filing Data'!$B$10:$B$997057,'2 Rates Rev- IOU Only'!B49,'Budget Filing Data'!$G$10:$G$997057,'2 Rates Rev- IOU Only'!C49) -> 0 | E49: =SUMIFS('Budget Filing Data'!BI$10:BI$997057,'Budget Filing Data'!$B$10:$B$997057,'2 Rates Rev- IOU Only'!B49,'Budget Filing Data'!$G$10:$G$997057,C49) -> 0 | F49: =SUMIFS('Budget Filing Data'!BJ$10:BJ$997057,'Budget Filing Data'!$B$10:$B$997057,B49,'Budget Filing Data'!$G$10:$G$997057,'2 Rates Rev- IOU Only'!C49) -> 0 | G49: =SUMIFS('Budget Filing Data'!BK$10:BK$997057,'Budget Filing Data'!$B$10:$B$997057,B49,'Budget Filing Data'!$G$10:$G$997057,C49) -> 0 | H49: =D49-F49 -> 0 | I49: =E49-G49 -> 0 | L49: =H49/J47 -> #DIV/0! | M49: =I49/K47 -> #DIV/0!
B50: 2030 | C50: Portfolio Support | D50: =SUMIFS('Budget Filing Data'!BH$10:BH$997057,'Budget Filing Data'!$B$10:$B$997057,'2 Rates Rev- IOU Only'!B50,'Budget Filing Data'!$G$10:$G$997057,'2 Rates Rev- IOU Only'!C50) -> 0 | E50: =SUMIFS('Budget Filing Data'!BI$10:BI$997057,'Budget Filing Data'!$B$10:$B$997057,'2 Rates Rev- IOU Only'!B50,'Budget Filing Data'!$G$10:$G$997057,C50) -> 0 | F50: =SUMIFS('Budget Filing Data'!BJ$10:BJ$997057,'Budget Filing Data'!$B$10:$B$997057,B50,'Budget Filing Data'!$G$10:$G$997057,'2 Rates Rev- IOU Only'!C50) -> 0 | G50: =SUMIFS('Budget Filing Data'!BK$10:BK$997057,'Budget Filing Data'!$B$10:$B$997057,B50,'Budget Filing Data'!$G$10:$G$997057,C50) -> 0 | H50: =D50-F50 -> 0 | I50: =E50-G50 -> 0 | L50: =H50/J47 -> #DIV/0! | M50: =I50/K47 -> #DIV/0!
B51: 2031 | C51: Portfolio Support | D51: =SUMIFS('Budget Filing Data'!BH$10:BH$997057,'Budget Filing Data'!$B$10:$B$997057,'2 Rates Rev- IOU Only'!B51,'Budget Filing Data'!$G$10:$G$997057,'2 Rates Rev- IOU Only'!C51) -> 0 | E51: =SUMIFS('Budget Filing Data'!BI$10:BI$997057,'Budget Filing Data'!$B$10:$B$997057,'2 Rates Rev- IOU Only'!B51,'Budget Filing Data'!$G$10:$G$997057,C51) -> 0 | F51: =SUMIFS('Budget Filing Data'!BJ$10:BJ$997057,'Budget Filing Data'!$B$10:$B$997057,B51,'Budget Filing Data'!$G$10:$G$997057,'2 Rates Rev- IOU Only'!C51) -> 0 | G51: =SUMIFS('Budget Filing Data'!BK$10:BK$997057,'Budget Filing Data'!$B$10:$B$997057,B51,'Budget Filing Data'!$G$10:$G$997057,C51) -> 0 | H51: =D51-F51 -> 0 | I51: =E51-G51 -> 0 | L51: =H51/J47 -> #DIV/0! | M51: =I51/K47 -> #DIV/0!
B52: 1 Due to inaccuracies identified in the RIM calculations for PY 2024 within the CET, SDG&E recalculated the associated values in a new tab, "Rates Rev - 2024", to support the 2024 reference year calculations.
B53: 2The 2024 Forecasted Electric Sales (kWh) were sourced from the California Energy Commission’s 2024 Integrated Energy Policy Report (IEPR), Docket 24‑IEPR‑03. Specifically, the values were taken from the file titled i24_Baseline_and_Managed_Sales_by_Sector_and_Zone_Planning_Library, using the Case Type: Planning Scenario and the Managed Sales data. SDG&E converted the data into kWh for the SDG&E service territory for the year 2024. The file can be found here: https://efiling.energy.ca.gov/GetDocument.aspx?tn=262772&DocumentContentId=99384
B56: 3The sectors identified for SDG&E in the California Energy Commission’s 2024 IEPR, Docket 24‑IEPR‑03, include Agriculture; Commercial; Industrial Manufacturing; Industrial Mining and Construction; Residential; Street Lighting; and Transportation, Communications, and Utilities. For reporting purposes, SDG&E consolidated the Industrial Manufacturing and Industrial Mining and Construction sectors into the Industrial sector. Street Lighting and Transportation, Communications, and Utilities are grouped under the Public sector. Sectors showing a value of zero reflect instances where no corresponding sector was applicable in the 2024 IEPR.
B59: 4The 2024 Forecasted Gas Sales (therms) were derived from the 2024 California Gas Report. Specifically, values were converted into therms and obtained from Table 51, Annual Gas Supply and Requirements, MMcf/d, line items 9 through 17 under Requirements Forecast by End-Use for 2024. The source table is located on page 197 of the report found here: https://www.sdge.com/sites/default/files/regulatory/2024%20California%20Gas%20Report%20Final_0.pdf
B61: 5The sectors identified for SDG&E in the California Gas Report include Core Residential; Commercial; Industrial; Natural Gas Vehicle; and Noncore Commercial, Industrial, and Electric Generation. For reporting purposes, SDG&E consolidated the Core Commercial, Natural Gas Vehicle, and Noncore Commercial sectors into the Commercial sector. The Core Industrial and Noncore Industrial sectors were combined into the Industrial sector. Electric Generation was classified under the Public sector. Sectors showing a value of zero reflect instances where no corresponding sector was applicable in the 2024 California Gas Report.
B64: 6The Forecast 2024 Gas Sales (Therms) excludes the ‘Lost and Unaccounted For’ (LUAF) line item.

Sheet 3.1 Funding Category
B2: Description | C2: Provides a comprehensive overview of budget requests, funding sources, cost recovery mechanisms, and unspent funds for energy efficiency and demand response programs, categorized by funding type, source, and portfolio administrator.
B3: Instructions | C3: Populate only the blue highlighted cells. The blue cells are for the forecasted electric and gas portfolio allocation percentage; PA fuel substitution spending budget request; ED portfolio oversight; EM&V PA; and EM&V - ED amounts by year.
B5: PA Name: | C5: ='Read Me'!B10 -> SDG&E
B6: Budget Year: | C6: ='Read Me'!B11 -> 2028-2035
D8: [1]
B9: Year | C9: Budget & Cost Recovery Category | D9: Total | E9: Electric | F9: % Electric | G9: Gas | H9: % Gas
B10: 2028 | C10: PA Spending Budget Request (excluding fuel substitution budget) | D10: =SUMIF('4.1 Program Budget 2028-2031'!$M$16:$M$303,'3.1 Funding Category'!B10,'4.1 Program Budget 2028-2031'!$N$16:$N$303)-D18 -> 68428098 | E10: =F10*D10 -> 38319735 | F10: 0.56 | G10: =H10*D10 -> 30108363 | H10: 0.44 | I10: [2] [6]
B11: 2029 | C11: PA Spending Budget Request (excluding fuel substitution budget) | D11: =SUMIF('4.1 Program Budget 2028-2031'!$M$16:$M$303,'3.1 Funding Category'!B11,'4.1 Program Budget 2028-2031'!$N$16:$N$303)-D19 -> 67760602 | E11: =F11*D11 -> 37945937 | F11: 0.56 | G11: =H11*D11 -> 29814665 | H11: 0.44 | I11: [2] [6]
B12: 2030 | C12: PA Spending Budget Request (excluding fuel substitution budget) | D12: =SUMIF('4.1 Program Budget 2028-2031'!$M$16:$M$303,'3.1 Funding Category'!B12,'4.1 Program Budget 2028-2031'!$N$16:$N$303)-D20 -> 68776560 | E12: =F12*D12 -> 38514873 | F12: 0.56 | G12: =H12*D12 -> 30261686 | H12: 0.44 | I12: [2] [6]
B13: 2031 | C13: PA Spending Budget Request (excluding fuel substitution budget) | D13: =SUMIF('4.1 Program Budget 2028-2031'!$M$16:$M$303,'3.1 Funding Category'!B13,'4.1 Program Budget 2028-2031'!$N$16:$N$303)-D21 -> 71832337 | E13: =F13*D13 -> 40226109 | F13: 0.56 | G13: =H13*D13 -> 31606228 | H13: 0.44 | I13: [2] [6]
B14: 2032 | C14: PA Spending Budget Request (excluding fuel substitution budget) | D14: =SUMIF('4.2 Sector Seg Budget 2032-2035'!$E$13:$E$108,'3.1 Funding Category'!B14,'4.2 Sector Seg Budget 2032-2035'!$F$13:$F$108)-D22 -> 71832337 | E14: =F14*D14 -> 40226109 | F14: 0.56 | G14: =H14*D14 -> 31606228 | H14: 0.44 | I14: [2] [6]
B15: 2033 | C15: PA Spending Budget Request (excluding fuel substitution budget) | D15: =SUMIF('4.2 Sector Seg Budget 2032-2035'!$E$13:$E$108,'3.1 Funding Category'!B15,'4.2 Sector Seg Budget 2032-2035'!$F$13:$F$108)-D23 -> 71832337 | E15: =F15*D15 -> 40226109 | F15: 0.56 | G15: =H15*D15 -> 31606228 | H15: 0.44 | I15: [2] [6]
B16: 2034 | C16: PA Spending Budget Request (excluding fuel substitution budget) | D16: =SUMIF('4.2 Sector Seg Budget 2032-2035'!$E$13:$E$108,'3.1 Funding Category'!B16,'4.2 Sector Seg Budget 2032-2035'!$F$13:$F$108)-D24 -> 71832337 | E16: =F16*D16 -> 40226109 | F16: 0.56 | G16: =H16*D16 -> 31606228 | H16: 0.44 | I16: [2] [6]
B17: 2035 | C17: PA Spending Budget Request (excluding fuel substitution budget) | D17: =SUMIF('4.2 Sector Seg Budget 2032-2035'!$E$13:$E$108,'3.1 Funding Category'!B17,'4.2 Sector Seg Budget 2032-2035'!$F$13:$F$108)-D25 -> 71832337 | E17: =F17*D17 -> 40226109 | F17: 0.56 | G17: =H17*D17 -> 31606228 | H17: 0.44 | I17: [2] [6]
B18: 2028 | C18: PA Fuel Substitution Spending Budget Request | D18: 0 | E18: =F18*D18 -> 0 | F18: 0.56 | G18: =H18*D18 -> 0 | H18: 0.44 | I18: [3] [6]
B19: 2029 | C19: PA Fuel Substitution Spending Budget Request | D19: 0 | E19: =F19*D19 -> 0 | F19: 0.56 | G19: =H19*D19 -> 0 | H19: 0.44 | I19: [3] [6]
B20: 2030 | C20: PA Fuel Substitution Spending Budget Request | D20: 0 | E20: =F20*D20 -> 0 | F20: 0.56 | G20: =H20*D20 -> 0 | H20: 0.44 | I20: [3] [6]
B21: 2031 | C21: PA Fuel Substitution Spending Budget Request | D21: 0 | E21: =F21*D21 -> 0 | F21: 0.56 | G21: =H21*D21 -> 0 | H21: 0.44 | I21: [3] [6]
B22: 2032 | C22: PA Fuel Substitution Spending Budget Request | D22: 0 | E22: =F22*D22 -> 0 | F22: 0.56 | G22: =H22*D22 -> 0 | H22: 0.44 | I22: [3] [6]
B23: 2033 | C23: PA Fuel Substitution Spending Budget Request | D23: 0 | E23: =F23*D23 -> 0 | F23: 0.56 | G23: =H23*D23 -> 0 | H23: 0.44 | I23: [3] [6]
B24: 2034 | C24: PA Fuel Substitution Spending Budget Request | D24: 0 | E24: =F24*D24 -> 0 | F24: 0.56 | G24: =H24*D24 -> 0 | H24: 0.44 | I24: [3] [6]
B25: 2035 | C25: PA Fuel Substitution Spending Budget Request | D25: 0 | E25: =F25*D25 -> 0 | F25: 0.56 | G25: =H25*D25 -> 0 | H25: 0.44 | I25: [3] [6]
B26: 2028 | C26: ED Portfolio Oversight Spending Budget Request | D26: 99200 | E26: =F26*D26 -> 55552 | F26: 0.56 | G26: =H26*D26 -> 43648 | H26: 0.44 | I26: [6]
B27: 2029 | C27: ED Portfolio Oversight Spending Budget Request | D27: 99200 | E27: =F27*D27 -> 55552 | F27: 0.56 | G27: =H27*D27 -> 43648 | H27: 0.44 | I27: [6]
B28: 2030 | C28: ED Portfolio Oversight Spending Budget Request | D28: 99200 | E28: =F28*D28 -> 55552 | F28: 0.56 | G28: =H28*D28 -> 43648 | H28: 0.44 | I28: [6]
B29: 2031 | C29: ED Portfolio Oversight Spending Budget Request | D29: 99200 | E29: =F29*D29 -> 55552 | F29: 0.56 | G29: =H29*D29 -> 43648 | H29: 0.44 | I29: [6]
... B33: 2035 | C33: ED Portfolio Oversight Spending Budget Request | D33: 99200 | E33: =F33*D33 -> 55552 | F33: 0.56 | G33: =H33*D33 -> 43648 | H33: 0.44 | I33: [6]
B34: 2028 | C34: REN & CCA Spending Budget Request | D34: =SUMIFS('7 PA PY Budget'!$E$9:$E$60,'7 PA PY Budget'!$C$9:$C$60,'3.1 Funding Category'!B34,'7 PA PY Budget'!$D$9:$D$60,"Total REN")+SUMIFS('7 PA PY Budget'!$G$9:$G$60,'7 PA PY Budget'!$C$9:$C$60,'3.1 Funding Category'!B34,'7 PA PY Budget'!$D$9:$D$60,"Total REN")+SUMIFS('7 PA PY Budget'!$H$9:$H$60,'7 PA PY Budget'!$C$9:$C$60,'3.1 Funding Category'!B34,'7 PA PY Budget'!$D$9:$D$60,"Total REN")+SUMIFS('7 PA PY Budget'!$E$9:$E$60,'7 PA PY Budget'!$C$9:$C$60,'3.1 Funding Category'!B34,'7 PA PY Budget'!$D$9:$D$60,"Total CCA")+SUMIFS('7 PA PY Budget'!$G$9:$G$60,'7 PA PY Budget'!$C$9:$C$60,'3.1 Funding Category'!B34,'7 PA PY Budget'!$D$9:$D$60,"Total CCA")+ SUMIFS('7 PA PY Budget'!$H$9:$H$60,'7 PA PY Budget'!$C$9:$C$60,'3.1 Funding Category'!B34,'7 PA PY Budget'!$D$9:$D$60,"Total CCA") -> 41219821 | E34: =F34*D34 -> 23083100 | F34: 0.56 | G34: =H34*D34 -> 18136721 | H34: 0.44 | I34: [2]
B35: 2029 | C35: REN & CCA Spending Budget Request | D35: =SUMIFS('7 PA PY Budget'!$E$9:$E$60,'7 PA PY Budget'!$C$9:$C$60,'3.1 Funding Category'!B35,'7 PA PY Budget'!$D$9:$D$60,"Total REN")+SUMIFS('7 PA PY Budget'!$G$9:$G$60,'7 PA PY Budget'!$C$9:$C$60,'3.1 Funding Category'!B35,'7 PA PY Budget'!$D$9:$D$60,"Total REN")+SUMIFS('7 PA PY Budget'!$H$9:$H$60,'7 PA PY Budget'!$C$9:$C$60,'3.1 Funding Category'!B35,'7 PA PY Budget'!$D$9:$D$60,"Total REN")+SUMIFS('7 PA PY Budget'!$E$9:$E$60,'7 PA PY Budget'!$C$9:$C$60,'3.1 Funding Category'!B35,'7 PA PY Budget'!$D$9:$D$60,"Total CCA")+SUMIFS('7 PA PY Budget'!$G$9:$G$60,'7 PA PY Budget'!$C$9:$C$60,'3.1 Funding Category'!B35,'7 PA PY Budget'!$D$9:$D$60,"Total CCA")+ SUMIFS('7 PA PY Budget'!$H$9:$H$60,'7 PA PY Budget'!$C$9:$C$60,'3.1 Funding Category'!B35,'7 PA PY Budget'!$D$9:$D$60,"Total CCA") -> 42868616 | E35: =F35*D35 -> 24006425 | F35: 0.56 | G35: =H35*D35 -> 18862191 | H35: 0.44 | I35: [2]
B36: 2030 | C36: REN & CCA Spending Budget Request | D36: =SUMIFS('7 PA PY Budget'!$E$9:$E$60,'7 PA PY Budget'!$C$9:$C$60,'3.1 Funding Category'!B36,'7 PA PY Budget'!$D$9:$D$60,"Total REN")+SUMIFS('7 PA PY Budget'!$G$9:$G$60,'7 PA PY Budget'!$C$9:$C$60,'3.1 Funding Category'!B36,'7 PA PY Budget'!$D$9:$D$60,"Total REN")+SUMIFS('7 PA PY Budget'!$H$9:$H$60,'7 PA PY Budget'!$C$9:$C$60,'3.1 Funding Category'!B36,'7 PA PY Budget'!$D$9:$D$60,"Total REN")+SUMIFS('7 PA PY Budget'!$E$9:$E$60,'7 PA PY Budget'!$C$9:$C$60,'3.1 Funding Category'!B36,'7 PA PY Budget'!$D$9:$D$60,"Total CCA")+SUMIFS('7 PA PY Budget'!$G$9:$G$60,'7 PA PY Budget'!$C$9:$C$60,'3.1 Funding Category'!B36,'7 PA PY Budget'!$D$9:$D$60,"Total CCA")+ SUMIFS('7 PA PY Budget'!$H$9:$H$60,'7 PA PY Budget'!$C$9:$C$60,'3.1 Funding Category'!B36,'7 PA PY Budget'!$D$9:$D$60,"Total CCA") -> 44583355 | E36: =F36*D36 -> 24966679 | F36: 0.56 | G36: =H36*D36 -> 19616676 | H36: 0.44 | I36: [2]
B37: 2031 | C37: REN & CCA Spending Budget Request | D37: =SUMIFS('7 PA PY Budget'!$E$9:$E$60,'7 PA PY Budget'!$C$9:$C$60,'3.1 Funding Category'!B37,'7 PA PY Budget'!$D$9:$D$60,"Total REN")+SUMIFS('7 PA PY Budget'!$G$9:$G$60,'7 PA PY Budget'!$C$9:$C$60,'3.1 Funding Category'!B37,'7 PA PY Budget'!$D$9:$D$60,"Total REN")+SUMIFS('7 PA PY Budget'!$H$9:$H$60,'7 PA PY Budget'!$C$9:$C$60,'3.1 Funding Category'!B37,'7 PA PY Budget'!$D$9:$D$60,"Total REN")+SUMIFS('7 PA PY Budget'!$E$9:$E$60,'7 PA PY Budget'!$C$9:$C$60,'3.1 Funding Category'!B37,'7 PA PY Budget'!$D$9:$D$60,"Total CCA")+SUMIFS('7 PA PY Budget'!$G$9:$G$60,'7 PA PY Budget'!$C$9:$C$60,'3.1 Funding Category'!B35,'7 PA PY Budget'!$D$9:$D$60,"Total CCA")+ SUMIFS('7 PA PY Budget'!$H$9:$H$60,'7 PA PY Budget'!$C$9:$C$60,'3.1 Funding Category'!B37,'7 PA PY Budget'!$D$9:$D$60,"Total CCA") -> 46366693 | E37: =F37*D37 -> 25965348 | F37: 0.56 | G37: =H37*D37 -> 20401345 | H37: 0.44 | I37: [2]
B38: 2032 | C38: REN & CCA Spending Budget Request | D38: 47757694 | E38: =F38*D38 -> 26744309 | F38: 0.56 | G38: =H38*D38 -> 21013385 | H38: 0.44 | I38: [2]
B39: 2033 | C39: REN & CCA Spending Budget Request | D39: 49190425 | E39: =F39*D39 -> 27546638 | F39: 0.56 | G39: =H39*D39 -> 21643787 | H39: 0.44 | I39: [2]
B40: 2034 | C40: REN & CCA Spending Budget Request | D40: 50666137 | E40: =F40*D40 -> 28373037 | F40: 0.56 | G40: =H40*D40 -> 22293100 | H40: 0.44 | I40: [2]
B41: 2035 | C41: REN & CCA Spending Budget Request | D41: 52186122 | E41: =F41*D41 -> 29224228 | F41: 0.56 | G41: =H41*D41 -> 22961894 | H41: 0.44 | I41: [2]
B42: 2028 | C42: PA (IOU+CCAs+RENs+ED Portfolio Oversight) Spending Budget Request | D42: =D10+D18+D26+D34 -> 1.0974712e+08 | E42: =F42*D42 -> 61458387 | F42: 0.56 | G42: =H42*D42 -> 48288732 | H42: 0.44 | I42: [6]
B43: 2029 | C43: PA (IOU+CCAs+RENs+ED Portfolio Oversight) Spending Budget Request | D43: =D11+D19+D27+D35 -> 1.1072842e+08 | E43: =F43*D43 -> 62007914 | F43: 0.56 | G43: =H43*D43 -> 48720504 | H43: 0.44 | I43: [6]
B44: 2030 | C44: PA (IOU+CCAs+RENs+ED Portfolio Oversight) Spending Budget Request | D44: =D12+D20+D28+D36 -> 1.1345911e+08 | E44: =F44*D44 -> 63537104 | F44: 0.56 | G44: =H44*D44 -> 49922010 | H44: 0.44 | I44: [6]
B45: 2031 | C45: PA (IOU+CCAs+RENs+ED Portfolio Oversight) Spending Budget Request | D45: =D13+D21+D29+D37 -> 1.1829823e+08 | E45: =F45*D45 -> 66247009 | F45: 0.56 | G45: =H45*D45 -> 52051221 | H45: 0.44 | I45: [6]
B46: 2032 | C46: PA (IOU+CCAs+RENs+ED Portfolio Oversight) Spending Budget Request | D46: =D14+D22+D30+D38 -> 1.1968923e+08 | E46: =F46*D46 -> 67025970 | F46: 0.56 | G46: =H46*D46 -> 52663262 | H46: 0.44 | I46: [6]
B47: 2033 | C47: PA (IOU+CCAs+RENs+ED Portfolio Oversight) Spending Budget Request | D47: =D15+D23+D31+D39 -> 1.2112196e+08 | E47: =F47*D47 -> 67828299 | F47: 0.56 | G47: =H47*D47 -> 53293663 | H47: 0.44 | I47: [6]
B48: 2034 | C48: PA (IOU+CCAs+RENs+ED Portfolio Oversight) Spending Budget Request | D48: =D16+D24+D32+D40 -> 1.2259767e+08 | E48: =F48*D48 -> 68654698 | F48: 0.56 | G48: =H48*D48 -> 53942977 | H48: 0.44 | I48: [6]
B49: 2035 | C49: PA (IOU+CCAs+RENs+ED Portfolio Oversight) Spending Budget Request | D49: =D17+D25+D33+D41 -> 1.2411766e+08 | E49: =F49*D49 -> 69505889 | F49: 0.56 | G49: =H49*D49 -> 54611770 | H49: 0.44 | I49: [6]
B50: 2028 | C50: ED Portfolio Oversight Revenue Requirement Request (Cost Recovery) | D50: 99200 | E50: =F50*D50 -> 55552 | F50: 0.56 | G50: =H50*D50 -> 43648 | H50: 0.44 | I50: [6]
B51: 2029 | C51: ED Portfolio Oversight Revenue Requirement Request (Cost Recovery) | D51: 99200 | E51: =F51*D51 -> 55552 | F51: 0.56 | G51: =H51*D51 -> 43648 | H51: 0.44 | I51: [6]
B52: 2030 | C52: ED Portfolio Oversight Revenue Requirement Request (Cost Recovery) | D52: 99200 | E52: =F52*D52 -> 55552 | F52: 0.56 | G52: =H52*D52 -> 43648 | H52: 0.44 | I52: [6]
B53: 2031 | C53: ED Portfolio Oversight Revenue Requirement Request (Cost Recovery) | D53: 99200 | E53: =F53*D53 -> 55552 | F53: 0.56 | G53: =H53*D53 -> 43648 | H53: 0.44 | I53: [6]
B54: 2032 | C54: ED Portfolio Oversight Revenue Requirement Request (Cost Recovery) | D54: 99200 | E54: =F54*D54 -> 55552 | F54: 0.56 | G54: =H54*D54 -> 43648 | H54: 0.44 | I54: [6]
B55: 2033 | C55: ED Portfolio Oversight Revenue Requirement Request (Cost Recovery) | D55: 99200 | E55: =F55*D55 -> 55552 | F55: 0.56 | G55: =H55*D55 -> 43648 | H55: 0.44 | I55: [6]
B56: 2034 | C56: ED Portfolio Oversight Revenue Requirement Request (Cost Recovery) | D56: 99200 | E56: =F56*D56 -> 55552 | F56: 0.56 | G56: =H56*D56 -> 43648 | H56: 0.44 | I56: [6]
B57: 2035 | C57: ED Portfolio Oversight Revenue Requirement Request (Cost Recovery) | D57: 99200 | E57: =F57*D57 -> 55552 | F57: 0.56 | G57: =H57*D57 -> 43648 | H57: 0.44 | I57: [6]
B58: 2028 | C58: REN & CCA Revenue Requirement Request (Cost Recovery) | D58: 41219821 | E58: =F58*D58 -> 23083100 | F58: 0.56 | G58: =H58*D58 -> 18136721 | H58: 0.44
B59: 2029 | C59: REN & CCA Revenue Requirement Request (Cost Recovery) | D59: 42868616 | E59: =F59*D59 -> 24006425 | F59: 0.56 | G59: =H59*D59 -> 18862191 | H59: 0.44
B60: 2030 | C60: REN & CCA Revenue Requirement Request (Cost Recovery) | D60: 44583355 | E60: =F60*D60 -> 24966679 | F60: 0.56 | G60: =H60*D60 -> 19616676 | H60: 0.44
B61: 2031 | C61: REN & CCA Revenue Requirement Request (Cost Recovery) | D61: 46366693 | E61: =F61*D61 -> 25965348 | F61: 0.56 | G61: =H61*D61 -> 20401345 | H61: 0.44
B62: 2032 | C62: REN & CCA Revenue Requirement Request (Cost Recovery) | D62: 47757694 | E62: =F62*D62 -> 26744309 | F62: 0.56 | G62: =H62*D62 -> 21013385 | H62: 0.44
B63: 2033 | C63: REN & CCA Revenue Requirement Request (Cost Recovery) | D63: 49190425 | E63: =F63*D63 -> 27546638 | F63: 0.56 | G63: =H63*D63 -> 21643787 | H63: 0.44
B64: 2034 | C64: REN & CCA Revenue Requirement Request (Cost Recovery) | D64: 50666137 | E64: =F64*D64 -> 28373037 | F64: 0.56 | G64: =H64*D64 -> 22293100 | H64: 0.44
B65: 2035 | C65: REN & CCA Revenue Requirement Request (Cost Recovery) | D65: 52186122 | E65: =F65*D65 -> 29224228 | F65: 0.56 | G65: =H65*D65 -> 22961894 | H65: 0.44
B66: 2028 | C66: Total Unspent/Uncommitted Funds | D66: =SUMIFS('7 PA PY Budget'!$I$9:$I$60,'7 PA PY Budget'!$C$9:$C$60,'3.1 Funding Category'!B66,'7 PA PY Budget'!$D$9:$D$60,"Total (IOU+REN+CCA)") -> 0 | E66: =F66*D66 -> 0 | F66: 0.56 | G66: =H66*D66 -> 0 | H66: 0.44 | I66: [6] [7]
B67: 2029 | C67: Total Unspent/Uncommitted Funds | D67: =SUMIFS('7 PA PY Budget'!$I$9:$I$60,'7 PA PY Budget'!$C$9:$C$60,'3.1 Funding Category'!B67,'7 PA PY Budget'!$D$9:$D$60,"Total (IOU+REN+CCA)") -> 0 | E67: =F67*D67 -> 0 | F67: 0.56 | G67: =H67*D67 -> 0 | H67: 0.44 | I67: [6] [7]
B68: 2030 | C68: Total Unspent/Uncommitted Funds | D68: =SUMIFS('7 PA PY Budget'!$I$9:$I$60,'7 PA PY Budget'!$C$9:$C$60,'3.1 Funding Category'!B68,'7 PA PY Budget'!$D$9:$D$60,"Total (IOU+REN+CCA)") -> 0 | E68: =F68*D68 -> 0 | F68: 0.56 | G68: =H68*D68 -> 0 | H68: 0.44 | I68: [6] [7]
B69: 2031 | C69: Total Unspent/Uncommitted Funds | D69: =SUMIFS('7 PA PY Budget'!$I$9:$I$60,'7 PA PY Budget'!$C$9:$C$60,'3.1 Funding Category'!B69,'7 PA PY Budget'!$D$9:$D$60,"Total (IOU+REN+CCA)") -> 0 | E69: =F69*D69 -> 0 | F69: 0.56 | G69: =H69*D69 -> 0 | H69: 0.44 | I69: [6] [7]
B70: 2032 | C70: Total Unspent/Uncommitted Funds | D70: =SUMIFS('7 PA PY Budget'!$I$9:$I$60,'7 PA PY Budget'!$C$9:$C$60,'3.1 Funding Category'!B70,'7 PA PY Budget'!$D$9:$D$60,"Total (IOU+REN+CCA)") -> 0 | E70: =F70*D70 -> 0 | F70: 0.56 | G70: =H70*D70 -> 0 | H70: 0.44 | I70: [6] [7]
B71: 2033 | C71: Total Unspent/Uncommitted Funds | D71: =SUMIFS('7 PA PY Budget'!$I$9:$I$60,'7 PA PY Budget'!$C$9:$C$60,'3.1 Funding Category'!B71,'7 PA PY Budget'!$D$9:$D$60,"Total (IOU+REN+CCA)") -> 0 | E71: =F71*D71 -> 0 | F71: 0.56 | G71: =H71*D71 -> 0 | H71: 0.44 | I71: [6] [7]
B72: 2034 | C72: Total Unspent/Uncommitted Funds | D72: =SUMIFS('7 PA PY Budget'!$I$9:$I$60,'7 PA PY Budget'!$C$9:$C$60,'3.1 Funding Category'!B72,'7 PA PY Budget'!$D$9:$D$60,"Total (IOU+REN+CCA)") -> 0 | E72: =F72*D72 -> 0 | F72: 0.56 | G72: =H72*D72 -> 0 | H72: 0.44 | I72: [6] [7]
B73: 2035 | C73: Total Unspent/Uncommitted Funds | D73: =SUMIFS('7 PA PY Budget'!$I$9:$I$60,'7 PA PY Budget'!$C$9:$C$60,'3.1 Funding Category'!B73,'7 PA PY Budget'!$D$9:$D$60,"Total (IOU+REN+CCA)") -> 0 | E73: =F73*D73 -> 0 | F73: 0.56 | G73: =H73*D73 -> 0 | H73: 0.44 | I73: [6] [7]
B74: 2028 | C74: EM&V - PA | D74: =ROUND('4.1 Program Budget 2028-2031'!N21*0.4,2) -> 1094849.6 | E74: =F74*D74 -> 613115.76 | F74: 0.56 | G74: =H74*D74 -> 481733.81 | H74: 0.44 | I74: [4] [6]
B75: 2029 | C75: EM&V - PA | D75: =ROUND('4.1 Program Budget 2028-2031'!N93*0.4,2) -> 1084169.6 | E75: =F75*D75 -> 607135 | F75: 0.56 | G75: =H75*D75 -> 477034.64 | H75: 0.44 | I75: [4] [6]
B76: 2030 | C76: EM&V - PA | D76: =ROUND('4.1 Program Budget 2028-2031'!N165*0.4,2) -> 1100424.9 | E76: =F76*D76 -> 616237.97 | F76: 0.56 | G76: =H76*D76 -> 484186.98 | H76: 0.44 | I76: [4] [6]
B77: 2031 | C77: EM&V - PA | D77: =ROUND('4.1 Program Budget 2028-2031'!N237*0.4,2) -> 1149317.4 | E77: =F77*D77 -> 643617.74 | F77: 0.56 | G77: =H77*D77 -> 505699.66 | H77: 0.44 | I77: [4] [6]
B78: 2032 | C78: EM&V - PA | D78: =D77 -> 1149317.4 | E78: =F78*D78 -> 643617.74 | F78: 0.56 | G78: =H78*D78 -> 505699.66 | H78: 0.44 | I78: [4] [6]
B79: 2033 | C79: EM&V - PA | D79: =D77 -> 1149317.4 | E79: =F79*D79 -> 643617.74 | F79: 0.56 | G79: =H79*D79 -> 505699.66 | H79: 0.44 | I79: [4] [6]
B80: 2034 | C80: EM&V - PA | D80: =D77 -> 1149317.4 | E80: =F80*D80 -> 643617.74 | F80: 0.56 | G80: =H80*D80 -> 505699.66 | H80: 0.44 | I80: [4] [6]
B81: 2035 | C81: EM&V - PA | D81: =D77 -> 1149317.4 | E81: =F81*D81 -> 643617.74 | F81: 0.56 | G81: =H81*D81 -> 505699.66 | H81: 0.44 | I81: [4] [6]
B82: 2028 | C82: EM&V - ED | D82: ='4.1 Program Budget 2028-2031'!N21-D74 -> 1642274.3 | E82: =F82*D82 -> 919673.63 | F82: 0.56 | G82: =H82*D82 -> 722600.71 | H82: 0.44 | I82: [4] [6]
B83: 2029 | C83: EM&V - ED | D83: ='4.1 Program Budget 2028-2031'!N93-D75 -> 1626254.5 | E83: =F83*D83 -> 910702.5 | F83: 0.56 | G83: =H83*D83 -> 715551.96 | H83: 0.44 | I83: [4] [6]
B84: 2030 | C84: EM&V - ED | D84: ='4.1 Program Budget 2028-2031'!N165-D76 -> 1650637.4 | E84: =F84*D84 -> 924356.96 | F84: 0.56 | G84: =H84*D84 -> 726280.47 | H84: 0.44 | I84: [4] [6]
B85: 2031 | C85: EM&V - ED | D85: ='4.1 Program Budget 2028-2031'!N237-D77 -> 1723976.1 | E85: =F85*D85 -> 965426.61 | F85: 0.56 | G85: =H85*D85 -> 758549.48 | H85: 0.44 | I85: [4] [6]
B86: 2032 | C86: EM&V - ED | D86: =D85 -> 1723976.1 | E86: =F86*D86 -> 965426.61 | F86: 0.56 | G86: =H86*D86 -> 758549.48 | H86: 0.44 | I86: [4] [6]
B87: 2033 | C87: EM&V - ED | D87: =D85 -> 1723976.1 | E87: =F87*D87 -> 965426.61 | F87: 0.56 | G87: =H87*D87 -> 758549.48 | H87: 0.44 | I87: [4] [6]
B88: 2034 | C88: EM&V - ED | D88: =D85 -> 1723976.1 | E88: =F88*D88 -> 965426.61 | F88: 0.56 | G88: =H88*D88 -> 758549.48 | H88: 0.44 | I88: [4] [6]
B89: 2035 | C89: EM&V - ED | D89: =D85 -> 1723976.1 | E89: =F89*D89 -> 965426.61 | F89: 0.56 | G89: =H89*D89 -> 758549.48 | H89: 0.44 | I89: [4] [6]
B90: 2028 | C90: PA (IOU+CCAs+RENs+ED Portfolio Oversight) Revenue Requirement Request (Cost Recovery) | D90: =D42-D66 -> 1.0974712e+08 | E90: =F90*D90 -> 61458387 | F90: 0.56 | G90: =H90*D90 -> 48288732 | H90: 0.44 | I90: [6]
B91: 2029 | C91: PA (IOU+CCAs+RENs+ED Portfolio Oversight) Revenue Requirement Request (Cost Recovery) | D91: =D43-D67 -> 1.1072842e+08 | E91: =F91*D91 -> 62007914 | F91: 0.56 | G91: =H91*D91 -> 48720504 | H91: 0.44 | I91: [6]
B92: 2030 | C92: PA (IOU+CCAs+RENs+ED Portfolio Oversight) Revenue Requirement Request (Cost Recovery) | D92: =D44-D68 -> 1.1345911e+08 | E92: =F92*D92 -> 63537104 | F92: 0.56 | G92: =H92*D92 -> 49922010 | H92: 0.44 | I92: [6]
B93: 2031 | C93: PA (IOU+CCAs+RENs+ED Portfolio Oversight) Revenue Requirement Request (Cost Recovery) | D93: =D45-D69 -> 1.1829823e+08 | E93: =F93*D93 -> 66247009 | F93: 0.56 | G93: =H93*D93 -> 52051221 | H93: 0.44 | I93: [6]
B94: 2032 | C94: PA (IOU+CCAs+RENs+ED Portfolio Oversight) Revenue Requirement Request (Cost Recovery) | D94: =D46-D70 -> 1.1968923e+08 | E94: =F94*D94 -> 67025970 | F94: 0.56 | G94: =H94*D94 -> 52663262 | H94: 0.44 | I94: [6]
B95: 2033 | C95: PA (IOU+CCAs+RENs+ED Portfolio Oversight) Revenue Requirement Request (Cost Recovery) | D95: =D47-D71 -> 1.2112196e+08 | E95: =F95*D95 -> 67828299 | F95: 0.56 | G95: =H95*D95 -> 53293663 | H95: 0.44 | I95: [6]
B96: 2034 | C96: PA (IOU+CCAs+RENs+ED Portfolio Oversight) Revenue Requirement Request (Cost Recovery) | D96: =D48-D72 -> 1.2259767e+08 | E96: =F96*D96 -> 68654698 | F96: 0.56 | G96: =H96*D96 -> 53942977 | H96: 0.44 | I96: [6]
B97: 2035 | C97: PA (IOU+CCAs+RENs+ED Portfolio Oversight) Revenue Requirement Request (Cost Recovery) | D97: =D49-D73 -> 1.2411766e+08 | E97: =F97*D97 -> 69505889 | F97: 0.56 | G97: =H97*D97 -> 54611770 | H97: 0.44 | I97: [6]
B98: Total | C98: PA (IOU+CCAs+RENs+ED Portfolio Oversight) Revenue Requirement Request (Cost Recovery) | D98: =SUM(D90:D97) -> 9.3975941e+08 | E98: =SUM(E90:E97) -> 5.2626527e+08 | G98: =SUM(G90:G97) -> 4.1349414e+08
B99: 2028 | C99: IDSM-Demand Response Funding | D99: 2000000 | E99: =F99*D99 -> 2000000 | F99: 1 | G99: =H99*D99 -> 0 | H99: 0 | I99: [5]
B100: 2029 | C100: IDSM-Demand Response Funding | D100: 2000000 | E100: =F100*D100 -> 2000000 | F100: 1 | G100: =H100*D100 -> 0 | H100: 0 | I100: [5]
B101: 2030 | C101: IDSM-Demand Response Funding | D101: 2000000 | E101: =F101*D101 -> 2000000 | F101: 1 | G101: =H101*D101 -> 0 | H101: 0 | I101: [5]
B102: 2031 | C102: IDSM-Demand Response Funding | D102: 2000000 | E102: =F102*D102 -> 2000000 | F102: 1 | G102: =H102*D102 -> 0 | H102: 0 | I102: [5]
B103: 2032 | C103: IDSM-Demand Response Funding | D103: 2000000 | E103: =F103*D103 -> 2000000 | F103: 1 | G103: =H103*D103 -> 0 | H103: 0 | I103: [5]
B104: 2033 | C104: IDSM-Demand Response Funding | D104: 2000000 | E104: =F104*D104 -> 2000000 | F104: 1 | G104: =H104*D104 -> 0 | H104: 0 | I104: [5]
B105: 2034 | C105: IDSM-Demand Response Funding | D105: 2000000 | E105: =F105*D105 -> 2000000 | F105: 1 | G105: =H105*D105 -> 0 | H105: 0 | I105: [5]
B106: 2035 | C106: IDSM-Demand Response Funding | D106: 2000000 | E106: =F106*D106 -> 2000000 | F106: 1 | G106: =H106*D106 -> 0 | H106: 0 | I106: [5]
...

Sheet 3.2 Funding CCA_REN only
B2: Description | C2: Table for documenting the source of all funds for the CCAs and RENs.
B3: Instructions | C3: CCAs and RENs to populate the funds received by IOU for their respective portfolio. For Electric, they are the Electric Energy Efficiency Funds and for Gas, they are the Natural Gas Public Purpose Funds.
B5: PA Name: | C5: ='Read Me'!B10 -> SDG&E
B6: Budget Year: | C6: ='Read Me'!B11 -> 2028-2035
B10: 8 Year Funding Sources - RENs/CCAs
B12: Year | C12: PG&E | E12: SD REN | G12: SCE | H12: SCG
C13: Electric $ | D13: Gas $ | E13: Electric $ | F13: Gas $ | G13: Electric $ | H13: Gas $ | I13: Total Proposed Budget $
B14: 2028 | E14: =+'3.1 Funding Category'!E58 -> 23083100 | F14: =+'3.1 Funding Category'!G58 -> 18136721 | I14: =SUM(C14:H14) -> 41219821
B15: 2029 | E15: =+'3.1 Funding Category'!E59 -> 24006425 | F15: =+'3.1 Funding Category'!G59 -> 18862191 | I15: =SUM(C15:H15) -> 42868616
B16: 2030 | E16: =+'3.1 Funding Category'!E60 -> 24966679 | F16: =+'3.1 Funding Category'!G60 -> 19616676 | I16: =SUM(C16:H16) -> 44583355
B17: 2031 | E17: =+'3.1 Funding Category'!E61 -> 25965348 | F17: =+'3.1 Funding Category'!G61 -> 20401345 | I17: =SUM(C17:H17) -> 46366693
B18: 2032 | E18: =+'3.1 Funding Category'!E62 -> 26744309 | F18: =+'3.1 Funding Category'!G62 -> 21013385 | I18: =SUM(C18:H18) -> 47757694
B19: 2033 | E19: =+'3.1 Funding Category'!E63 -> 27546638 | F19: =+'3.1 Funding Category'!G63 -> 21643787 | I19: =SUM(C19:H19) -> 49190425
B20: 2034 | E20: =+'3.1 Funding Category'!E64 -> 28373037 | F20: =+'3.1 Funding Category'!G64 -> 22293100 | I20: =SUM(C20:H20) -> 50666137
B21: 2035 | E21: =+'3.1 Funding Category'!E65 -> 29224228 | F21: =+'3.1 Funding Category'!G65 -> 22961894 | I21: =SUM(C21:H21) -> 52186122
B22: Total | C22: =SUM(C14:C21) -> 0 | D22: =SUM(D14:D21) -> 0 | E22: =SUM(E14:E21) -> 2.0990976e+08 | F22: =SUM(F14:F21) -> 1.649291e+08 | G22: =SUM(G14:G21) -> 0 | H22: =SUM(H14:H21) -> 0 | I22: =SUM(I14:I21) -> 374838863
B24: Notes: SD REN budget amounts are linked to worksheet 3.1 Funding Category.

Sheet 4.1 Program Budget 2028-2031
B2: Description | C2: Program-level budget requests and cost and savings components for your energy efficiency programs.
B3: Instructions | C3: Review and complete the table accordingly. Can use the Budget Filing Data to fill in the tab by using SumIfs based on the data pulled from the Program Card tab (columns marked accordingly).
B5: PA Name: | C5: ='Read Me'!B10 -> SDG&E
B6: Budget Year: | C6: ='Read Me'!B11 -> 2028-2035
B7: (report budgets to the $--do not round)
B8: Table 4 – Program Budget and Savings Details, 2028-2031
C11: Check to make sure that the formulas in the subtotal include the added rows.
W14: SCT-Base | X14: SCT-High
C15: Program ID | D15: Program Name | E15: Changing Status or Budget Reason1,2 Select from look up table | F15: Justification for Program Change If programs are to be closed, specify reason (this can include underperformance of TSB and/or TRC) | G15: Program Implementer "_PA portion" of Statewide programs must be marked as "Core PA" rather than "Statewide" | H15: Statewide | I15: Target Exempt3 Select from look up table | J15: Primary Sector4 | K15: Program Category | L15: Program Segment | M15: Year Must complete for all four years | N15: PA Spending Budget Request Sum of (admin, M&O, DI Non-incentives, incentives) | O15: Administrative5 | P15: Marketing/ Outreach5 | Q15: Direct Implementation Non-Incentive5 | R15: Incentive/ Rebate | S15: Net TSB | T15: TRC | U15: PAC | V15: RIM | W15: SCB | X15: SCH | Y15: First Year Net KWH | Z15: First Year Net KW | AA15: First Year Net Therms | AB15: First Year Net Electric CO2e | AC15: First Year Net Gas CO2e | AD15: Lifecycle Net KWH | AE15: Lifecycle Net Therms | AF15: Lifecycle Net Electric CO2e | AG15: Lifecycle Net Gas CO2e | AH15: Lifecycle Net CO2e from low-GWP Measures*6 *If the refrigerant is positive and not new construction, then assume it is low GWP emissions to be reported in this column
C16: ='Budget Filing Data'!D10 -> SDGE3251 | D16: ='Budget Filing Data'!E10 -> SW C&S - Compliance Enhancement | E16: Programs with enhanced budgets (>40% budget increase) | F16: Program forecasts were updated to incorporate recent performance data and current trends, while ensuring alignment with portfolio regulatory requirements. | G16: ='Budget Filing Data'!J10 -> IOU Core | H16: =IF('Budget Filing Data'!H10="","",'Budget Filing Data'!H10) | I16: Yes | J16: ='Budget Filing Data'!G10 -> Cross Cutting | K16: ='Budget Filing Data'!I10 -> Codes and Standards | L16: ='Budget Filing Data'!L10 -> Codes and Standards | M16: ='Budget Filing Data'!B10 -> 2028 | N16: =SUM(O16:R16) -> 1115475.7 | O16: ='Budget Filing Data'!AQ10 -> 33126.507 | P16: ='Budget Filing Data'!AR10 -> 0 | Q16: ='Budget Filing Data'!AS10 -> 1082349.2 | R16: ='Budget Filing Data'!AT10 -> 0 | S16: ='Budget Filing Data'!X10 -> 0 | T16: =IFERROR((('Budget Filing Data'!AF10+'Budget Filing Data'!AG10+'Budget Filing Data'!AY10+'Budget Filing Data'!AH10)/'Budget Filing Data'!AA10),"") -> 0 | U16: =IFERROR((('Budget Filing Data'!AF10+'Budget Filing Data'!AG10+'Budget Filing Data'!AY10+'Budget Filing Data'!AH10)/'Budget Filing Data'!AB10),"") -> 0 | V16: =IFERROR((('Budget Filing Data'!AF10+'Budget Filing Data'!AG10+'Budget Filing Data'!AY10+'Budget Filing Data'!AH10+'Budget Filing Data'!AW10+'Budget Filing Data'!AX10)/('Budget Filing Data'!AE10)),"") -> 0 | W16: =IFERROR(('Budget Filing Data'!AI10+'Budget Filing Data'!AJ10+'Budget Filing Data'!AK10+'Budget Filing Data'!AH10)/('Budget Filing Data'!AC10),"") -> 0 | X16: =IFERROR(('Budget Filing Data'!AL10+'Budget Filing Data'!AM10+'Budget Filing Data'!AN10+'Budget Filing Data'!AH10)/('Budget Filing Data'!AD10),"") -> 0 | Y16: ='Budget Filing Data'!Q10 -> 0 | Z16: ='Budget Filing Data'!R10 -> 0 | AA16: ='Budget Filing Data'!S10 -> 0 | AB16: ='Budget Filing Data'!AO10 -> 0 | AC16: ='Budget Filing Data'!AP10 -> 0 | AD16: ='Budget Filing Data'!T10 -> 0 | AE16: ='Budget Filing Data'!U10 -> 0 | AF16: ='Budget Filing Data'!$V10 -> 0 | AG16: ='Budget Filing Data'!$W10 -> 0 | AH16: 0
C17: ='Budget Filing Data'!D11 -> SDGE3252 | D17: ='Budget Filing Data'!E11 -> SW C&S - Reach Codes | E17: Programs with enhanced budgets (>40% budget increase) | F17: Program forecasts were updated to incorporate recent performance data and current trends, while ensuring alignment with portfolio regulatory requirements. | G17: ='Budget Filing Data'!J11 -> IOU Core | H17: =IF('Budget Filing Data'!H11="","",'Budget Filing Data'!H11) | I17: Yes | J17: ='Budget Filing Data'!G11 -> Cross Cutting | K17: ='Budget Filing Data'!I11 -> Codes and Standards | L17: ='Budget Filing Data'!L11 -> Codes and Standards | M17: ='Budget Filing Data'!B11 -> 2028 | N17: =SUM(O17:R17) -> 1045128.1 | O17: ='Budget Filing Data'!AQ11 -> 22659.446 | P17: ='Budget Filing Data'!AR11 -> 0 | Q17: ='Budget Filing Data'!AS11 -> 1022468.7 | R17: ='Budget Filing Data'!AT11 -> 0 | S17: ='Budget Filing Data'!X11 -> 0 | T17: =IFERROR((('Budget Filing Data'!AF11+'Budget Filing Data'!AG11+'Budget Filing Data'!AY11+'Budget Filing Data'!AH11)/'Budget Filing Data'!AA11),"") -> 0 | U17: =IFERROR((('Budget Filing Data'!AF11+'Budget Filing Data'!AG11+'Budget Filing Data'!AY11+'Budget Filing Data'!AH11)/'Budget Filing Data'!AB11),"") -> 0 | V17: =IFERROR((('Budget Filing Data'!AF11+'Budget Filing Data'!AG11+'Budget Filing Data'!AY11+'Budget Filing Data'!AH11+'Budget Filing Data'!AW11+'Budget Filing Data'!AX11)/('Budget Filing Data'!AE11)),"") -> 0 | W17: =IFERROR(('Budget Filing Data'!AI11+'Budget Filing Data'!AJ11+'Budget Filing Data'!AK11+'Budget Filing Data'!AH11)/('Budget Filing Data'!AC11),"") -> 0 | X17: =IFERROR(('Budget Filing Data'!AL11+'Budget Filing Data'!AM11+'Budget Filing Data'!AN11+'Budget Filing Data'!AH11)/('Budget Filing Data'!AD11),"") -> 0 | Y17: ='Budget Filing Data'!Q11 -> 0 | Z17: ='Budget Filing Data'!R11 -> 0 | AA17: ='Budget Filing Data'!S11 -> 0 | AB17: ='Budget Filing Data'!AO11 -> 0 | AC17: ='Budget Filing Data'!AP11 -> 0 | AD17: ='Budget Filing Data'!T11 -> 0 | AE17: ='Budget Filing Data'!U11 -> 0 | AF17: ='Budget Filing Data'!$V11 -> 0 | AG17: ='Budget Filing Data'!$W11 -> 0 | AH17: 0
C18: ='Budget Filing Data'!D12 -> SDGE3253 | D18: ='Budget Filing Data'!E12 -> SW C&S - Planning Coordination | E18: Programs with enhanced budgets (>40% budget increase) | F18: Program forecasts were updated to incorporate recent performance data and current trends, while ensuring alignment with portfolio regulatory requirements. | G18: ='Budget Filing Data'!J12 -> IOU Core | H18: =IF('Budget Filing Data'!H12="","",'Budget Filing Data'!H12) | I18: Yes | J18: ='Budget Filing Data'!G12 -> Cross Cutting | K18: ='Budget Filing Data'!I12 -> Codes and Standards | L18: ='Budget Filing Data'!L12 -> Codes and Standards | M18: ='Budget Filing Data'!B12 -> 2028 | N18: =SUM(O18:R18) -> 773101.65 | O18: ='Budget Filing Data'!AQ12 -> 19689.729 | P18: ='Budget Filing Data'!AR12 -> 0 | Q18: ='Budget Filing Data'!AS12 -> 753411.92 | R18: ='Budget Filing Data'!AT12 -> 0 | S18: ='Budget Filing Data'!X12 -> 0 | T18: =IFERROR((('Budget Filing Data'!AF12+'Budget Filing Data'!AG12+'Budget Filing Data'!AY12+'Budget Filing Data'!AH12)/'Budget Filing Data'!AA12),"") -> 0 | U18: =IFERROR((('Budget Filing Data'!AF12+'Budget Filing Data'!AG12+'Budget Filing Data'!AY12+'Budget Filing Data'!AH12)/'Budget Filing Data'!AB12),"") -> 0 | V18: =IFERROR((('Budget Filing Data'!AF12+'Budget Filing Data'!AG12+'Budget Filing Data'!AY12+'Budget Filing Data'!AH12+'Budget Filing Data'!AW12+'Budget Filing Data'!AX12)/('Budget Filing Data'!AE12)),"") -> 0 | W18: =IFERROR(('Budget Filing Data'!AI12+'Budget Filing Data'!AJ12+'Budget Filing Data'!AK12+'Budget Filing Data'!AH12)/('Budget Filing Data'!AC12),"") -> 0 | X18: =IFERROR(('Budget Filing Data'!AL12+'Budget Filing Data'!AM12+'Budget Filing Data'!AN12+'Budget Filing Data'!AH12)/('Budget Filing Data'!AD12),"") -> 0 | Y18: ='Budget Filing Data'!Q12 -> 0 | Z18: ='Budget Filing Data'!R12 -> 0 | AA18: ='Budget Filing Data'!S12 -> 0 | AB18: ='Budget Filing Data'!AO12 -> 0 | AC18: ='Budget Filing Data'!AP12 -> 0 | AD18: ='Budget Filing Data'!T12 -> 0 | AE18: ='Budget Filing Data'!U12 -> 0 | AF18: ='Budget Filing Data'!$V12 -> 0 | AG18: ='Budget Filing Data'!$W12 -> 0 | AH18: 0
C19: ='Budget Filing Data'!D13 -> SDGE3262 | D19: ='Budget Filing Data'!E13 -> SW-FIN-On-Bill Finance | G19: ='Budget Filing Data'!J13 -> IOU Core | H19: =IF('Budget Filing Data'!H13="","",'Budget Filing Data'!H13) | I19: Yes | J19: ='Budget Filing Data'!G13 -> Commercial | K19: ='Budget Filing Data'!I13 -> Financing | L19: ='Budget Filing Data'!L13 -> Market Support | M19: ='Budget Filing Data'!B13 -> 2028 | N19: =SUM(O19:R19) -> 109719.15 | O19: ='Budget Filing Data'!AQ13 -> 43206.369 | P19: ='Budget Filing Data'!AR13 -> 728.7306 | Q19: ='Budget Filing Data'!AS13 -> 65784.051 | R19: ='Budget Filing Data'!AT13 -> 0 | S19: ='Budget Filing Data'!X13 -> 0 | T19: =IFERROR((('Budget Filing Data'!AF13+'Budget Filing Data'!AG13+'Budget Filing Data'!AY13+'Budget Filing Data'!AH13)/'Budget Filing Data'!AA13),"") -> 0 | U19: =IFERROR((('Budget Filing Data'!AF13+'Budget Filing Data'!AG13+'Budget Filing Data'!AY13+'Budget Filing Data'!AH13)/'Budget Filing Data'!AB13),"") -> 0 | V19: =IFERROR((('Budget Filing Data'!AF13+'Budget Filing Data'!AG13+'Budget Filing Data'!AY13+'Budget Filing Data'!AH13+'Budget Filing Data'!AW13+'Budget Filing Data'!AX13)/('Budget Filing Data'!AE13)),"") -> 0 | W19: =IFERROR(('Budget Filing Data'!AI13+'Budget Filing Data'!AJ13+'Budget Filing Data'!AK13+'Budget Filing Data'!AH13)/('Budget Filing Data'!AC13),"") -> 0 | X19: =IFERROR(('Budget Filing Data'!AL13+'Budget Filing Data'!AM13+'Budget Filing Data'!AN13+'Budget Filing Data'!AH13)/('Budget Filing Data'!AD13),"") -> 0 | Y19: ='Budget Filing Data'!Q13 -> 0 | Z19: ='Budget Filing Data'!R13 -> 0 | AA19: ='Budget Filing Data'!S13 -> 0 | AB19: ='Budget Filing Data'!AO13 -> 0 | AC19: ='Budget Filing Data'!AP13 -> 0 | AD19: ='Budget Filing Data'!T13 -> 0 | AE19: ='Budget Filing Data'!U13 -> 0 | AF19: ='Budget Filing Data'!$V13 -> 0 | AG19: ='Budget Filing Data'!$W13 -> 0 | AH19: 0
C20: ='Budget Filing Data'!D14 -> SDGE3280 | D20: ='Budget Filing Data'!E14 -> 3P-IDEEA | E20: Programs with reduced budgets (>40% budget decrease) | F20: The budget reduction is due to an anticipated decrease in solicitations. | G20: ='Budget Filing Data'!J14 -> Non-Program | H20: =IF('Budget Filing Data'!H14="","",'Budget Filing Data'!H14) | I20: Yes | J20: ='Budget Filing Data'!G14 -> Cross Cutting | K20: ='Budget Filing Data'!I14 -> Market Education Outreach | L20: ='Budget Filing Data'!L14 -> Market Support | M20: ='Budget Filing Data'!B14 -> 2028 | N20: =SUM(O20:R20) -> 154447.92 | O20: ='Budget Filing Data'!AQ14 -> 154447.92 | P20: ='Budget Filing Data'!AR14 -> 0 | Q20: ='Budget Filing Data'!AS14 -> 0 | R20: ='Budget Filing Data'!AT14 -> 0 | S20: ='Budget Filing Data'!X14 -> 0 | T20: =IFERROR((('Budget Filing Data'!AF14+'Budget Filing Data'!AG14+'Budget Filing Data'!AY14+'Budget Filing Data'!AH14)/'Budget Filing Data'!AA14),"") -> 0 | U20: =IFERROR((('Budget Filing Data'!AF14+'Budget Filing Data'!AG14+'Budget Filing Data'!AY14+'Budget Filing Data'!AH14)/'Budget Filing Data'!AB14),"") -> 0 | V20: =IFERROR((('Budget Filing Data'!AF14+'Budget Filing Data'!AG14+'Budget Filing Data'!AY14+'Budget Filing Data'!AH14+'Budget Filing Data'!AW14+'Budget Filing Data'!AX14)/('Budget Filing Data'!AE14)),"") -> 0 | W20: =IFERROR(('Budget Filing Data'!AI14+'Budget Filing Data'!AJ14+'Budget Filing Data'!AK14+'Budget Filing Data'!AH14)/('Budget Filing Data'!AC14),"") -> 0 | X20: =IFERROR(('Budget Filing Data'!AL14+'Budget Filing Data'!AM14+'Budget Filing Data'!AN14+'Budget Filing Data'!AH14)/('Budget Filing Data'!AD14),"") -> 0 | Y20: ='Budget Filing Data'!Q14 -> 0 | Z20: ='Budget Filing Data'!R14 -> 0 | AA20: ='Budget Filing Data'!S14 -> 0 | AB20: ='Budget Filing Data'!AO14 -> 0 | AC20: ='Budget Filing Data'!AP14 -> 0 | AD20: ='Budget Filing Data'!T14 -> 0 | AE20: ='Budget Filing Data'!U14 -> 0 | AF20: ='Budget Filing Data'!$V14 -> 0 | AG20: ='Budget Filing Data'!$W14 -> 0 | AH20: 0
C21: ='Budget Filing Data'!D15 -> SDGE3281 | D21: ='Budget Filing Data'!E15 -> EM&V-Evaluation Measurement & Verification | G21: ='Budget Filing Data'!J15 -> Non-Program | H21: =IF('Budget Filing Data'!H15="","",'Budget Filing Data'!H15) | I21: No | J21: ='Budget Filing Data'!G15 -> Cross Cutting | K21: ='Budget Filing Data'!I15 -> Evaluation Measurement and Verification | L21: ='Budget Filing Data'!L15 -> Evaluation, Measurement, and Verification | M21: ='Budget Filing Data'!B15 -> 2028 | N21: =SUM(O21:R21) -> 2737123.9 | O21: ='Budget Filing Data'!AQ15 -> 2737123.9 | P21: ='Budget Filing Data'!AR15 -> 0 | Q21: ='Budget Filing Data'!AS15 -> 0 | R21: ='Budget Filing Data'!AT15 -> 0 | S21: ='Budget Filing Data'!X15 -> 0 | T21: =IFERROR((('Budget Filing Data'!AF15+'Budget Filing Data'!AG15+'Budget Filing Data'!AY15+'Budget Filing Data'!AH15)/'Budget Filing Data'!AA15),"") -> 0 | U21: =IFERROR((('Budget Filing Data'!AF15+'Budget Filing Data'!AG15+'Budget Filing Data'!AY15+'Budget Filing Data'!AH15)/'Budget Filing Data'!AB15),"") -> 0 | V21: =IFERROR((('Budget Filing Data'!AF15+'Budget Filing Data'!AG15+'Budget Filing Data'!AY15+'Budget Filing Data'!AH15+'Budget Filing Data'!AW15+'Budget Filing Data'!AX15)/('Budget Filing Data'!AE15)),"") -> 0 | W21: =IFERROR(('Budget Filing Data'!AI15+'Budget Filing Data'!AJ15+'Budget Filing Data'!AK15+'Budget Filing Data'!AH15)/('Budget Filing Data'!AC15),"") -> 0 | X21: =IFERROR(('Budget Filing Data'!AL15+'Budget Filing Data'!AM15+'Budget Filing Data'!AN15+'Budget Filing Data'!AH15)/('Budget Filing Data'!AD15),"") -> 0 | Y21: ='Budget Filing Data'!Q15 -> 0 | Z21: ='Budget Filing Data'!R15 -> 0 | AA21: ='Budget Filing Data'!S15 -> 0 | AB21: ='Budget Filing Data'!AO15 -> 0 | AC21: ='Budget Filing Data'!AP15 -> 0 | AD21: ='Budget Filing Data'!T15 -> 0 | AE21: ='Budget Filing Data'!U15 -> 0 | AF21: ='Budget Filing Data'!$V15 -> 0 | AG21: ='Budget Filing Data'!$W15 -> 0 | AH21: 0
C22: ='Budget Filing Data'!D16 -> SDGE4001 | D22: ='Budget Filing Data'!E16 -> Single Family Program | E22: Programs with enhanced budgets (>40% budget increase) | F22: Program forecasts were updated to incorporate recent performance data and current trends, while ensuring alignment with portfolio regulatory requirements. For Resource Acquisition Programs, forecasts were also updated to incorporate revised TSB targets from the 2025 Potential & Goals Study as well as measure package updates. | G22: ='Budget Filing Data'!J16 -> Third-Party Solicited | H22: =IF('Budget Filing Data'!H16="","",'Budget Filing Data'!H16) | I22: No | J22: ='Budget Filing Data'!G16 -> Residential | K22: ='Budget Filing Data'!I16 -> Other | L22: ='Budget Filing Data'!L16 -> Resource Acquisition | M22: ='Budget Filing Data'!B16 -> 2028 | N22: =SUM(O22:R22) -> 5462816.6 | O22: ='Budget Filing Data'!AQ16 -> 295173.77 | P22: ='Budget Filing Data'!AR16 -> 150728.73 | Q22: ='Budget Filing Data'!AS16 -> 366914.06 | R22: ='Budget Filing Data'!AT16 -> 4650000 | S22: ='Budget Filing Data'!X16 -> 5340588.1 | T22: =IFERROR((('Budget Filing Data'!AF16+'Budget Filing Data'!AG16+'Budget Filing Data'!AY16+'Budget Filing Data'!AH16)/'Budget Filing Data'!AA16),"") -> 1.0083613 | U22: =IFERROR((('Budget Filing Data'!AF16+'Budget Filing Data'!AG16+'Budget Filing Data'!AY16+'Budget Filing Data'!AH16)/'Budget Filing Data'!AB16),"") -> 1.0083613 | V22: =IFERROR((('Budget Filing Data'!AF16+'Budget Filing Data'!AG16+'Budget Filing Data'!AY16+'Budget Filing Data'!AH16+'Budget Filing Data'!AW16+'Budget Filing Data'!AX16)/('Budget Filing Data'!AE16)),"") -> 0.47053949 | W22: =IFERROR(('Budget Filing Data'!AI16+'Budget Filing Data'!AJ16+'Budget Filing Data'!AK16+'Budget Filing Data'!AH16)/('Budget Filing Data'!AC16),"") -> 1.0708686 | X22: =IFERROR(('Budget Filing Data'!AL16+'Budget Filing Data'!AM16+'Budget Filing Data'!AN16+'Budget Filing Data'!AH16)/('Budget Filing Data'!AD16),"") -> 1.0712644 | Y22: ='Budget Filing Data'!Q16 -> 2004144.4 | Z22: ='Budget Filing Data'!R16 -> 1978.0668 | AA22: ='Budget Filing Data'!S16 -> 27985.515 | AB22: ='Budget Filing Data'!AO16 -> 629.58709 | AC22: ='Budget Filing Data'!AP16 -> 148.60308 | AD22: ='Budget Filing Data'!T16 -> 17041370 | AE22: ='Budget Filing Data'!U16 -> 237962.65 | AF22: ='Budget Filing Data'!$V16 -> 4632.6399 | AG22: ='Budget Filing Data'!$W16 -> 1263.5817 | AH22: 5896.2215
C23: ='Budget Filing Data'!D17 -> SDGE4002 | D23: ='Budget Filing Data'!E17 -> Multi Family Program | G23: ='Budget Filing Data'!J17 -> Third-Party Solicited | H23: =IF('Budget Filing Data'!H17="","",'Budget Filing Data'!H17) | I23: No | J23: ='Budget Filing Data'!G17 -> Residential | K23: ='Budget Filing Data'!I17 -> Other | L23: ='Budget Filing Data'!L17 -> Resource Acquisition | M23: ='Budget Filing Data'!B17 -> 2028 | N23: =SUM(O23:R23) -> 10925067 | O23: ='Budget Filing Data'!AQ17 -> 588964.84 | P23: ='Budget Filing Data'!AR17 -> 300728.73 | Q23: ='Budget Filing Data'!AS17 -> 735373.25 | R23: ='Budget Filing Data'!AT17 -> 9300000 | S23: ='Budget Filing Data'!X17 -> 11864423 | T23: =IFERROR((('Budget Filing Data'!AF17+'Budget Filing Data'!AG17+'Budget Filing Data'!AY17+'Budget Filing Data'!AH17)/'Budget Filing Data'!AA17),"") -> 1.1201261 | U23: =IFERROR((('Budget Filing Data'!AF17+'Budget Filing Data'!AG17+'Budget Filing Data'!AY17+'Budget Filing Data'!AH17)/'Budget Filing Data'!AB17),"") -> 1.1201261 | V23: =IFERROR((('Budget Filing Data'!AF17+'Budget Filing Data'!AG17+'Budget Filing Data'!AY17+'Budget Filing Data'!AH17+'Budget Filing Data'!AW17+'Budget Filing Data'!AX17)/('Budget Filing Data'!AE17)),"") -> 0.47364992 | W23: =IFERROR(('Budget Filing Data'!AI17+'Budget Filing Data'!AJ17+'Budget Filing Data'!AK17+'Budget Filing Data'!AH17)/('Budget Filing Data'!AC17),"") -> 1.3958406 | X23: =IFERROR(('Budget Filing Data'!AL17+'Budget Filing Data'!AM17+'Budget Filing Data'!AN17+'Budget Filing Data'!AH17)/('Budget Filing Data'!AD17),"") -> 1.3985819 | Y23: ='Budget Filing Data'!Q17 -> 2659966.3 | Z23: ='Budget Filing Data'!R17 -> 3835.5218 | AA23: ='Budget Filing Data'!S17 -> 387639.92 | AB23: ='Budget Filing Data'!AO17 -> 747.18255 | AC23: ='Budget Filing Data'!AP17 -> 2058.368 | AD23: ='Budget Filing Data'!T17 -> 23776838 | AE23: ='Budget Filing Data'!U17 -> 3465025.6 | AF23: ='Budget Filing Data'!$V17 -> 5611.5581 | AG23: ='Budget Filing Data'!$W17 -> 18399.286 | AH23: 24010.844
C24: ='Budget Filing Data'!D18 -> SDGE4006 | D24: ='Budget Filing Data'!E18 -> Industrial Sector Program | E24: Programs with enhanced budgets (>40% budget increase) | F24: The budget increase reflects the program’s expansion from the industrial sector to the broader non‑residential sector. | G24: ='Budget Filing Data'!J18 -> Third-Party Solicited | H24: =IF('Budget Filing Data'!H18="","",'Budget Filing Data'!H18) | I24: No | J24: ='Budget Filing Data'!G18 -> Industrial | K24: ='Budget Filing Data'!I18 -> Other | L24: ='Budget Filing Data'!L18 -> Resource Acquisition | M24: ='Budget Filing Data'!B18 -> 2028 | N24: =SUM(O24:R24) -> 9709236.2 | O24: ='Budget Filing Data'!AQ18 -> 838197.91 | P24: ='Budget Filing Data'!AR18 -> 429317.59 | Q24: ='Budget Filing Data'!AS18 -> 6483659.7 | R24: ='Budget Filing Data'!AT18 -> 1958061 | S24: ='Budget Filing Data'!X18 -> 9750239.3 | T24: =IFERROR((('Budget Filing Data'!AF18+'Budget Filing Data'!AG18+'Budget Filing Data'!AY18+'Budget Filing Data'!AH18)/'Budget Filing Data'!AA18),"") -> 1.0485111 | U24: =IFERROR((('Budget Filing Data'!AF18+'Budget Filing Data'!AG18+'Budget Filing Data'!AY18+'Budget Filing Data'!AH18)/'Budget Filing Data'!AB18),"") -> 1.0151202 | V24: =IFERROR((('Budget Filing Data'!AF18+'Budget Filing Data'!AG18+'Budget Filing Data'!AY18+'Budget Filing Data'!AH18+'Budget Filing Data'!AW18+'Budget Filing Data'!AX18)/('Budget Filing Data'!AE18)),"") -> 0.22157978 | W24: =IFERROR(('Budget Filing Data'!AI18+'Budget Filing Data'!AJ18+'Budget Filing Data'!AK18+'Budget Filing Data'!AH18)/('Budget Filing Data'!AC18),"") -> 1.4228023 | X24: =IFERROR(('Budget Filing Data'!AL18+'Budget Filing Data'!AM18+'Budget Filing Data'!AN18+'Budget Filing Data'!AH18)/('Budget Filing Data'!AD18),"") -> 1.4708497 | Y24: ='Budget Filing Data'!Q18 -> 19395000 | Z24: ='Budget Filing Data'!R18 -> 2513.97 | AA24: ='Budget Filing Data'!S18 -> 218250 | AB24: ='Budget Filing Data'!AO18 -> 4622.7505 | AC24: ='Budget Filing Data'!AP18 -> 1158.9075 | AD24: ='Budget Filing Data'!T18 -> 96975000 | AE24: ='Budget Filing Data'!U18 -> 1091250 | AF24: ='Budget Filing Data'!$V18 -> 20619.359 | AG24: ='Budget Filing Data'!$W18 -> 5794.5375 | AH24: 0
C25: ='Budget Filing Data'!D19 -> SDGE4040 | D25: ='Budget Filing Data'!E19 -> IDSM Local Residential Behavioral Program (EE) | G25: ='Budget Filing Data'!J19 -> Third-Party Solicited | H25: =IF('Budget Filing Data'!H19="","",'Budget Filing Data'!H19) | I25: No | J25: ='Budget Filing Data'!G19 -> Residential | K25: ='Budget Filing Data'!I19 -> Other | L25: ='Budget Filing Data'!L19 -> Resource Acquisition | M25: ='Budget Filing Data'!B19 -> 2028 | N25: =SUM(O25:R25) -> 2546357.9 | O25: ='Budget Filing Data'!AQ19 -> 329024.48 | P25: ='Budget Filing Data'!AR19 -> 17489.534 | Q25: ='Budget Filing Data'!AS19 -> 2199843.8 | R25: ='Budget Filing Data'!AT19 -> 0 | S25: ='Budget Filing Data'!X19 -> 4981703.1 | T25: =IFERROR((('Budget Filing Data'!AF19+'Budget Filing Data'!AG19+'Budget Filing Data'!AY19+'Budget Filing Data'!AH19)/'Budget Filing Data'!AA19),"") -> 1.9564034 | U25: =IFERROR((('Budget Filing Data'!AF19+'Budget Filing Data'!AG19+'Budget Filing Data'!AY19+'Budget Filing Data'!AH19)/'Budget Filing Data'!AB19),"") -> 1.9564034 | V25: =IFERROR((('Budget Filing Data'!AF19+'Budget Filing Data'!AG19+'Budget Filing Data'!AY19+'Budget Filing Data'!AH19+'Budget Filing Data'!AW19+'Budget Filing Data'!AX19)/('Budget Filing Data'!AE19)),"") -> 0.27070275 | W25: =IFERROR(('Budget Filing Data'!AI19+'Budget Filing Data'!AJ19+'Budget Filing Data'!AK19+'Budget Filing Data'!AH19)/('Budget Filing Data'!AC19),"") -> 2.1870693 | X25: =IFERROR(('Budget Filing Data'!AL19+'Budget Filing Data'!AM19+'Budget Filing Data'!AN19+'Budget Filing Data'!AH19)/('Budget Filing Data'!AD19),"") -> 2.20011 | Y25: ='Budget Filing Data'!Q19 -> 36725231 | Z25: ='Budget Filing Data'!R19 -> 5500 | AA25: ='Budget Filing Data'!S19 -> 700814.91 | AB25: ='Budget Filing Data'!AO19 -> 7920.9896 | AC25: ='Budget Filing Data'!AP19 -> 3721.3272 | AD25: ='Budget Filing Data'!T19 -> 36725231 | AE25: ='Budget Filing Data'!U19 -> 700814.91 | AF25: ='Budget Filing Data'!$V19 -> 7920.9896 | AG25: ='Budget Filing Data'!$W19 -> 3721.3272 | AH25: 0
C26: ='Budget Filing Data'!D20 -> SDGE_SW_CSA_Natl | D26: ='Budget Filing Data'!E20 -> SW Codes & Standards Advocacy - National Codes & Standards Advocacy | G26: ='Budget Filing Data'!J20 -> Third-Party Solicited | H26: =IF('Budget Filing Data'!H20="","",'Budget Filing Data'!H20) -> SW_CSA_Natl - Codes and Standards National Codes Advocacy | I26: No | J26: ='Budget Filing Data'!G20 -> Cross Cutting | K26: ='Budget Filing Data'!I20 -> Codes and Standards | L26: ='Budget Filing Data'!L20 -> Codes and Standards | M26: ='Budget Filing Data'!B20 -> 2028 | N26: =SUM(O26:R26) -> 423899.29 | O26: ='Budget Filing Data'!AQ20 -> 0 | P26: ='Budget Filing Data'!AR20 -> 0 | Q26: ='Budget Filing Data'!AS20 -> 423899.29 | R26: ='Budget Filing Data'!AT20 -> 0 | S26: ='Budget Filing Data'!X20 -> 35470126 | T26: =IFERROR((('Budget Filing Data'!AF20+'Budget Filing Data'!AG20+'Budget Filing Data'!AY20+'Budget Filing Data'!AH20)/'Budget Filing Data'!AA20),"") -> 1.6581621 | U26: =IFERROR((('Budget Filing Data'!AF20+'Budget Filing Data'!AG20+'Budget Filing Data'!AY20+'Budget Filing Data'!AH20)/'Budget Filing Data'!AB20),"") -> 83.675833 | V26: =IFERROR((('Budget Filing Data'!AF20+'Budget Filing Data'!AG20+'Budget Filing Data'!AY20+'Budget Filing Data'!AH20+'Budget Filing Data'!AW20+'Budget Filing Data'!AX20)/('Budget Filing Data'!AE20)),"") -> 0.39422275 | W26: =IFERROR(('Budget Filing Data'!AI20+'Budget Filing Data'!AJ20+'Budget Filing Data'!AK20+'Budget Filing Data'!AH20)/('Budget Filing Data'!AC20),"") -> 2.3320337 | X26: =IFERROR(('Budget Filing Data'!AL20+'Budget Filing Data'!AM20+'Budget Filing Data'!AN20+'Budget Filing Data'!AH20)/('Budget Filing Data'!AD20),"") -> 2.3827568 | Y26: ='Budget Filing Data'!Q20 -> 38327587 | Z26: ='Budget Filing Data'!R20 -> 12233.93 | AA26: ='Budget Filing Data'!S20 -> 84831.214 | AB26: ='Budget Filing Data'!AO20 -> 9642.172 | AC26: ='Budget Filing Data'!AP20 -> 450.45374 | AD26: ='Budget Filing Data'!T20 -> 5.2243736e+08 | AE26: ='Budget Filing Data'!U20 -> 1696166.8 | AF26: ='Budget Filing Data'!$V20 -> 99259.556 | AG26: ='Budget Filing Data'!$W20 -> 9006.6456 | AH26: 0
C27: ='Budget Filing Data'!D21 -> SDGE_SW_CSA_Natl_PA | D27: ='Budget Filing Data'!E21 -> SW Codes & Standards Advocacy - National Codes & Standards Advocacy (Utility) | G27: ='Budget Filing Data'!J21 -> IOU Core | H27: =IF('Budget Filing Data'!H21="","",'Budget Filing Data'!H21) -> SW_CSA_Natl - Codes and Standards National Codes Advocacy | I27: No | J27: ='Budget Filing Data'!G21 -> Cross Cutting | K27: ='Budget Filing Data'!I21 -> Codes and Standards | L27: ='Budget Filing Data'!L21 -> Codes and Standards | M27: ='Budget Filing Data'!B21 -> 2028 | N27: =SUM(O27:R27) -> 59946.923 | O27: ='Budget Filing Data'!AQ21 -> 13937.044 | P27: ='Budget Filing Data'!AR21 -> 0 | Q27: ='Budget Filing Data'!AS21 -> 46009.878 | R27: ='Budget Filing Data'!AT21 -> 0 | S27: ='Budget Filing Data'!X21 -> 0 | T27: =IFERROR((('Budget Filing Data'!AF21+'Budget Filing Data'!AG21+'Budget Filing Data'!AY21+'Budget Filing Data'!AH21)/'Budget Filing Data'!AA21),"") -> 0 | U27: =IFERROR((('Budget Filing Data'!AF21+'Budget Filing Data'!AG21+'Budget Filing Data'!AY21+'Budget Filing Data'!AH21)/'Budget Filing Data'!AB21),"") -> 0 | V27: =IFERROR((('Budget Filing Data'!AF21+'Budget Filing Data'!AG21+'Budget Filing Data'!AY21+'Budget Filing Data'!AH21+'Budget Filing Data'!AW21+'Budget Filing Data'!AX21)/('Budget Filing Data'!AE21)),"") -> 0 | W27: =IFERROR(('Budget Filing Data'!AI21+'Budget Filing Data'!AJ21+'Budget Filing Data'!AK21+'Budget Filing Data'!AH21)/('Budget Filing Data'!AC21),"") -> 0 | X27: =IFERROR(('Budget Filing Data'!AL21+'Budget Filing Data'!AM21+'Budget Filing Data'!AN21+'Budget Filing Data'!AH21)/('Budget Filing Data'!AD21),"") -> 0 | Y27: ='Budget Filing Data'!Q21 -> 0 | Z27: ='Budget Filing Data'!R21 -> 0 | AA27: ='Budget Filing Data'!S21 -> 0 | AB27: ='Budget Filing Data'!AO21 -> 0 | AC27: ='Budget Filing Data'!AP21 -> 0 | AD27: ='Budget Filing Data'!T21 -> 0 | AE27: ='Budget Filing Data'!U21 -> 0 | AF27: ='Budget Filing Data'!$V21 -> 0 | AG27: ='Budget Filing Data'!$W21 -> 0 | AH27: 0
C28: ='Budget Filing Data'!D22 -> SDGE_SW_CSA_Appl | D28: ='Budget Filing Data'!E22 -> SW Codes & Standards Advocacy - State Appliance Standards | E28: Programs with enhanced budgets (>40% budget increase) | F28: Refer to the Lead PA's application filing for justification. | G28: ='Budget Filing Data'!J22 -> Third-Party Solicited | H28: =IF('Budget Filing Data'!H22="","",'Budget Filing Data'!H22) -> SW_CSA_Appl - Codes and Standards Appliance Advocacy | I28: No | J28: ='Budget Filing Data'!G22 -> Cross Cutting | K28: ='Budget Filing Data'!I22 -> Codes and Standards | L28: ='Budget Filing Data'!L22 -> Codes and Standards | M28: ='Budget Filing Data'!B22 -> 2028 | N28: =SUM(O28:R28) -> 333070.64 | O28: ='Budget Filing Data'!AQ22 -> 0 | P28: ='Budget Filing Data'!AR22 -> 0 | Q28: ='Budget Filing Data'!AS22 -> 333070.64 | R28: ='Budget Filing Data'!AT22 -> 0 | S28: ='Budget Filing Data'!X22 -> 16353062 | T28: =IFERROR((('Budget Filing Data'!AF22+'Budget Filing Data'!AG22+'Budget Filing Data'!AY22+'Budget Filing Data'!AH22)/'Budget Filing Data'!AA22),"") -> 6.2117397 | U28: =IFERROR((('Budget Filing Data'!AF22+'Budget Filing Data'!AG22+'Budget Filing Data'!AY22+'Budget Filing Data'!AH22)/'Budget Filing Data'!AB22),"") -> 49.097879 | V28: =IFERROR((('Budget Filing Data'!AF22+'Budget Filing Data'!AG22+'Budget Filing Data'!AY22+'Budget Filing Data'!AH22+'Budget Filing Data'!AW22+'Budget Filing Data'!AX22)/('Budget Filing Data'!AE22)),"") -> 0.38468742 | W28: =IFERROR(('Budget Filing Data'!AI22+'Budget Filing Data'!AJ22+'Budget Filing Data'!AK22+'Budget Filing Data'!AH22)/('Budget Filing Data'!AC22),"") -> 8.6622441 | X28: =IFERROR(('Budget Filing Data'!AL22+'Budget Filing Data'!AM22+'Budget Filing Data'!AN22+'Budget Filing Data'!AH22)/('Budget Filing Data'!AD22),"") -> 8.8499833 | Y28: ='Budget Filing Data'!Q22 -> 15478223 | Z28: ='Budget Filing Data'!R22 -> 2001.672 | AA28: ='Budget Filing Data'!S22 -> 109187.82 | AB28: ='Budget Filing Data'!AO22 -> 4072.823 | AC28: ='Budget Filing Data'!AP22 -> 579.78733 | AD28: ='Budget Filing Data'!T22 -> 1.9872677e+08 | AE28: ='Budget Filing Data'!U22 -> 1166845.5 | AF28: ='Budget Filing Data'!$V22 -> 41209.079 | AG28: ='Budget Filing Data'!$W22 -> 6195.9497 | AH28: 0
C29: ='Budget Filing Data'!D23 -> SDGE_SW_CSA_Appl_PA | D29: ='Budget Filing Data'!E23 -> SW Codes & Standards Advocacy - State Appliance Standards (Utility) | G29: ='Budget Filing Data'!J23 -> IOU Core | H29: =IF('Budget Filing Data'!H23="","",'Budget Filing Data'!H23) -> SW_CSA_Appl - Codes and Standards Appliance Advocacy | I29: No | J29: ='Budget Filing Data'!G23 -> Cross Cutting | K29: ='Budget Filing Data'!I23 -> Codes and Standards | L29: ='Budget Filing Data'!L23 -> Codes and Standards | M29: ='Budget Filing Data'!B23 -> 2028 | N29: =SUM(O29:R29) -> 61413.534 | O29: ='Budget Filing Data'!AQ23 -> 13504.827 | P29: ='Budget Filing Data'!AR23 -> 0 | Q29: ='Budget Filing Data'!AS23 -> 47908.707 | R29: ='Budget Filing Data'!AT23 -> 0 | S29: ='Budget Filing Data'!X23 -> 0 | T29: =IFERROR((('Budget Filing Data'!AF23+'Budget Filing Data'!AG23+'Budget Filing Data'!AY23+'Budget Filing Data'!AH23)/'Budget Filing Data'!AA23),"") -> 0 | U29: =IFERROR((('Budget Filing Data'!AF23+'Budget Filing Data'!AG23+'Budget Filing Data'!AY23+'Budget Filing Data'!AH23)/'Budget Filing Data'!AB23),"") -> 0 | V29: =IFERROR((('Budget Filing Data'!AF23+'Budget Filing Data'!AG23+'Budget Filing Data'!AY23+'Budget Filing Data'!AH23+'Budget Filing Data'!AW23+'Budget Filing Data'!AX23)/('Budget Filing Data'!AE23)),"") -> 0 | W29: =IFERROR(('Budget Filing Data'!AI23+'Budget Filing Data'!AJ23+'Budget Filing Data'!AK23+'Budget Filing Data'!AH23)/('Budget Filing Data'!AC23),"") -> 0 | X29: =IFERROR(('Budget Filing Data'!AL23+'Budget Filing Data'!AM23+'Budget Filing Data'!AN23+'Budget Filing Data'!AH23)/('Budget Filing Data'!AD23),"") -> 0 | Y29: ='Budget Filing Data'!Q23 -> 0 | Z29: ='Budget Filing Data'!R23 -> 0 | AA29: ='Budget Filing Data'!S23 -> 0 | AB29: ='Budget Filing Data'!AO23 -> 0 | AC29: ='Budget Filing Data'!AP23 -> 0 | AD29: ='Budget Filing Data'!T23 -> 0 | AE29: ='Budget Filing Data'!U23 -> 0 | AF29: ='Budget Filing Data'!$V23 -> 0 | AG29: ='Budget Filing Data'!$W23 -> 0 | AH29: 0
C30: ='Budget Filing Data'!D24 -> SDGE_SW_CSA_Bldg | D30: ='Budget Filing Data'!E24 -> SW Codes & Standards Advocacy - State Building Codes | G30: ='Budget Filing Data'!J24 -> Third-Party Solicited | H30: =IF('Budget Filing Data'!H24="","",'Budget Filing Data'!H24) -> SW_CSA_Bldg - Codes and Standards Building Codes Advocacy | I30: No | J30: ='Budget Filing Data'!G24 -> Cross Cutting | K30: ='Budget Filing Data'!I24 -> Codes and Standards | L30: ='Budget Filing Data'!L24 -> Codes and Standards | M30: ='Budget Filing Data'!B24 -> 2028 | N30: =SUM(O30:R30) -> 699685.35 | O30: ='Budget Filing Data'!AQ24 -> 0 | P30: ='Budget Filing Data'!AR24 -> 0 | Q30: ='Budget Filing Data'!AS24 -> 699685.35 | R30: ='Budget Filing Data'!AT24 -> 0 | S30: ='Budget Filing Data'!X24 -> 1.4250968e+08 | T30: =IFERROR((('Budget Filing Data'!AF24+'Budget Filing Data'!AG24+'Budget Filing Data'!AY24+'Budget Filing Data'!AH24)/'Budget Filing Data'!AA24),"") -> 1.5528132 | U30: =IFERROR((('Budget Filing Data'!AF24+'Budget Filing Data'!AG24+'Budget Filing Data'!AY24+'Budget Filing Data'!AH24)/'Budget Filing Data'!AB24),"") -> 203.67681 | V30: =IFERROR((('Budget Filing Data'!AF24+'Budget Filing Data'!AG24+'Budget Filing Data'!AY24+'Budget Filing Data'!AH24+'Budget Filing Data'!AW24+'Budget Filing Data'!AX24)/('Budget Filing Data'!AE24)),"") -> 0.53042612 | W30: =IFERROR(('Budget Filing Data'!AI24+'Budget Filing Data'!AJ24+'Budget Filing Data'!AK24+'Budget Filing Data'!AH24)/('Budget Filing Data'!AC24),"") -> 2.2728568 | X30: =IFERROR(('Budget Filing Data'!AL24+'Budget Filing Data'!AM24+'Budget Filing Data'!AN24+'Budget Filing Data'!AH24)/('Budget Filing Data'!AD24),"") -> 2.2967316 | Y30: ='Budget Filing Data'!Q24 -> 87117821 | Z30: ='Budget Filing Data'!R24 -> 15911.772 | AA30: ='Budget Filing Data'!S24 -> 1489364.3 | AB30: ='Budget Filing Data'!AO24 -> 20635.735 | AC30: ='Budget Filing Data'!AP24 -> 7908.5245 | AD30: ='Budget Filing Data'!T24 -> 1.3075301e+09 | AE30: ='Budget Filing Data'!U24 -> 23161689 | AF30: ='Budget Filing Data'!$V24 -> 218845.49 | AG30: ='Budget Filing Data'!$W24 -> 122988.57 | AH30: 0
C31: ='Budget Filing Data'!D25 -> SDGE_SW_CSA_Bldg_PA | D31: ='Budget Filing Data'!E25 -> SW Codes & Standards Advocacy - State Building Codes (Utility) | G31: ='Budget Filing Data'!J25 -> IOU Core | H31: =IF('Budget Filing Data'!H25="","",'Budget Filing Data'!H25) -> SW_CSA_Bldg - Codes and Standards Building Codes Advocacy | I31: No | J31: ='Budget Filing Data'!G25 -> Cross Cutting | K31: ='Budget Filing Data'!I25 -> Codes and Standards | L31: ='Budget Filing Data'!L25 -> Codes and Standards | M31: ='Budget Filing Data'!B25 -> 2028 | N31: =SUM(O31:R31) -> 77074.235 | O31: ='Budget Filing Data'!AQ25 -> 16457.927 | P31: ='Budget Filing Data'!AR25 -> 0 | Q31: ='Budget Filing Data'!AS25 -> 60616.307 | R31: ='Budget Filing Data'!AT25 -> 0 | S31: ='Budget Filing Data'!X25 -> 0 | T31: =IFERROR((('Budget Filing Data'!AF25+'Budget Filing Data'!AG25+'Budget Filing Data'!AY25+'Budget Filing Data'!AH25)/'Budget Filing Data'!AA25),"") -> 0 | U31: =IFERROR((('Budget Filing Data'!AF25+'Budget Filing Data'!AG25+'Budget Filing Data'!AY25+'Budget Filing Data'!AH25)/'Budget Filing Data'!AB25),"") -> 0 | V31: =IFERROR((('Budget Filing Data'!AF25+'Budget Filing Data'!AG25+'Budget Filing Data'!AY25+'Budget Filing Data'!AH25+'Budget Filing Data'!AW25+'Budget Filing Data'!AX25)/('Budget Filing Data'!AE25)),"") -> 0 | W31: =IFERROR(('Budget Filing Data'!AI25+'Budget Filing Data'!AJ25+'Budget Filing Data'!AK25+'Budget Filing Data'!AH25)/('Budget Filing Data'!AC25),"") -> 0 | X31: =IFERROR(('Budget Filing Data'!AL25+'Budget Filing Data'!AM25+'Budget Filing Data'!AN25+'Budget Filing Data'!AH25)/('Budget Filing Data'!AD25),"") -> 0 | Y31: ='Budget Filing Data'!Q25 -> 0 | Z31: ='Budget Filing Data'!R25 -> 0 | AA31: ='Budget Filing Data'!S25 -> 0 | AB31: ='Budget Filing Data'!AO25 -> 0 | AC31: ='Budget Filing Data'!AP25 -> 0 | AD31: ='Budget Filing Data'!T25 -> 0 | AE31: ='Budget Filing Data'!U25 -> 0 | AF31: ='Budget Filing Data'!$V25 -> 0 | AG31: ='Budget Filing Data'!$W25 -> 0 | AH31: 0
C32: ='Budget Filing Data'!D26 -> SDGE_SW_ETP_Elec | D32: ='Budget Filing Data'!E26 -> SW Emerging Technologies - Electric | G32: ='Budget Filing Data'!J26 -> Third-Party Solicited | H32: =IF('Budget Filing Data'!H26="","",'Budget Filing Data'!H26) -> SW_ETP_Elec - Emerging Technology Programs - Electric | I32: Yes | J32: ='Budget Filing Data'!G26 -> Cross Cutting | K32: ='Budget Filing Data'!I26 -> Emerging Technologies | L32: ='Budget Filing Data'!L26 -> Market Support | M32: ='Budget Filing Data'!B26 -> 2028 | N32: =SUM(O32:R32) -> 1547000 | O32: ='Budget Filing Data'!AQ26 -> 0 | P32: ='Budget Filing Data'!AR26 -> 0 | Q32: ='Budget Filing Data'!AS26 -> 1547000 | R32: ='Budget Filing Data'!AT26 -> 0 | S32: ='Budget Filing Data'!X26 -> 0 | T32: =IFERROR((('Budget Filing Data'!AF26+'Budget Filing Data'!AG26+'Budget Filing Data'!AY26+'Budget Filing Data'!AH26)/'Budget Filing Data'!AA26),"") -> 0 | U32: =IFERROR((('Budget Filing Data'!AF26+'Budget Filing Data'!AG26+'Budget Filing Data'!AY26+'Budget Filing Data'!AH26)/'Budget Filing Data'!AB26),"") -> 0 | V32: =IFERROR((('Budget Filing Data'!AF26+'Budget Filing Data'!AG26+'Budget Filing Data'!AY26+'Budget Filing Data'!AH26+'Budget Filing Data'!AW26+'Budget Filing Data'!AX26)/('Budget Filing Data'!AE26)),"") -> 0 | W32: =IFERROR(('Budget Filing Data'!AI26+'Budget Filing Data'!AJ26+'Budget Filing Data'!AK26+'Budget Filing Data'!AH26)/('Budget Filing Data'!AC26),"") -> 0 | X32: =IFERROR(('Budget Filing Data'!AL26+'Budget Filing Data'!AM26+'Budget Filing Data'!AN26+'Budget Filing Data'!AH26)/('Budget Filing Data'!AD26),"") -> 0 | Y32: ='Budget Filing Data'!Q26 -> 0 | Z32: ='Budget Filing Data'!R26 -> 0 | AA32: ='Budget Filing Data'!S26 -> 0 | AB32: ='Budget Filing Data'!AO26 -> 0 | AC32: ='Budget Filing Data'!AP26 -> 0 | AD32: ='Budget Filing Data'!T26 -> 0 | AE32: ='Budget Filing Data'!U26 -> 0 | AF32: ='Budget Filing Data'!$V26 -> 0 | AG32: ='Budget Filing Data'!$W26 -> 0 | AH32: 0
C33: ='Budget Filing Data'!D27 -> SDGE_SW_ETP_Elec_PA | D33: ='Budget Filing Data'!E27 -> SW Emerging Technologies - Electric (Utility) | E33: Programs with reduced budgets (>40% budget decrease) | F33: Program forecasts were updated to align with SDG&E's portfolio strategy, while ensuring alignment with portfolio regulatory requirements. | G33: ='Budget Filing Data'!J27 -> IOU Core | H33: =IF('Budget Filing Data'!H27="","",'Budget Filing Data'!H27) -> SW_ETP_Elec - Emerging Technology Programs - Electric | I33: Yes | J33: ='Budget Filing Data'!G27 -> Cross Cutting | K33: ='Budget Filing Data'!I27 -> Emerging Technologies | L33: ='Budget Filing Data'!L27 -> Market Support | M33: ='Budget Filing Data'!B27 -> 2028 | N33: =SUM(O33:R33) -> 98402.366 | O33: ='Budget Filing Data'!AQ27 -> 23618.966 | P33: ='Budget Filing Data'!AR27 -> 0 | Q33: ='Budget Filing Data'!AS27 -> 74783.4 | R33: ='Budget Filing Data'!AT27 -> 0 | S33: ='Budget Filing Data'!X27 -> 0 | T33: =IFERROR((('Budget Filing Data'!AF27+'Budget Filing Data'!AG27+'Budget Filing Data'!AY27+'Budget Filing Data'!AH27)/'Budget Filing Data'!AA27),"") -> 0 | U33: =IFERROR((('Budget Filing Data'!AF27+'Budget Filing Data'!AG27+'Budget Filing Data'!AY27+'Budget Filing Data'!AH27)/'Budget Filing Data'!AB27),"") -> 0 | V33: =IFERROR((('Budget Filing Data'!AF27+'Budget Filing Data'!AG27+'Budget Filing Data'!AY27+'Budget Filing Data'!AH27+'Budget Filing Data'!AW27+'Budget Filing Data'!AX27)/('Budget Filing Data'!AE27)),"") -> 0 | W33: =IFERROR(('Budget Filing Data'!AI27+'Budget Filing Data'!AJ27+'Budget Filing Data'!AK27+'Budget Filing Data'!AH27)/('Budget Filing Data'!AC27),"") -> 0 | X33: =IFERROR(('Budget Filing Data'!AL27+'Budget Filing Data'!AM27+'Budget Filing Data'!AN27+'Budget Filing Data'!AH27)/('Budget Filing Data'!AD27),"") -> 0 | Y33: ='Budget Filing Data'!Q27 -> 0 | Z33: ='Budget Filing Data'!R27 -> 0 | AA33: ='Budget Filing Data'!S27 -> 0 | AB33: ='Budget Filing Data'!AO27 -> 0 | AC33: ='Budget Filing Data'!AP27 -> 0 | AD33: ='Budget Filing Data'!T27 -> 0 | AE33: ='Budget Filing Data'!U27 -> 0 | AF33: ='Budget Filing Data'!$V27 -> 0 | AG33: ='Budget Filing Data'!$W27 -> 0 | AH33: 0
C34: ='Budget Filing Data'!D28 -> SDGE_SW_IP_Gov | D34: ='Budget Filing Data'!E28 -> SW Institutional Partnerships: DGS & DoC | G34: ='Budget Filing Data'!J28 -> Third-Party Solicited | H34: =IF('Budget Filing Data'!H28="","",'Budget Filing Data'!H28) -> SW_IP_Gov - Institutional Partnerships - Government | I34: No | J34: ='Budget Filing Data'!G28 -> Public | K34: ='Budget Filing Data'!I28 -> Government Partnerships | L34: ='Budget Filing Data'!L28 -> Resource Acquisition | M34: ='Budget Filing Data'!B28 -> 2028 | N34: =SUM(O34:R34) -> 230942.56 | O34: ='Budget Filing Data'!AQ28 -> 9523.2 | P34: ='Budget Filing Data'!AR28 -> 496 | Q34: ='Budget Filing Data'!AS28 -> 135746.17 | R34: ='Budget Filing Data'!AT28 -> 85177.192 | S34: ='Budget Filing Data'!X28 -> 158815.59 | T34: =IFERROR((('Budget Filing Data'!AF28+'Budget Filing Data'!AG28+'Budget Filing Data'!AY28+'Budget Filing Data'!AH28)/'Budget Filing Data'!AA28),"") -> 0.54009728 | U34: =IFERROR((('Budget Filing Data'!AF28+'Budget Filing Data'!AG28+'Budget Filing Data'!AY28+'Budget Filing Data'!AH28)/'Budget Filing Data'!AB28),"") -> 0.72836018 | V34: =IFERROR((('Budget Filing Data'!AF28+'Budget Filing Data'!AG28+'Budget Filing Data'!AY28+'Budget Filing Data'!AH28+'Budget Filing Data'!AW28+'Budget Filing Data'!AX28)/('Budget Filing Data'!AE28)),"") -> 0.46709037 | W34: =IFERROR(('Budget Filing Data'!AI28+'Budget Filing Data'!AJ28+'Budget Filing Data'!AK28+'Budget Filing Data'!AH28)/('Budget Filing Data'!AC28),"") -> 0.7251163 | X34: =IFERROR(('Budget Filing Data'!AL28+'Budget Filing Data'!AM28+'Budget Filing Data'!AN28+'Budget Filing Data'!AH28)/('Budget Filing Data'!AD28),"") -> 0.72922198 | Y34: ='Budget Filing Data'!Q28 -> 150540.76 | Z34: ='Budget Filing Data'!R28 -> 53.833542 | AA34: ='Budget Filing Data'!S28 -> 5990.6015 | AB34: ='Budget Filing Data'!AO28 -> 31.316542 | AC34: ='Budget Filing Data'!AP28 -> 31.810094 | AD34: ='Budget Filing Data'!T28 -> 529193.68 | AE34: ='Budget Filing Data'!U28 -> 79917.088 | AF34: ='Budget Filing Data'!$V28 -> 138.17823 | AG34: ='Budget Filing Data'!$W28 -> 424.35974 | AH34: 0
C35: ='Budget Filing Data'!D29 -> SDGE_SW_IP_Gov_PA | D35: ='Budget Filing Data'!E29 -> SW Institutional Partnerships: DGS & DoC (Utility) | G35: ='Budget Filing Data'!J29 -> IOU Core | H35: =IF('Budget Filing Data'!H29="","",'Budget Filing Data'!H29) -> SW_IP_Gov - Institutional Partnerships - Government | I35: No | J35: ='Budget Filing Data'!G29 -> Public | K35: ='Budget Filing Data'!I29 -> Government Partnerships | L35: ='Budget Filing Data'!L29 -> Resource Acquisition | M35: ='Budget Filing Data'!B29 -> 2028 | N35: =SUM(O35:R35) -> 3160.2176 | O35: ='Budget Filing Data'!AQ29 -> 3160.2176 | P35: ='Budget Filing Data'!AR29 -> 0 | Q35: ='Budget Filing Data'!AS29 -> 0 | R35: ='Budget Filing Data'!AT29 -> 0 | S35: ='Budget Filing Data'!X29 -> 0 | T35: =IFERROR((('Budget Filing Data'!AF29+'Budget Filing Data'!AG29+'Budget Filing Data'!AY29+'Budget Filing Data'!AH29)/'Budget Filing Data'!AA29),"") -> 0 | U35: =IFERROR((('Budget Filing Data'!AF29+'Budget Filing Data'!AG29+'Budget Filing Data'!AY29+'Budget Filing Data'!AH29)/'Budget Filing Data'!AB29),"") -> 0 | V35: =IFERROR((('Budget Filing Data'!AF29+'Budget Filing Data'!AG29+'Budget Filing Data'!AY29+'Budget Filing Data'!AH29+'Budget Filing Data'!AW29+'Budget Filing Data'!AX29)/('Budget Filing Data'!AE29)),"") -> 0 | W35: =IFERROR(('Budget Filing Data'!AI29+'Budget Filing Data'!AJ29+'Budget Filing Data'!AK29+'Budget Filing Data'!AH29)/('Budget Filing Data'!AC29),"") -> 0 | X35: =IFERROR(('Budget Filing Data'!AL29+'Budget Filing Data'!AM29+'Budget Filing Data'!AN29+'Budget Filing Data'!AH29)/('Budget Filing Data'!AD29),"") -> 0 | Y35: ='Budget Filing Data'!Q29 -> 0 | Z35: ='Budget Filing Data'!R29 -> 0 | AA35: ='Budget Filing Data'!S29 -> 0 | AB35: ='Budget Filing Data'!AO29 -> 0 | AC35: ='Budget Filing Data'!AP29 -> 0 | AD35: ='Budget Filing Data'!T29 -> 0 | AE35: ='Budget Filing Data'!U29 -> 0 | AF35: ='Budget Filing Data'!$V29 -> 0 | AG35: ='Budget Filing Data'!$W29 -> 0 | AH35: 0
C36: ='Budget Filing Data'!D30 -> SDGE_SW_IP_Colleges | D36: ='Budget Filing Data'!E30 -> SW Higher Education | E36: Programs with enhanced budgets (>40% budget increase) | F36: Refer to the Lead PA's application filing for justification. | G36: ='Budget Filing Data'!J30 -> Third-Party Solicited | H36: =IF('Budget Filing Data'!H30="","",'Budget Filing Data'!H30) -> SW_IP_Colleges - Institutional Partnerships - Colleges | I36: No | J36: ='Budget Filing Data'!G30 -> Public | K36: ='Budget Filing Data'!I30 -> Government Partnerships | L36: ='Budget Filing Data'!L30 -> Resource Acquisition | M36: ='Budget Filing Data'!B30 -> 2028 | N36: =SUM(O36:R36) -> 426477.44 | O36: ='Budget Filing Data'!AQ30 -> 0 | P36: ='Budget Filing Data'!AR30 -> 0 | Q36: ='Budget Filing Data'!AS30 -> 276798.67 | R36: ='Budget Filing Data'!AT30 -> 149678.77 | S36: ='Budget Filing Data'!X30 -> 666804.28 | T36: =IFERROR((('Budget Filing Data'!AF30+'Budget Filing Data'!AG30+'Budget Filing Data'!AY30+'Budget Filing Data'!AH30)/'Budget Filing Data'!AA30),"") -> 1.2417402 | U36: =IFERROR((('Budget Filing Data'!AF30+'Budget Filing Data'!AG30+'Budget Filing Data'!AY30+'Budget Filing Data'!AH30)/'Budget Filing Data'!AB30),"") -> 1.5944323 | V36: =IFERROR((('Budget Filing Data'!AF30+'Budget Filing Data'!AG30+'Budget Filing Data'!AY30+'Budget Filing Data'!AH30+'Budget Filing Data'!AW30+'Budget Filing Data'!AX30)/('Budget Filing Data'!AE30)),"") -> 0.34907137 | W36: =IFERROR(('Budget Filing Data'!AI30+'Budget Filing Data'!AJ30+'Budget Filing Data'!AK30+'Budget Filing Data'!AH30)/('Budget Filing Data'!AC30),"") -> 1.3884762 | X36: =IFERROR(('Budget Filing Data'!AL30+'Budget Filing Data'!AM30+'Budget Filing Data'!AN30+'Budget Filing Data'!AH30)/('Budget Filing Data'!AD30),"") -> 1.3884762 | Y36: ='Budget Filing Data'!Q30 -> 823836.79 | Z36: ='Budget Filing Data'!R30 -> 683.78452 | AA36: ='Budget Filing Data'!S30 -> 0 | AB36: ='Budget Filing Data'!AO30 -> 158.38979 | AC36: ='Budget Filing Data'!AP30 -> 0 | AD36: ='Budget Filing Data'!T30 -> 6590694.3 | AE36: ='Budget Filing Data'!U30 -> 0 | AF36: ='Budget Filing Data'!$V30 -> 1054.4154 | AG36: ='Budget Filing Data'!$W30 -> 0 | AH36: 0
C37: ='Budget Filing Data'!D31 -> SDGE_SW_IP_Colleges_PA | D37: ='Budget Filing Data'!E31 -> SW Higher Education (Utility) | E37: Programs with enhanced budgets (>40% budget increase) | F37: Program forecasts were updated to incorporate recent performance data and current trends, while ensuring alignment with portfolio regulatory requirements. Due to program closures, administrative costs are now spread across fewer programs. | G37: ='Budget Filing Data'!J31 -> IOU Core | H37: =IF('Budget Filing Data'!H31="","",'Budget Filing Data'!H31) -> SW_IP_Colleges - Institutional Partnerships - Colleges | I37: No | J37: ='Budget Filing Data'!G31 -> Public | K37: ='Budget Filing Data'!I31 -> Government Partnerships | L37: ='Budget Filing Data'!L31 -> Resource Acquisition | M37: ='Budget Filing Data'!B31 -> 2028 | N37: =SUM(O37:R37) -> 4333.1976 | O37: ='Budget Filing Data'!AQ31 -> 4333.1976 | P37: ='Budget Filing Data'!AR31 -> 0 | Q37: ='Budget Filing Data'!AS31 -> 0 | R37: ='Budget Filing Data'!AT31 -> 0 | S37: ='Budget Filing Data'!X31 -> 0 | T37: =IFERROR((('Budget Filing Data'!AF31+'Budget Filing Data'!AG31+'Budget Filing Data'!AY31+'Budget Filing Data'!AH31)/'Budget Filing Data'!AA31),"") -> 0 | U37: =IFERROR((('Budget Filing Data'!AF31+'Budget Filing Data'!AG31+'Budget Filing Data'!AY31+'Budget Filing Data'!AH31)/'Budget Filing Data'!AB31),"") -> 0 | V37: =IFERROR((('Budget Filing Data'!AF31+'Budget Filing Data'!AG31+'Budget Filing Data'!AY31+'Budget Filing Data'!AH31+'Budget Filing Data'!AW31+'Budget Filing Data'!AX31)/('Budget Filing Data'!AE31)),"") -> 0 | W37: =IFERROR(('Budget Filing Data'!AI31+'Budget Filing Data'!AJ31+'Budget Filing Data'!AK31+'Budget Filing Data'!AH31)/('Budget Filing Data'!AC31),"") -> 0 | X37: =IFERROR(('Budget Filing Data'!AL31+'Budget Filing Data'!AM31+'Budget Filing Data'!AN31+'Budget Filing Data'!AH31)/('Budget Filing Data'!AD31),"") -> 0 | Y37: ='Budget Filing Data'!Q31 -> 0 | Z37: ='Budget Filing Data'!R31 -> 0 | AA37: ='Budget Filing Data'!S31 -> 0 | AB37: ='Budget Filing Data'!AO31 -> 0 | AC37: ='Budget Filing Data'!AP31 -> 0 | AD37: ='Budget Filing Data'!T31 -> 0 | AE37: ='Budget Filing Data'!U31 -> 0 | AF37: ='Budget Filing Data'!$V31 -> 0 | AG37: ='Budget Filing Data'!$W31 -> 0 | AH37: 0
C38: ='Budget Filing Data'!D32 -> SDGE_SW_MCWH | D38: ='Budget Filing Data'!E32 -> SW Midstream Commercial Water Heating | G38: ='Budget Filing Data'!J32 -> Third-Party Solicited | H38: =IF('Budget Filing Data'!H32="","",'Budget Filing Data'!H32) -> SW_MCWH - Midstream Commercial Water Heating | I38: No | J38: ='Budget Filing Data'!G32 -> Commercial | K38: ='Budget Filing Data'!I32 -> Other | L38: ='Budget Filing Data'!L32 -> Resource Acquisition | M38: ='Budget Filing Data'!B32 -> 2028 | N38: =SUM(O38:R38) -> 2427600 | O38: ='Budget Filing Data'!AQ32 -> 284760.37 | P38: ='Budget Filing Data'!AR32 -> 207222.93 | Q38: ='Budget Filing Data'!AS32 -> 702690.97 | R38: ='Budget Filing Data'!AT32 -> 1232925.7 | S38: ='Budget Filing Data'!X32 -> 14401267 | T38: =IFERROR((('Budget Filing Data'!AF32+'Budget Filing Data'!AG32+'Budget Filing Data'!AY32+'Budget Filing Data'!AH32)/'Budget Filing Data'!AA32),"") -> 3.9887716 | U38: =IFERROR((('Budget Filing Data'!AF32+'Budget Filing Data'!AG32+'Budget Filing Data'!AY32+'Budget Filing Data'!AH32)/'Budget Filing Data'!AB32),"") -> 4.7554615 | V38: =IFERROR((('Budget Filing Data'!AF32+'Budget Filing Data'!AG32+'Budget Filing Data'!AY32+'Budget Filing Data'!AH32+'Budget Filing Data'!AW32+'Budget Filing Data'!AX32)/('Budget Filing Data'!AE32)),"") -> 1.2064458 | W38: =IFERROR(('Budget Filing Data'!AI32+'Budget Filing Data'!AJ32+'Budget Filing Data'!AK32+'Budget Filing Data'!AH32)/('Budget Filing Data'!AC32),"") -> 5.9481819 | X38: =IFERROR(('Budget Filing Data'!AL32+'Budget Filing Data'!AM32+'Budget Filing Data'!AN32+'Budget Filing Data'!AH32)/('Budget Filing Data'!AD32),"") -> 5.9552001 | Y38: ='Budget Filing Data'!Q32 -> -520731.14 | Z38: ='Budget Filing Data'!R32 -> -1.4474483 | AA38: ='Budget Filing Data'!S32 -> 573622.42 | AB38: ='Budget Filing Data'!AO32 -> -100.91414 | AC38: ='Budget Filing Data'!AP32 -> 3045.9351 | AD38: ='Budget Filing Data'!T32 -> -8894952.7 | AE38: ='Budget Filing Data'!U32 -> 10475711 | AF38: ='Budget Filing Data'!$V32 -> -1415.4645 | AG38: ='Budget Filing Data'!$W32 -> 55626.023 | AH38: 0
C39: ='Budget Filing Data'!D33 -> SDGE_SW_MCWH_PA | D39: ='Budget Filing Data'!E33 -> SW Midstream Commercial Water Heating (Utility) | E39: Programs with enhanced budgets (>40% budget increase) | F39: Program forecasts were updated to incorporate recent performance data and current trends, while ensuring alignment with portfolio regulatory requirements. Due to program closures, administrative costs are now spread across fewer programs. | G39: ='Budget Filing Data'!J33 -> IOU Core | H39: =IF('Budget Filing Data'!H33="","",'Budget Filing Data'!H33) -> SW_MCWH - Midstream Commercial Water Heating | I39: No | J39: ='Budget Filing Data'!G33 -> Commercial | K39: ='Budget Filing Data'!I33 -> Other | L39: ='Budget Filing Data'!L33 -> Resource Acquisition | M39: ='Budget Filing Data'!B33 -> 2028 | N39: =SUM(O39:R39) -> 16337.598 | O39: ='Budget Filing Data'!AQ33 -> 16337.598 | P39: ='Budget Filing Data'!AR33 -> 0 | Q39: ='Budget Filing Data'!AS33 -> 0 | R39: ='Budget Filing Data'!AT33 -> 0 | S39: ='Budget Filing Data'!X33 -> 0 | T39: =IFERROR((('Budget Filing Data'!AF33+'Budget Filing Data'!AG33+'Budget Filing Data'!AY33+'Budget Filing Data'!AH33)/'Budget Filing Data'!AA33),"") -> 0 | U39: =IFERROR((('Budget Filing Data'!AF33+'Budget Filing Data'!AG33+'Budget Filing Data'!AY33+'Budget Filing Data'!AH33)/'Budget Filing Data'!AB33),"") -> 0 | V39: =IFERROR((('Budget Filing Data'!AF33+'Budget Filing Data'!AG33+'Budget Filing Data'!AY33+'Budget Filing Data'!AH33+'Budget Filing Data'!AW33+'Budget Filing Data'!AX33)/('Budget Filing Data'!AE33)),"") -> 0 | W39: =IFERROR(('Budget Filing Data'!AI33+'Budget Filing Data'!AJ33+'Budget Filing Data'!AK33+'Budget Filing Data'!AH33)/('Budget Filing Data'!AC33),"") -> 0 | X39: =IFERROR(('Budget Filing Data'!AL33+'Budget Filing Data'!AM33+'Budget Filing Data'!AN33+'Budget Filing Data'!AH33)/('Budget Filing Data'!AD33),"") -> 0 | Y39: ='Budget Filing Data'!Q33 -> 0 | Z39: ='Budget Filing Data'!R33 -> 0 | AA39: ='Budget Filing Data'!S33 -> 0 | AB39: ='Budget Filing Data'!AO33 -> 0 | AC39: ='Budget Filing Data'!AP33 -> 0 | AD39: ='Budget Filing Data'!T33 -> 0 | AE39: ='Budget Filing Data'!U33 -> 0 | AF39: ='Budget Filing Data'!$V33 -> 0 | AG39: ='Budget Filing Data'!$W33 -> 0 | AH39: 0
C40: ='Budget Filing Data'!D34 -> SDGE_SW_FS | D40: ='Budget Filing Data'!E34 -> SW Foodservice Point of Sale Program | G40: ='Budget Filing Data'!J34 -> Third-Party Solicited | H40: =IF('Budget Filing Data'!H34="","",'Budget Filing Data'!H34) -> SW_FS - Food Service | I40: No | J40: ='Budget Filing Data'!G34 -> Commercial | K40: ='Budget Filing Data'!I34 -> Other | L40: ='Budget Filing Data'!L34 -> Resource Acquisition | M40: ='Budget Filing Data'!B34 -> 2028 | N40: =SUM(O40:R40) -> 2196400 | O40: ='Budget Filing Data'!AQ34 -> 204640.31 | P40: ='Budget Filing Data'!AR34 -> 152645.24 | Q40: ='Budget Filing Data'!AS34 -> 876537.52 | R40: ='Budget Filing Data'!AT34 -> 962576.92 | S40: ='Budget Filing Data'!X34 -> 4755404 | T40: =IFERROR((('Budget Filing Data'!AF34+'Budget Filing Data'!AG34+'Budget Filing Data'!AY34+'Budget Filing Data'!AH34)/'Budget Filing Data'!AA34),"") -> 1.5792385 | U40: =IFERROR((('Budget Filing Data'!AF34+'Budget Filing Data'!AG34+'Budget Filing Data'!AY34+'Budget Filing Data'!AH34)/'Budget Filing Data'!AB34),"") -> 2.2140148 | V40: =IFERROR((('Budget Filing Data'!AF34+'Budget Filing Data'!AG34+'Budget Filing Data'!AY34+'Budget Filing Data'!AH34+'Budget Filing Data'!AW34+'Budget Filing Data'!AX34)/('Budget Filing Data'!AE34)),"") -> 0.58518148 | W40: =IFERROR(('Budget Filing Data'!AI34+'Budget Filing Data'!AJ34+'Budget Filing Data'!AK34+'Budget Filing Data'!AH34)/('Budget Filing Data'!AC34),"") -> 2.2175139 | X40: =IFERROR(('Budget Filing Data'!AL34+'Budget Filing Data'!AM34+'Budget Filing Data'!AN34+'Budget Filing Data'!AH34)/('Budget Filing Data'!AD34),"") -> 2.2208081 | Y40: ='Budget Filing Data'!Q34 -> 932802.1 | Z40: ='Budget Filing Data'!R34 -> 110.64125 | AA40: ='Budget Filing Data'!S34 -> 202318.43 | AB40: ='Budget Filing Data'!AO34 -> 159.44397 | AC40: ='Budget Filing Data'!AP34 -> 1074.3109 | AD40: ='Budget Filing Data'!T34 -> 11226397 | AE40: ='Budget Filing Data'!U34 -> 2337570.8 | AF40: ='Budget Filing Data'!$V34 -> 1561.9791 | AG40: ='Budget Filing Data'!$W34 -> 12412.501 | AH40: 0
C41: ='Budget Filing Data'!D35 -> SDGE_SW_FS_PA | D41: ='Budget Filing Data'!E35 -> SW Foodservice Point of Sale Program (Utility) | E41: Programs with enhanced budgets (>40% budget increase) | F41: Program forecasts were updated to incorporate recent performance data and current trends, while ensuring alignment with portfolio regulatory requirements. Due to program closures, administrative costs are now spread across fewer programs. | G41: ='Budget Filing Data'!J35 -> IOU Core | H41: =IF('Budget Filing Data'!H35="","",'Budget Filing Data'!H35) -> SW_FS - Food Service | I41: No | J41: ='Budget Filing Data'!G35 -> Commercial | K41: ='Budget Filing Data'!I35 -> Other | L41: ='Budget Filing Data'!L35 -> Resource Acquisition | M41: ='Budget Filing Data'!B35 -> 2028 | N41: =SUM(O41:R41) -> 14950.668 | O41: ='Budget Filing Data'!AQ35 -> 14950.668 | P41: ='Budget Filing Data'!AR35 -> 0 | Q41: ='Budget Filing Data'!AS35 -> 0 | R41: ='Budget Filing Data'!AT35 -> 0 | S41: ='Budget Filing Data'!X35 -> 0 | T41: =IFERROR((('Budget Filing Data'!AF35+'Budget Filing Data'!AG35+'Budget Filing Data'!AY35+'Budget Filing Data'!AH35)/'Budget Filing Data'!AA35),"") -> 0 | U41: =IFERROR((('Budget Filing Data'!AF35+'Budget Filing Data'!AG35+'Budget Filing Data'!AY35+'Budget Filing Data'!AH35)/'Budget Filing Data'!AB35),"") -> 0 | V41: =IFERROR((('Budget Filing Data'!AF35+'Budget Filing Data'!AG35+'Budget Filing Data'!AY35+'Budget Filing Data'!AH35+'Budget Filing Data'!AW35+'Budget Filing Data'!AX35)/('Budget Filing Data'!AE35)),"") -> 0 | W41: =IFERROR(('Budget Filing Data'!AI35+'Budget Filing Data'!AJ35+'Budget Filing Data'!AK35+'Budget Filing Data'!AH35)/('Budget Filing Data'!AC35),"") -> 0 | X41: =IFERROR(('Budget Filing Data'!AL35+'Budget Filing Data'!AM35+'Budget Filing Data'!AN35+'Budget Filing Data'!AH35)/('Budget Filing Data'!AD35),"") -> 0 | Y41: ='Budget Filing Data'!Q35 -> 0 | Z41: ='Budget Filing Data'!R35 -> 0 | AA41: ='Budget Filing Data'!S35 -> 0 | AB41: ='Budget Filing Data'!AO35 -> 0 | AC41: ='Budget Filing Data'!AP35 -> 0 | AD41: ='Budget Filing Data'!T35 -> 0 | AE41: ='Budget Filing Data'!U35 -> 0 | AF41: ='Budget Filing Data'!$V35 -> 0 | AG41: ='Budget Filing Data'!$W35 -> 0 | AH41: 0
C42: ='Budget Filing Data'!D36 -> SDGE_SW_WET_CC | D42: ='Budget Filing Data'!E36 -> SW WET Career Connections | G42: ='Budget Filing Data'!J36 -> Third-Party Solicited | H42: =IF('Budget Filing Data'!H36="","",'Budget Filing Data'!H36) -> SW_WET_CC - Workforce Education and Training - Career Connections | I42: Yes | J42: ='Budget Filing Data'!G36 -> Cross Cutting | K42: ='Budget Filing Data'!I36 -> Workforce Education and Training | L42: ='Budget Filing Data'!L36 -> Market Support | M42: ='Budget Filing Data'!B36 -> 2028 | N42: =SUM(O42:R42) -> 109120 | O42: ='Budget Filing Data'!AQ36 -> 1091.2 | P42: ='Budget Filing Data'!AR36 -> 7638.4 | Q42: ='Budget Filing Data'!AS36 -> 100390.4 | R42: ='Budget Filing Data'!AT36 -> 0 | S42: ='Budget Filing Data'!X36 -> 0 | T42: =IFERROR((('Budget Filing Data'!AF36+'Budget Filing Data'!AG36+'Budget Filing Data'!AY36+'Budget Filing Data'!AH36)/'Budget Filing Data'!AA36),"") -> 0 | U42: =IFERROR((('Budget Filing Data'!AF36+'Budget Filing Data'!AG36+'Budget Filing Data'!AY36+'Budget Filing Data'!AH36)/'Budget Filing Data'!AB36),"") -> 0 | V42: =IFERROR((('Budget Filing Data'!AF36+'Budget Filing Data'!AG36+'Budget Filing Data'!AY36+'Budget Filing Data'!AH36+'Budget Filing Data'!AW36+'Budget Filing Data'!AX36)/('Budget Filing Data'!AE36)),"") -> 0 | W42: =IFERROR(('Budget Filing Data'!AI36+'Budget Filing Data'!AJ36+'Budget Filing Data'!AK36+'Budget Filing Data'!AH36)/('Budget Filing Data'!AC36),"") -> 0 | X42: =IFERROR(('Budget Filing Data'!AL36+'Budget Filing Data'!AM36+'Budget Filing Data'!AN36+'Budget Filing Data'!AH36)/('Budget Filing Data'!AD36),"") -> 0 | Y42: ='Budget Filing Data'!Q36 -> 0 | Z42: ='Budget Filing Data'!R36 -> 0 | AA42: ='Budget Filing Data'!S36 -> 0 | AB42: ='Budget Filing Data'!AO36 -> 0 | AC42: ='Budget Filing Data'!AP36 -> 0 | AD42: ='Budget Filing Data'!T36 -> 0 | AE42: ='Budget Filing Data'!U36 -> 0 | AF42: ='Budget Filing Data'!$V36 -> 0 | AG42: ='Budget Filing Data'!$W36 -> 0 | AH42: 0
C43: ='Budget Filing Data'!D37 -> SDGE_SW_WET_CC_PA | D43: ='Budget Filing Data'!E37 -> SW WET Career Connections (Utility) | G43: ='Budget Filing Data'!J37 -> IOU Core | H43: =IF('Budget Filing Data'!H37="","",'Budget Filing Data'!H37) -> SW_WET_CC - Workforce Education and Training - Career Connections | I43: Yes | J43: ='Budget Filing Data'!G37 -> Cross Cutting | K43: ='Budget Filing Data'!I37 -> Workforce Education and Training | L43: ='Budget Filing Data'!L37 -> Market Support | M43: ='Budget Filing Data'!B37 -> 2028 | N43: =SUM(O43:R43) -> 2429.4176 | O43: ='Budget Filing Data'!AQ37 -> 2429.4176 | P43: ='Budget Filing Data'!AR37 -> 0 | Q43: ='Budget Filing Data'!AS37 -> 0 | R43: ='Budget Filing Data'!AT37 -> 0 | S43: ='Budget Filing Data'!X37 -> 0 | T43: =IFERROR((('Budget Filing Data'!AF37+'Budget Filing Data'!AG37+'Budget Filing Data'!AY37+'Budget Filing Data'!AH37)/'Budget Filing Data'!AA37),"") -> 0 | U43: =IFERROR((('Budget Filing Data'!AF37+'Budget Filing Data'!AG37+'Budget Filing Data'!AY37+'Budget Filing Data'!AH37)/'Budget Filing Data'!AB37),"") -> 0 | V43: =IFERROR((('Budget Filing Data'!AF37+'Budget Filing Data'!AG37+'Budget Filing Data'!AY37+'Budget Filing Data'!AH37+'Budget Filing Data'!AW37+'Budget Filing Data'!AX37)/('Budget Filing Data'!AE37)),"") -> 0 | W43: =IFERROR(('Budget Filing Data'!AI37+'Budget Filing Data'!AJ37+'Budget Filing Data'!AK37+'Budget Filing Data'!AH37)/('Budget Filing Data'!AC37),"") -> 0 | X43: =IFERROR(('Budget Filing Data'!AL37+'Budget Filing Data'!AM37+'Budget Filing Data'!AN37+'Budget Filing Data'!AH37)/('Budget Filing Data'!AD37),"") -> 0 | Y43: ='Budget Filing Data'!Q37 -> 0 | Z43: ='Budget Filing Data'!R37 -> 0 | AA43: ='Budget Filing Data'!S37 -> 0 | AB43: ='Budget Filing Data'!AO37 -> 0 | AC43: ='Budget Filing Data'!AP37 -> 0 | AD43: ='Budget Filing Data'!T37 -> 0 | AE43: ='Budget Filing Data'!U37 -> 0 | AF43: ='Budget Filing Data'!$V37 -> 0 | AG43: ='Budget Filing Data'!$W37 -> 0 | AH43: 0
C44: ='Budget Filing Data'!D38 -> SDGE_SW_WET_Work | D44: ='Budget Filing Data'!E38 -> SW WE&T Career & Workforce Readiness (CWR) | G44: ='Budget Filing Data'!J38 -> Third-Party Solicited | H44: =IF('Budget Filing Data'!H38="","",'Budget Filing Data'!H38) -> SW_WET_Work - Workforce Education and Training Career & Workforce Readiness | I44: Yes | J44: ='Budget Filing Data'!G38 -> Cross Cutting | K44: ='Budget Filing Data'!I38 -> Workforce Education and Training | L44: ='Budget Filing Data'!L38 -> Equity | M44: ='Budget Filing Data'!B38 -> 2028 | N44: =SUM(O44:R44) -> 218240 | O44: ='Budget Filing Data'!AQ38 -> 21824 | P44: ='Budget Filing Data'!AR38 -> 13094.4 | Q44: ='Budget Filing Data'!AS38 -> 183321.6 | R44: ='Budget Filing Data'!AT38 -> 0 | S44: ='Budget Filing Data'!X38 -> 0 | T44: =IFERROR((('Budget Filing Data'!AF38+'Budget Filing Data'!AG38+'Budget Filing Data'!AY38+'Budget Filing Data'!AH38)/'Budget Filing Data'!AA38),"") -> 0 | U44: =IFERROR((('Budget Filing Data'!AF38+'Budget Filing Data'!AG38+'Budget Filing Data'!AY38+'Budget Filing Data'!AH38)/'Budget Filing Data'!AB38),"") -> 0 | V44: =IFERROR((('Budget Filing Data'!AF38+'Budget Filing Data'!AG38+'Budget Filing Data'!AY38+'Budget Filing Data'!AH38+'Budget Filing Data'!AW38+'Budget Filing Data'!AX38)/('Budget Filing Data'!AE38)),"") -> 0 | W44: =IFERROR(('Budget Filing Data'!AI38+'Budget Filing Data'!AJ38+'Budget Filing Data'!AK38+'Budget Filing Data'!AH38)/('Budget Filing Data'!AC38),"") -> 0 | X44: =IFERROR(('Budget Filing Data'!AL38+'Budget Filing Data'!AM38+'Budget Filing Data'!AN38+'Budget Filing Data'!AH38)/('Budget Filing Data'!AD38),"") -> 0 | Y44: ='Budget Filing Data'!Q38 -> 0 | Z44: ='Budget Filing Data'!R38 -> 0 | AA44: ='Budget Filing Data'!S38 -> 0 | AB44: ='Budget Filing Data'!AO38 -> 0 | AC44: ='Budget Filing Data'!AP38 -> 0 | AD44: ='Budget Filing Data'!T38 -> 0 | AE44: ='Budget Filing Data'!U38 -> 0 | AF44: ='Budget Filing Data'!$V38 -> 0 | AG44: ='Budget Filing Data'!$W38 -> 0 | AH44: 0
